Workbook
Name \a: #REF!
Name \b: #REF!
Name \b: #REF!
Name \c: #REF!
Name \c: #REF!
Name \e: #REF!
Name \i: #REF!
Name \m: #REF!
Name \r: #REF!
Name \s: #REF!
Name \t: #REF!
Name \x: #REF!
Name \z: #REF!
Name __________________________________________________________Po2: #REF!
Name __________________________________________________________TPE1132: #REF!
Name __________________________________________________________TPE1331: #REF!
Name __________________________________________________________TPE1702: #REF!
Name __________________________________________________________TPE1703: #REF!
Name __________________________________________________________TPE1704: #REF!
Name __________________________________________________________TPE1706: #REF!
Name __________________________________________________________TPE1708: #REF!
Name __________________________________________________________TPE1710: #REF!
Name __________________________________________________________TPE1735: #REF!
Name __________________________________________________________TPE1763: #REF!
Name __________________________________________________________TPE1790: #REF!
Name __________________________________________________________TUZ22: #REF!
Name __________________________________________________________TUZ36: #REF!
Name __________________________________________________________TZ323: #REF!
Name __________________________________________________________TZ324: #REF!
Name ________________________________________________________AIU1: #REF!
Name ________________________________________________________AIU2: #REF!
Name ________________________________________________________Cod1: #REF!
Name ________________________________________________________Po2: #REF!
Name ________________________________________________________TPE1132: #REF!
Name ________________________________________________________TPE1331: #REF!
Name ________________________________________________________TPE1702: #REF!
Name ________________________________________________________TPE1703: #REF!
Name ________________________________________________________TPE1704: #REF!
Name ________________________________________________________TPE1706: #REF!
Name ________________________________________________________TPE1708: #REF!
Name ________________________________________________________TPE1710: #REF!
Name ________________________________________________________TPE1735: #REF!
Name ________________________________________________________TPE1763: #REF!
Name ________________________________________________________TPE1790: #REF!
Name ________________________________________________________TUZ22: #REF!
Name ________________________________________________________TUZ36: #REF!
Name ________________________________________________________TZ323: #REF!
Name ________________________________________________________TZ324: #REF!
Name _______________________________________________________AIU1: #REF!
Name _______________________________________________________AIU1: #REF!
Name _______________________________________________________AIU1: #REF!
Name _______________________________________________________AIU1: #REF!
Name _______________________________________________________AIU1: #REF!
Name _______________________________________________________AIU2: #REF!
Name _______________________________________________________CAN28: #REF!
Name _______________________________________________________Cod1: #REF!
Name _______________________________________________________Cod1: #REF!
Name _______________________________________________________Cod1: #REF!
Name _______________________________________________________Cod1: #REF!
Name _______________________________________________________Cod1: #REF!

Sheet PRESUP
B2: CONSTRUCCIÓN DE LA SEGUNDA ETAPA DEL PLAN MAESTRO DE ACUEDUCTO Y ALCANTARILLADO DE LOS SECTORES LA VIEJITA, LOS SAUCES, EL ALTO 2, MALPASO 2 Y ADOQUINADO DEL MUNICIPIO DE SAN CARLOS, ANTIOQUIA
B3: CANTIDADES DE OBRA Y PRESUPUESTO
B4: ITEM | C4: DESCRIPCIÓN | D4: UN | E4: CANT | F4: VALOR UNITARIO | G4: VALOR TOTAL | I4: MATERIALES | J4: M.O CALIFICADA | K4: M.O NO CALIFICADA | L4: TRANSPORTE | M4: MAQUINARIA | N4: TOTAL | Q4: ITEM | R4: MATERIALES | T4: M.O CALIFICADA | V4: M.O NO CALIFICADA | X4: TRANSPORTE | Z4: MAQUINARIA | AB4: TOTAL
B5: ='APU''S'!B2 -> 1. ACTIVIDADES PRELIMINARES | G5: =ROUND(SUM(G6:G7),0) -> 135731645 | I5: =SUM(I6:I7) -> 56612839 | J5: =SUM(J6:J7) -> 44775357 | K5: =SUM(K6:K7) -> 13383694 | L5: =SUM(L6:L7) -> 0 | M5: =SUM(M6:M7) -> 20959596 | N5: =ROUND(SUM(I5:M5),0) -> 135731487
B6: ='APU''S'!I4 -> 1.1 | C6: ='APU''S'!B4 -> Localización, trazado y replanteo de tuberías. | D6: ='APU''S'!C14 -> día | E6: =ROUND(60,2) -> 60 | F6: =+'APU''S'!B14 -> 987150 | G6: =ROUND(E6*F6,0) -> 59229000 | I6: =E6*F6*S6 -> 1830924 | J6: =E6*F6*U6 -> 31200000 | K6: =E6*F6*W6 -> 5238480 | L6: =E6*F6*Y6 -> 0 | M6: =20959552.8674669+43 -> 20959596 | N6: =ROUND(SUM(I6:M6),0) -> 59229000 | Q6: =B6 -> 1.1 | R6: =+'APU''S'!G7+'APU''S'!I6 -> 30515.4 | S6: =R6/AB6 -> 0.030912627 | T6: =+'APU''S'!H8 -> 520000 | U6: =T6/AB6 -> 0.52676898 | V6: =+'APU''S'!H9 -> 87308 | W6: =V6/AB6 -> 0.088444512 | X6: 0 | Y6: =X6/AB6 -> 0 | Z6: =+'APU''S'!F10+'APU''S'!F11 -> 349325.88 | AA6: =Z6/AB6 -> 0.35387315 | AB6: =F6 -> 987150 | AD6: =R6+T6+V6+X6+Z6-AB6 -> -0.71887555 | AE6: 0
B7: ='APU''S'!I16 -> 1.2 | C7: ='APU''S'!B16 -> S.T.C. de materiales para la construcción de cerramiento en tela verde sarán H: 2m, distancia entre postes 2m, incluye: madera y todos los demás elementos necesarios para el buen desarrollo de dicha actividad | D7: ='APU''S'!C26 -> m | E7: =ROUND(2*ALDO!M503,2) -> 2487.81 | F7: ='APU''S'!B26 -> 30751 | G7: =ROUND(E7*F7,0) -> 76502645 | I7: =E7*F7*S7 -> 54781915 | J7: =E7*F7*U7 -> 13575357 | K7: =E7*F7*W7 -> 8145214.3 | L7: =E7*F7*Y7 -> 0 | M7: =E7*F7*AA7 -> 0 | N7: =ROUND(SUM(I7:M7),0) -> 76502487 | Q7: =B7 -> 1.2 | R7: ='APU''S'!I25+'APU''S'!G25-AE7 -> 22020.136 | S7: =R7/AB7 -> 0.7160787 | T7: ='APU''S'!H23 -> 5456.75 | U7: =T7/AB7 -> 0.17744951 | V7: ='APU''S'!H24 -> 3274.05 | W7: =V7/AB7 -> 0.10646971 | X7: 0 | Y7: =X7/AB7 -> 0 | Z7: 0 | AA7: =Z7/AB7 -> 0 | AB7: =F7 -> 30751 | AD7: =R7+T7+V7+X7+Z7-AB7 -> -0.0637445 | AE7: -0.6004596
B8: ='APU''S'!B28 -> 2. DEMOLICIONES | G8: =ROUND(SUM(G9:G11),0) -> 95324740 | I8: =SUM(I9:I11) -> 936503.19 | J8: =SUM(J9:J11) -> 0 | K8: =SUM(K9:K11) -> 18721454 | L8: =SUM(L9:L11) -> 14168704 | M8: =SUM(M9:M11) -> 61498270 | N8: =ROUND(SUM(I8:M8),0) -> 95324931
B9: ='APU''S'!I30 -> 2.1 | C9: ='APU''S'!B30 -> Corte, rotura y retiro de pavimento de concreto | D9: ='APU''S'!C38 -> m³ | E9: =ROUND(PAV!Q28+PAV!Q74,2) -> 683.65 | F9: ='APU''S'!B38 -> 114835 | G9: =ROUND(E9*F9,0) -> 78506948 | I9: =E9*F9*S9 -> 597291.33 | J9: =E9*F9*U9 -> 0 | K9: =E9*F9*W9 -> 11937623 | L9: =E9*F9*Y9 -> 10938400 | M9: =E9*F9*AA9 -> 55033825 | N9: =ROUND(SUM(I9:M9),0) -> 78507139 | Q9: =B9 -> 2.1 | R9: ='APU''S'!I37-AE9 -> 873.68 | S9: =R9/AB9 -> 0.0076081334 | T9: 0 | U9: =T9/AB9 -> 0 | V9: ='APU''S'!H37 -> 17461.6 | W9: =V9/AB9 -> 0.15205817 | X9: ='APU''S'!F34 -> 16000 | Y9: =X9/AB9 -> 0.13933034 | Z9: ='APU''S'!F32+'APU''S'!F33 -> 80500 | AA9: =Z9/AB9 -> 0.70100579 | AB9: =F9 -> 114835 | AD9: =R9+T9+V9+X9+Z9-AB9 -> 0.28 | AE9: -0.6
B10: ='APU''S'!I40 -> 2.2 | C10: ='APU''S'!B40 -> Demolición de andenes, incluye botada de escombros | D10: ='APU''S'!C48 -> m³ | E10: =ROUND(SUM('ACCESORIOS, ETC'!D29:D32)*0.4*1*0.2,2) -> 33.36 | F10: ='APU''S'!B48 -> 269231 | G10: =ROUND(E10*F10,0) -> 8981546 | I10: =E10*F10*S10 -> 182053.86 | J10: =E10*F10*U10 -> 0 | K10: =E10*F10*W10 -> 3640743.6 | L10: =E10*F10*Y10 -> 1214304 | M10: =E10*F10*AA10 -> 3944444.7 | N10: =ROUND(SUM(I10:M10),0) -> 8981546 | Q10: =B10 -> 2.2 | R10: ='APU''S'!I43-AE10 -> 5457.25 | S10: =R10/AB10 -> 0.020269768 | T10: 0 | U10: =T10/AB10 -> 0 | V10: ='APU''S'!H44+'APU''S'!H45 -> 109135 | W10: =V10/AB10 -> 0.40535822 | X10: ='APU''S'!I46 -> 36400 | Y10: =X10/AB10 -> 0.13519988 | Z10: ='APU''S'!F42 -> 118238.75 | AA10: =Z10/AB10 -> 0.43917212 | AB10: =F10 -> 269231 | AD10: =R10+T10+V10+X10+Z10-AB10 -> 0 | AE10: -0.5
B11: ='APU''S'!I50 -> 2.3 | C11: ='APU''S'!B50 -> Demolición de Camaras de inspección existente, incluye retiro de escombro | D11: ='APU''S'!C58 -> un | E11: =ROUND(E83+2,2) -> 18 | F11: ='APU''S'!B58 -> 435347 | G11: =ROUND(E11*F11,0) -> 7836246 | I11: =E11*F11*S11 -> 157158 | J11: =E11*F11*U11 -> 0 | K11: =E11*F11*W11 -> 3143088 | L11: =E11*F11*Y11 -> 2016000 | M11: =E11*F11*AA11 -> 2520000 | N11: =ROUND(SUM(I11:M11),0) -> 7836246 | Q11: =B11 -> 2.3 | R11: ='APU''S'!I54-AE11 -> 8731 | S11: =R11/AB11 -> 0.020055266 | T11: 0 | U11: =T11/AB11 -> 0 | V11: ='APU''S'!H57 -> 174616 | W11: =V11/AB11 -> 0.40109614 | X11: ='APU''S'!I53 -> 112000 | Y11: =X11/AB11 -> 0.25726604 | Z11: ='APU''S'!F52 -> 140000 | AA11: =Z11/AB11 -> 0.32158255 | AB11: =F11 -> 435347 | AD11: =R11+T11+V11+X11+Z11-AB11 -> 0 | AE11: -0.2
B12: ='APU''S'!B60 -> 3. EXCAVACIONES Y LLENOS | G12: =ROUND(SUM(G13:G21),0) -> 1045801858 | I12: =SUM(I13:I21) -> 1.6398458e+08 | J12: =SUM(J13:J21) -> 13924316 | K12: =SUM(K13:K21) -> 2.3540445e+08 | L12: =SUM(L13:L21) -> 4.0259082e+08 | M12: =SUM(M13:M21) -> 2.2989884e+08 | N12: =ROUND(SUM(I12:M12),0) -> 1045803005
B13: ='APU''S'!I62 -> 3.1 | C13: ='APU''S'!B62 -> Excavación manual en material heterogéneo de 0 - 2 m bajo cualquier grado de humedad | D13: ='APU''S'!C67 -> m³ | E13: =ROUND((E24*8*0.7*0.8)+ALDO!DP503+'ACOM ACTO'!AB47+'ACOM ACTO'!AE47,2) -> 2855.28 | F13: ='APU''S'!B67 -> 50421 | G13: =ROUND(E13*F13,0) -> 143966073 | I13: =E13*F13*S13 -> 6857240.4 | J13: =E13*F13*U13 -> 0 | K13: =E13*F13*W13 -> 1.3710883e+08 | L13: =E13*F13*Y13 -> 0 | M13: =E13*F13*AA13 -> 0 | N13: =ROUND(SUM(I13:M13),0) -> 143966073 | Q13: =B13 -> 3.1 | R13: ='APU''S'!I64-AE13 -> 2401.6 | S13: =R13/AB13 -> 0.047630947 | T13: 0 | U13: =T13/AB13 -> 0 | V13: ='APU''S'!H65 -> 48019.4 | W13: =V13/AB13 -> 0.95236905 | X13: 0 | Y13: =X13/AB13 -> 0 | Z13: 0 | AA13: =Z13/AB13 -> 0 | AB13: =F13 -> 50421 | AD13: =R13+T13+V13+X13+Z13-AB13 -> 0 | AE13: -0.63
B14: ='APU''S'!I69 -> 3.2 | C14: ='APU''S'!B69 -> Excavación mecánica en material heterogéneo de 0 - 2 m bajo cualquier grado de humedad | D14: ='APU''S'!C75 -> m³ | E14: =ROUND(ALDO!AC503+ALDO!AF503+ACTO!AB46+ACTO!AE46-ACTO!AB39-ACTO!AE39,2) -> 2823.61 | F14: ='APU''S'!B75 -> 38592 | G14: =ROUND(E14*F14,0) -> 108968757 | I14: =E14*F14*S14 -> 310032.38 | J14: =E14*F14*U14 -> 0 | K14: =E14*F14*W14 -> 6163093.5 | L14: =E14*F14*Y14 -> 0 | M14: =E14*F14*AA14 -> 1.0249563e+08 | N14: =ROUND(SUM(I14:M14),0) -> 108968757 | Q14: =B14 -> 3.2 | R14: ='APU''S'!I72-AE14 -> 109.8 | S14: =R14/AB14 -> 0.0028451493 | T14: 0 | U14: =T14/AB14 -> 0 | V14: ='APU''S'!H73 -> 2182.7 | W14: =V14/AB14 -> 0.056558354 | X14: 0 | Y14: =X14/AB14 -> 0 | Z14: ='APU''S'!F71 -> 36299.5 | AA14: =Z14/AB14 -> 0.9405965 | AB14: =F14 -> 38592 | AD14: =R14+T14+V14+X14+Z14-AB14 -> 0 | AE14: -0.665
B15: ='APU''S'!I77 -> 3.3 | C15: ='APU''S'!B77 -> Excavación mecánica en material heterogéneo de 2 - 4 m bajo cualquier grado de humedad | D15: ='APU''S'!C83 -> m³ | E15: =ROUND(ALDO!AD503+ALDO!AG503+ALDO!DQ503,2) -> 744.79 | F15: ='APU''S'!B83 -> 58992 | G15: =ROUND(E15*F15,0) -> 43936652 | I15: =E15*F15*S15 -> 81405.547 | J15: =E15*F15*U15 -> 0 | K15: =E15*F15*W15 -> 1625653.1 | L15: =E15*F15*Y15 -> 0 | M15: =E15*F15*AA15 -> 42229593 | N15: =ROUND(SUM(I15:M15),0) -> 43936652 | Q15: =B15 -> 3.3 | R15: ='APU''S'!I80-AE15 -> 109.3 | S15: =R15/AB15 -> 0.0018527936 | T15: 0 | U15: =T15/AB15 -> 0 | V15: ='APU''S'!H81 -> 2182.7 | W15: =V15/AB15 -> 0.036999932 | X15: 0 | Y15: =X15/AB15 -> 0 | Z15: ='APU''S'!F79 -> 56700 | AA15: =Z15/AB15 -> 0.96114727 | AB15: =F15 -> 58992 | AD15: =R15+T15+V15+X15+Z15-AB15 -> 0 | AE15: -0.165
B16: ='APU''S'!I85 -> 3.4 | C16: ='APU''S'!B85 -> Excavación mecánica en material heterogéneo > 4 m bajo cualquier grado de humedad | D16: ='APU''S'!C91 -> m³ | E16: =ROUND(ALDO!AE503+ALDO!AH503+ALDO!DR503,2) -> 0.35 | F16: ='APU''S'!B91 -> 59756 | G16: =ROUND(E16*F16,0) -> 20915 | I16: =E16*F16*S16 -> 51.006667 | J16: =E16*F16*U16 -> 0 | K16: =E16*F16*W16 -> 1018.5933 | L16: =E16*F16*Y16 -> 0 | M16: =E16*F16*AA16 -> 19845 | N16: =ROUND(SUM(I16:M16),0) -> 20915 | Q16: =B16 -> 3.4 | R16: ='APU''S'!I88-AE16 -> 145.73333 | S16: =R16/AB16 -> 0.0024388067 | T16: 0 | U16: =T16/AB16 -> 0 | V16: ='APU''S'!H89 -> 2910.2667 | W16: =V16/AB16 -> 0.048702501 | X16: 0 | Y16: =X16/AB16 -> 0 | Z16: ='APU''S'!F87 -> 56700 | AA16: =Z16/AB16 -> 0.94885869 | AB16: =F16 -> 59756 | AD16: =R16+T16+V16+X16+Z16-AB16 -> 0 | AE16: -0.22
B17: ='APU''S'!I93 -> 3.5 | C17: ='APU''S'!B93 -> Excavación en roca con cemento demoledor no explosivo. Incluye desembombe. A cualquier profundidad y bajo cualquier grado de humedad | D17: ='APU''S'!C100 -> m³ | E17: =ROUND(ALDO!AI503+ACTO!AH46-ACTO!AH39+'ACOM ACTO'!AH47,2) -> 40.81 | F17: ='APU''S'!B100 -> 314919 | G17: =ROUND(E17*F17,0) -> 12851844 | I17: =E17*F17*S17 -> 8533044.5 | J17: =E17*F17*U17 -> 0 | K17: =E17*F17*W17 -> 890759.87 | L17: =E17*F17*Y17 -> 0 | M17: =E17*F17*AA17 -> 3428040 | N17: =ROUND(SUM(I17:M17),0) -> 12851844 | Q17: =B17 -> 3.5 | R17: ='APU''S'!I98+'APU''S'!G99-AE17 -> 209092 | S17: =R17/AB17 -> 0.66395486 | T17: 0 | U17: =T17/AB17 -> 0 | V17: ='APU''S'!H97 -> 21827 | W17: =V17/AB17 -> 0.069309886 | X17: 0 | Y17: =X17/AB17 -> 0 | Z17: ='APU''S'!F96 -> 84000 | AA17: =Z17/AB17 -> 0.26673526 | AB17: =F17 -> 314919 | AD17: =R17+T17+V17+X17+Z17-AB17 -> 0 | AE17: -0.65
B18: ='APU''S'!I102 -> 3.6 | C18: ='APU''S'!B102 -> Llenos en material proveniente de la excavación, compactados mecánicamente hasta obtener una densidad del 95% de la máxima obtenida en el ensayo del Proctor Modificado | D18: ='APU''S'!C109 -> m³ | E18: =ROUND(ALDO!AZ503+ACTO!AY46-ACTO!AY39+'ACOM ACTO'!AY47+SUM(ALDO!DP503:DR503)*(ALDO!AV11/100),2) -> 1292.26 | F18: ='APU''S'!B109 -> 45518 | G18: =ROUND(E18*F18,0) -> 58821091 | I18: =E18*F18*S18 -> 1693636 | J18: =E18*F18*U18 -> 0 | K18: =E18*F18*W18 -> 33847391 | L18: =E18*F18*Y18 -> 0 | M18: =E18*F18*AA18 -> 23280604 | N18: =ROUND(SUM(I18:M18),0) -> 58821630 | Q18: =B18 -> 3.6 | R18: ='APU''S'!I105-AE18 -> 1310.6 | S18: =R18/AB18 -> 0.028793005 | T18: ='APU''S'!I107 -> 0 | U18: =T18/AB18 -> 0 | V18: ='APU''S'!H106 -> 26192.4 | W18: =V18/AB18 -> 0.5754295 | X18: 0 | Y18: =X18/AB18 -> 0 | Z18: ='APU''S'!F104 -> 18015.418 | AA18: =Z18/AB18 -> 0.39578667 | AB18: =F18 -> 45518 | AD18: =R18+T18+V18+X18+Z18-AB18 -> 0.41765403 | AE18: -0.98
B19: ='APU''S'!I111 -> 3.7 | C19: ='APU''S'!B111 -> Llenos con material de préstamo en limo, compactados mecánicamente hasta obtener una densidad del 95% de la máxima obtenida en el ensayo del próctor modificado | D19: ='APU''S'!C120 -> m³ | E19: =ROUND(ALDO!BA503+ACTO!AZ46-ACTO!AZ39+'ACOM ACTO'!AZ47+SUM(ALDO!DP503:DR503)*(1-(ALDO!AV11/100)),2) -> 2585.98 | F19: ='APU''S'!B120 -> 90243 | G19: =ROUND(E19*F19,0) -> 233366593 | I19: =E19*F19*S19 -> 69607874 | J19: =E19*F19*U19 -> 0 | K19: =E19*F19*W19 -> 47413116 | L19: =E19*F19*Y19 -> 94129672 | M19: =E19*F19*AA19 -> 22216869 | N19: =ROUND(SUM(I19:M19),0) -> 233367530 | Q19: =B19 -> 3.7 | R19: ='APU''S'!G119+'APU''S'!I114-AE19 -> 26917.406 | S19: =R19/AB19 -> 0.29827694 | T19: ='APU''S'!I118 -> 0 | U19: =T19/AB19 -> 0 | V19: ='APU''S'!H119 -> 18334.68 | W19: =V19/AB19 -> 0.20317011 | X19: ='APU''S'!I116 -> 36400 | Y19: =X19/AB19 -> 0.40335538 | Z19: ='APU''S'!F113 -> 8591.2763 | AA19: =Z19/AB19 -> 0.095201581 | AB19: =F19 -> 90243 | AD19: =R19+T19+V19+X19+Z19-AB19 -> 0.3622697 | AE19: -0.672
B20: ='APU''S'!I122 -> 3.8 | C20: ='APU''S'!B122 -> S.T.I. Lleno con triturado 3/4" (19mm) y 1" (25mm) | D20: ='APU''S'!C131 -> m³ | E20: =ROUND(ALDO!AT503,2) -> 637.94 | F20: ='APU''S'!B131 -> 266350 | G20: =ROUND(E20*F20,0) -> 169915319 | I20: =E20*F20*S20 -> 76901297 | J20: =E20*F20*U20 -> 13924316 | K20: =E20*F20*W20 -> 8354589.8 | L20: =E20*F20*Y20 -> 70734787 | M20: =E20*F20*AA20 -> 0 | N20: =ROUND(SUM(I20:M20),0) -> 169914990 | Q20: =B20 -> 3.8 | R20: ='APU''S'!G130+'APU''S'!I129-AE20 -> 120546.29 | S20: =R20/AB20 -> 0.45258601 | T20: ='APU''S'!H126 -> 21827 | U20: =T20/AB20 -> 0.081948564 | V20: ='APU''S'!H127+'APU''S'!H128 -> 13096.2 | W20: =V20/AB20 -> 0.049169138 | X20: ='APU''S'!I125 -> 110880 | Y20: =X20/AB20 -> 0.41629435 | Z20: 0 | AA20: =Z20/AB20 -> 0 | AB20: =F20 -> 266350 | AD20: =R20+T20+V20+X20+Z20-AB20 -> -0.515 | AE20: -0.125
B21: ='APU''S'!I133 -> 3.9 | C21: ='APU''S'!B133 -> Cargue, retiro y botada de material proveniente de la excavación a cualquier distancia | D21: ='APU''S'!C138 -> m³ | E21: =ROUND(ALDO!BC503+ACTO!BB46-ACTO!BB39+'ACOM ACTO'!BB47,2) -> 3450.31 | F21: ='APU''S'!B138 -> 79400 | G21: =ROUND(E21*F21,0) -> 273954614 | I21: =E21*F21*S21 -> 0 | J21: =E21*F21*U21 -> 0 | K21: =E21*F21*W21 -> 0 | L21: =E21*F21*Y21 -> 237726359 | M21: =E21*F21*AA21 -> 36228255 | N21: =ROUND(SUM(I21:M21),0) -> 273954614 | Q21: =B21 -> 3.9 | R21: 0 | S21: =R21/AB21 -> 0 | T21: 0 | U21: =T21/AB21 -> 0 | V21: 0 | W21: =V21/AB21 -> 0 | X21: ='APU''S'!I136 -> 68900 | Y21: =X21/AB21 -> 0.86775819 | Z21: ='APU''S'!F135 -> 10500 | AA21: =Z21/AB21 -> 0.13224181 | AB21: =F21 -> 79400 | AD21: =R21+T21+V21+X21+Z21-AB21 -> 0 | AE21: 0
B22: ='APU''S'!B140 -> 4. OBRAS EN CONCRETO, ACERO Y PAVIMENTO | G22: =ROUND(SUM(G23:G32),0) -> 1352012494 | I22: =SUM(I23:I32) -> 9.986258e+08 | J22: =SUM(J23:J32) -> 1.2938871e+08 | K22: =SUM(K23:K32) -> 1.0022249e+08 | L22: =SUM(L23:L32) -> 85288535 | M22: =SUM(M23:M32) -> 38486486 | N22: =ROUND(SUM(I22:M22),0) -> 1352012026
B23: ='APU''S'!I142 -> 4.1 | C23: ='APU''S'!B142 -> S.T.C. para construcción de caja de empalme para domiciliar de 60cm x 60cm x hasta 100cm de altura. Incluye tapa. Según diseño | D23: ='APU''S'!C155 -> und | E23: =ROUND(ALDO!DK503,2) -> 316 | F23: ='APU''S'!B155 -> 763918 | G23: =ROUND(E23*F23,0) -> 241398088 | I23: =E23*F23*S23 -> 1.8634545e+08 | J23: =E23*F23*U23 -> 34486660 | K23: =E23*F23*W23 -> 13794664 | L23: =E23*F23*Y23 -> 6771428.6 | M23: =E23*F23*AA23 -> 0 | N23: =ROUND(SUM(I23:M23),0) -> 241398198 | Q23: =B23 -> 4.1 | R23: ='APU''S'!G154+'APU''S'!I151-AE23 -> 589700.78 | S23: =R23/AB23 -> 0.77194251 | T23: ='APU''S'!H152 -> 109135 | U23: =T23/AB23 -> 0.14286219 | V23: ='APU''S'!H153 -> 43654 | W23: =V23/AB23 -> 0.057144877 | X23: ='APU''S'!I150 -> 21428.571 | Y23: =X23/AB23 -> 0.028050879 | Z23: 0 | AA23: =Z23/AB23 -> 0 | AB23: =F23 -> 763918 | AD23: =R23+T23+V23+X23+Z23-AB23 -> 0.3487625 | AE23: -0.38016509
B24: ='APU''S'!I157 -> 4.2 | C24: ='APU''S'!B157 -> S.T.C. Sumidero tipo B para agua lluvias 50 x 80 x 80cm (incluye reja) | D24: ='APU''S'!C169 -> und | E24: =ROUND(36,2) -> 36 | F24: ='APU''S'!B169 -> 1346205 | G24: =ROUND(E24*F24,0) -> 48463380 | I24: =E24*F24*S24 -> 34195848 | J24: =E24*F24*U24 -> 5238480 | K24: =E24*F24*W24 -> 6286176 | L24: =E24*F24*Y24 -> 1542857.1 | M24: =E24*F24*AA24 -> 1200000 | N24: =ROUND(SUM(I24:M24),0) -> 48463361 | Q24: =B24 -> 4.2 | R24: ='APU''S'!G168+'APU''S'!I159+'APU''S'!F166-AE24 -> 949884.66 | S24: =R24/AB24 -> 0.70560179 | T24: ='APU''S'!H160 -> 145513.33 | U24: =T24/AB24 -> 0.10809151 | V24: ='APU''S'!H161 -> 174616 | W24: =V24/AB24 -> 0.12970981 | X24: ='APU''S'!I163 -> 42857.143 | Y24: =X24/AB24 -> 0.031835525 | Z24: ='APU''S'!F165 -> 33333.333 | AA24: =Z24/AB24 -> 0.024760964 | AB24: =F24 -> 1346205 | AD24: =R24+T24+V24+X24+Z24-AB24 -> -0.53 | AE24: -0.061622857
B25: ='APU''S'!I171 -> 4.3 | C25: ='APU''S'!B171 -> Cajas para valvulas de corte según detalle, incluye tapa metalica, tapón Roscado, marco para tapa en concreto f´c=21 Mpa, tubo 6" PVC de protección, ladrillos en concreto de 0.10x0.20x0.40 | D25: ='APU''S'!C184 -> un | E25: =ROUND(SUM(E64:E67),2) -> 14 | F25: ='APU''S'!B184 -> 417589 | G25: =ROUND(E25*F25,0) -> 5846246 | I25: =E25*F25*S25 -> 3121621.8 | J25: =E25*F25*U25 -> 1527890 | K25: =E25*F25*W25 -> 916734 | L25: =E25*F25*Y25 -> 280000 | M25: =E25*F25*AA25 -> 0 | N25: =ROUND(SUM(I25:M25),0) -> 5846246 | Q25: =B25 -> 4.3 | R25: ='APU''S'!G183+'APU''S'!I182-AE25 -> 222972.98 | S25: =R25/AB25 -> 0.5339532 | T25: ='APU''S'!H180 -> 109135 | U25: =T25/AB25 -> 0.26134549 | V25: ='APU''S'!H181 -> 65481 | W25: =V25/AB25 -> 0.15680729 | X25: ='APU''S'!I175 -> 20000 | Y25: =X25/AB25 -> 0.047893982 | Z25: 0 | AA25: =Z25/AB25 -> 0 | AB25: =F25 -> 417589 | AD25: =R25+T25+V25+X25+Z25-AB25 -> -0.0168 | AE25: -0.42597333
B26: ='APU''S'!I186 -> 4.4 | C26: ='APU''S'!B186 -> S.T.C y/o reconstrucción de andén en concreto de 21 Mpa, espesor de 10cm. incluye nivelacion del terreno, malla electrosoldada D-84, 7 cm de Subbase, formaleta metalica o similar, y todo lo necesario para su correcto vaciado. | D26: ='APU''S'!C198 -> m² | E26: =ROUND(E10/0.2,2) -> 166.8 | F26: ='APU''S'!B198 -> 140905 | G26: =ROUND(E26*F26,0) -> 23502954 | I26: =E26*F26*S26 -> 15804396 | J26: =E26*F26*U26 -> 5201062.3 | K26: =E26*F26*W26 -> 2080424.9 | L26: =E26*F26*Y26 -> 0 | M26: =E26*F26*AA26 -> 417000 | N26: =ROUND(SUM(I26:M26),0) -> 23502883 | Q26: =B26 -> 4.4 | R26: ='APU''S'!G197+'APU''S'!I188+'APU''S'!F192-AE26 -> 94750.577 | S26: =R26/AB26 -> 0.67244297 | T26: ='APU''S'!H195 -> 31181.429 | U26: =T26/AB26 -> 0.22129398 | V26: ='APU''S'!H196 -> 12472.571 | W26: =V26/AB26 -> 0.088517593 | X26: 0 | Y26: =X26/AB26 -> 0 | Z26: ='APU''S'!F189 -> 2500 | AA26: =Z26/AB26 -> 0.017742451 | AB26: =F26 -> 140905 | AD26: =R26+T26+V26+X26+Z26-AB26 -> -0.4235 | AE26: -0.55177872
B27: ='APU''S'!I200 -> 4.5 | C27: ='APU''S'!B200 -> S.T.C. de concreto hidráulico de 28 Mpa para placas de concreto de espesor 18cm según los planos, incluye preparación, transporte interno, refuerzo corte y tratamiento de juntas y todos los demás elementos necesarios para el buen desarrollo de dicha actividad. | D27: ='APU''S'!C215 -> m³ | E27: =ROUND(PAV!K28+PAV!K74,2) -> 615.29 | F27: ='APU''S'!B215 -> 1173810 | G27: =ROUND(E27*F27,0) -> 722233555 | I27: =E27*F27*S27 -> 6.1516746e+08 | J27: =E27*F27*U27 -> 44766449 | K27: =E27*F27*W27 -> 53719739 | L27: =E27*F27*Y27 -> 0 | M27: =E27*F27*AA27 -> 8579515.9 | N27: =ROUND(SUM(I27:M27),0) -> 722233163 | Q27: =B27 -> 4.5 | R27: ='APU''S'!G214+'APU''S'!I202-AE27 -> 999800.84 | S27: =R27/AB27 -> 0.85175696 | T27: ='APU''S'!H203 -> 72756.667 | U27: =T27/AB27 -> 0.061983342 | V27: ='APU''S'!H204 -> 87308 | W27: =V27/AB27 -> 0.07438001 | X27: 0 | Y27: =X27/AB27 -> 0 | Z27: ='APU''S'!I207+'APU''S'!F205+'APU''S'!F208+'APU''S'!F211 -> 13943.857 | AA27: =Z27/AB27 -> 0.011879143 | AB27: =F27 -> 1173810 | AD27: =R27+T27+V27+X27+Z27-AB27 -> -0.6375 | AE27: -0.28388902
B28: ='APU''S'!I217 -> 4.6 | C28: ='APU''S'!B217 -> Conformacion de Subrasante | D28: ='APU''S'!C225 -> m² | E28: =ROUND(PAV!I28+PAV!I74,2) -> 3418.25 | F28: ='APU''S'!B225 -> 4292 | G28: =ROUND(E28*F28,0) -> 14671129 | I28: =E28*F28*S28 -> 373614.72 | J28: =E28*F28*U28 -> 4663133.9 | K28: =E28*F28*W28 -> 2797880.4 | L28: =E28*F28*Y28 -> 0 | M28: =E28*F28*AA28 -> 6836500 | N28: =ROUND(SUM(I28:M28),0) -> 14671129 | Q28: =B28 -> 4.6 | R28: ='APU''S'!I219-AE28 -> 109.3 | S28: =R28/AB28 -> 0.025465983 | T28: ='APU''S'!H220 -> 1364.1875 | U28: =T28/AB28 -> 0.31784425 | V28: ='APU''S'!H221 -> 818.5125 | W28: =V28/AB28 -> 0.19070655 | X28: 0 | Y28: =X28/AB28 -> 0 | Z28: ='APU''S'!F224 -> 2000 | AA28: =Z28/AB28 -> 0.46598322 | AB28: =F28 -> 4292 | AD28: =R28+T28+V28+X28+Z28-AB28 -> 0 | AE28: -0.165
B29: ='APU''S'!I227 -> 4.7 | C29: ='APU''S'!B227 -> S.T.I. de SUB-BASE GRANULAR e = 0,15m | D29: ='APU''S'!C238 -> m³ | E29: =ROUND(PAV!M28+PAV!M74,2) -> 512.74 | F29: ='APU''S'!B238 -> 312203 | G29: =ROUND(E29*F29,0) -> 160078966 | I29: =E29*F29*S29 -> 67646916 | J29: =E29*F29*U29 -> 2797894 | K29: =E29*F29*W29 -> 1678736.4 | L29: =E29*F29*Y29 -> 67189450 | M29: =E29*F29*AA29 -> 20765970 | N29: =ROUND(SUM(I29:M29),0) -> 160078966 | Q29: =B29 -> 4.7 | R29: ='APU''S'!G237+'APU''S'!I229-AE29 -> 131932.2 | S29: =R29/AB29 -> 0.42258466 | T29: ='APU''S'!H230 -> 5456.75 | U29: =T29/AB29 -> 0.017478211 | V29: ='APU''S'!H231 -> 3274.05 | W29: =V29/AB29 -> 0.010486927 | X29: ='APU''S'!I236 -> 131040 | Y29: =X29/AB29 -> 0.41972691 | Z29: ='APU''S'!F234+'APU''S'!F235 -> 40500 | AA29: =Z29/AB29 -> 0.12972329 | AB29: =F29 -> 312203 | AD29: =R29+T29+V29+X29+Z29-AB29 -> 0 | AE29: -0.66
B30: ='APU''S'!I240 -> 4.8 | C30: ='APU''S'!B240 -> S.T.C. de gancho de acero para cámara de inspección | D30: ='APU''S'!C247 -> und | E30: =ROUND(E83,2) -> 16 | F30: ='APU''S'!B247 -> 68600 | G30: =ROUND(E30*F30,0) -> 1097600 | I30: =E30*F30*S30 -> 509419.79 | J30: =E30*F30*U30 -> 367612.63 | K30: =E30*F30*W30 -> 220567.58 | L30: =E30*F30*Y30 -> 0 | M30: =E30*F30*AA30 -> 0 | N30: =ROUND(SUM(I30:M30),0) -> 1097600 | Q30: =B30 -> 4.8 | R30: ='APU''S'!G246+'APU''S'!I245-AE30 -> 31838.737 | S30: =R30/AB30 -> 0.46412153 | T30: ='APU''S'!H243 -> 22975.789 | U30: =T30/AB30 -> 0.33492404 | V30: ='APU''S'!H244 -> 13785.474 | W30: =V30/AB30 -> 0.20095443 | X30: 0 | Y30: =X30/AB30 -> 0 | Z30: 0 | AA30: =Z30/AB30 -> 0 | AB30: =F30 -> 68600 | AD30: =R30+T30+V30+X30+Z30-AB30 -> 0 | AE30: -0.67368421
B31: ='APU''S'!I249 -> 4.9 | C31: ='APU''S'!B249 -> S.T.I. de acometidas de acueducto 1/2''. Incluye todos los elementos para su correcto funcionamiento. | D31: ='APU''S'!C264 -> und | E31: =ROUND('ACCESORIOS, ETC'!D29+'ACCESORIOS, ETC'!D30+'ACCESORIOS, ETC'!D31+'ACCESORIOS, ETC'!D32,2) -> 417 | F31: ='APU''S'!B264 -> 316432 | G31: =ROUND(E31*F31,0) -> 131952144 | I31: =E31*F31*S31 -> 75068796 | J31: =E31*F31*U31 -> 30339530 | K31: =E31*F31*W31 -> 18203718 | L31: =E31*F31*Y31 -> 8340000 | M31: =E31*F31*AA31 -> 0 | N31: =ROUND(SUM(I31:M31),0) -> 131952044 | Q31: =B31 -> 4.9 | R31: ='APU''S'!G263+'APU''S'!I261-AE31 -> 180021.09 | S31: =R31/AB31 -> 0.56890925 | T31: ='APU''S'!H259 -> 72756.667 | U31: =T31/AB31 -> 0.22992828 | V31: ='APU''S'!H260 -> 43654 | W31: =V31/AB31 -> 0.13795697 | X31: ='APU''S'!I262 -> 20000 | Y31: =X31/AB31 -> 0.063204733 | Z31: 0 | AA31: =Z31/AB31 -> 0 | AB31: =F31 -> 316432 | AD31: =R31+T31+V31+X31+Z31-AB31 -> -0.24 | AE31: -0.51
B32: ='APU''S'!I266 -> 4.10 | C32: ='APU''S'!B266 -> Suspensión (demolición y llenado) de sumidero existente. Incluye todos los elementos necesarios para el desarrollo de la actividad. | D32: ='APU''S'!C276 -> und | E32: =ROUND(16,2) -> 16 | F32: ='APU''S'!B276 -> 173027 | G32: =ROUND(E32*F32,0) -> 2768432 | I32: =E32*F32*S32 -> 392288 | J32: =E32*F32*U32 -> 0 | K32: =E32*F32*W32 -> 523848 | L32: =E32*F32*Y32 -> 1164800 | M32: =E32*F32*AA32 -> 687500 | N32: =ROUND(SUM(I32:M32),0) -> 2768436 | Q32: =B32 -> 4.10 | R32: ='APU''S'!G275+'APU''S'!I270-AE32 -> 24518 | S32: =R32/AB32 -> 0.14170043 | T32: 0 | U32: =T32/AB32 -> 0 | V32: ='APU''S'!H274 -> 32740.5 | W32: =V32/AB32 -> 0.18922191 | X32: ='APU''S'!I272+'APU''S'!I273 -> 72800 | Y32: =X32/AB32 -> 0.42074358 | Z32: ='APU''S'!F275 -> 42968.75 | AA32: =Z32/AB32 -> 0.24833552 | AB32: =F32 -> 173027 | AD32: =R32+T32+V32+X32+Z32-AB32 -> 0.25 | AE32: -0.975
B33: ='APU''S'!B278 -> 5. ENTIBADOS Y OTROS | G33: =ROUND(SUM(G34:G37),0) -> 695107872 | I33: =SUM(I34:I37) -> 2.7727898e+08 | J33: =SUM(J34:J37) -> 2.5813955e+08 | K33: =SUM(K34:K37) -> 1.3622523e+08 | L33: =SUM(L34:L37) -> 273000 | M33: =SUM(M34:M37) -> 23188760 | N33: =ROUND(SUM(I33:M33),0) -> 695105527
B34: ='APU''S'!I280 -> 5.1 | C34: ='APU''S'!B280 -> S.T.I. Entibado temporal (formaleta madera 1/7 utilizaciones) | D34: ='APU''S'!C289 -> m² | E34: =ROUND(ALDO!AK503+ALDO!DS503,2) -> 6962.82 | F34: ='APU''S'!B289 -> 56025 | G34: =ROUND(E34*F34,0) -> 390091991 | I34: =E34*F34*S34 -> 1.4692569e+08 | J34: =E34*F34*U34 -> 1.5197747e+08 | K34: =E34*F34*W34 -> 91186483 | L34: =E34*F34*Y34 -> 0 | M34: =E34*F34*AA34 -> 0 | N34: 402625067 | Q34: =B34 -> 5.1 | R34: ='APU''S'!G288+'APU''S'!I282-AE34 -> 21101.463 | S34: =R34/AB34 -> 0.3766437 | T34: ='APU''S'!H286 -> 21827 | U34: =T34/AB34 -> 0.38959393 | V34: ='APU''S'!H287 -> 13096.2 | W34: =V34/AB34 -> 0.23375636 | X34: 0 | Y34: =X34/AB34 -> 0 | Z34: 0 | AA34: =Z34/AB34 -> 0 | AB34: =F34 -> 56025 | AD34: =R34+T34+V34+X34+Z34-AB34 -> -0.33666667 | AE34: -0.30895831
B35: ='APU''S'!I291 -> 5.2 | C35: ='APU''S'!B291 -> S.T.I. Entibado permanente | D35: ='APU''S'!C300 -> m² | E35: =ROUND(ALDO!AL503+ALDO!DT503,2) -> 2984.07 | F35: ='APU''S'!B300 -> 78340 | G35: =ROUND(E35*F35,0) -> 233772044 | I35: =E35*F35*S35 -> 1.2955877e+08 | J35: =E35*F35*U35 -> 65133296 | K35: =E35*F35*W35 -> 39079978 | L35: =E35*F35*Y35 -> 0 | M35: =E35*F35*AA35 -> 0 | N35: =ROUND(SUM(I35:M35),0) -> 233772044 | Q35: =B35 -> 5.2 | R35: ='APU''S'!G299+'APU''S'!I293-AE35 -> 43416.8 | S35: =R35/AB35 -> 0.55420985 | T35: ='APU''S'!H297 -> 21827 | U35: =T35/AB35 -> 0.27861884 | V35: ='APU''S'!H298 -> 13096.2 | W35: =V35/AB35 -> 0.1671713 | X35: 0 | Y35: =X35/AB35 -> 0 | Z35: 0 | AA35: =Z35/AB35 -> 0 | AB35: =F35 -> 78340 | AD35: =R35+T35+V35+X35+Z35-AB35 -> 0 | AE35: -0.64
B36: ='APU''S'!I302 -> 5.3 | C36: ='APU''S'!B302 -> Perforacion de Camara de inspeccion existente, abocada para nueva tuberia y resane de MH | D36: ='APU''S'!C310 -> und | E36: =ROUND('ACCESORIOS, ETC'!G26,2) -> 91 | F36: ='APU''S'!B310 -> 326347 | G36: =ROUND(E36*F36,0) -> 29697577 | I36: =E36*F36*S36 -> 794521 | J36: =E36*F36*U36 -> 9931285 | K36: =E36*F36*W36 -> 5958771 | L36: =E36*F36*Y36 -> 273000 | M36: =E36*F36*AA36 -> 12740000 | N36: =ROUND(SUM(I36:M36),0) -> 29697577 | Q36: =B36 -> 5.3 | R36: ='APU''S'!I305-AE36 -> 8731 | S36: =R36/AB36 -> 0.026753731 | T36: ='APU''S'!H307 -> 109135 | U36: =T36/AB36 -> 0.33441398 | V36: ='APU''S'!H308 -> 65481 | W36: =V36/AB36 -> 0.20064839 | X36: ='APU''S'!I306 -> 3000 | Y36: =X36/AB36 -> 0.0091926692 | Z36: ='APU''S'!F309 -> 140000 | AA36: =Z36/AB36 -> 0.42899123 | AB36: =F36 -> 326347 | AD36: =R36+T36+V36+X36+Z36-AB36 -> 0 | AE36: -0.2
B37: ='APU''S'!I312 -> 5.4 | C37: ='APU''S'!B312 -> Televisación y lavado de redes con equipos | D37: ='APU''S'!C317 -> ml | E37: =ROUND(ALDO!M503,2) -> 1243.9 | F37: ='APU''S'!B317 -> 33400 | G37: =ROUND(E37*F37,0) -> 41546260 | I37: =E37*F37*S37 -> 0 | J37: =E37*F37*U37 -> 31097500 | K37: =E37*F37*W37 -> 0 | L37: =E37*F37*Y37 -> 0 | M37: =E37*F37*AA37 -> 10448760 | N37: =ROUND(SUM(I37:M37),0) -> 41546260 | Q37: =B37 -> 5.4 | R37: 0 | S37: =R37/AB37 -> 0 | T37: ='APU''S'!F315 -> 25000 | U37: =T37/AB37 -> 0.74850299 | V37: 0 | W37: =V37/AB37 -> 0 | X37: 0 | Y37: =X37/AB37 -> 0 | Z37: ='APU''S'!F314 -> 8400 | AA37: =Z37/AB37 -> 0.25149701 | AB37: =F37 -> 33400 | AD37: =R37+T37+V37+X37+Z37-AB37 -> 0 | AE37: 0
B38: ='APU''S'!B319 -> 6. SUMINISTRO Y TRANSPORTE DE TUBERÍAS, ACCESORIOS, PREFABRICADOS Y EQUIPOS | G38: =ROUND(SUM(G39:G83),0) -> 818342499 | I38: =SUM(I39:I83) -> 7.8403745e+08 | J38: =SUM(J39:J83) -> 0 | K38: =SUM(K39:K83) -> 0 | L38: =SUM(L39:L83) -> 34305047 | M38: =SUM(M39:M83) -> 0 | N38: =ROUND(SUM(I38:M38),0) -> 818342498
B39: ='APU''S'!I321 -> 6.1 | C39: ='APU''S'!B321 -> S.T. Tubería PVC Alcantarillado Ø 250 mm (10") | D39: ='APU''S'!C326 -> m | E39: =ROUND(8*E24,2) -> 288 | F39: ='APU''S'!B326 -> 107893 | G39: =ROUND(E39*F39,0) -> 31073184 | I39: =E39*F39*S39 -> 29633184 | J39: =E39*F39*U39 -> 0 | K39: =E39*F39*W39 -> 0 | L39: =E39*F39*Y39 -> 1440000 | M39: =E39*F39*AA39 -> 0 | N39: =ROUND(SUM(I39:M39),0) -> 31073184 | Q39: =B39 -> 6.1 | R39: ='APU''S'!G325-AE39 -> 102893 | S39: =R39/AB39 -> 0.95365779 | T39: 0 | U39: =T39/AB39 -> 0 | V39: 0 | W39: =V39/AB39 -> 0 | X39: ='APU''S'!I325 -> 5000 | Y39: =X39/AB39 -> 0.046342209 | Z39: 0 | AA39: =Z39/AB39 -> 0 | AB39: =F39 -> 107893 | AD39: =R39+T39+V39+X39+Z39-AB39 -> 0 | AE39: -0.525
B40: ='APU''S'!I328 -> 6.2 | C40: ='APU''S'!B328 -> S.T. Tubería PVC Alcantarillado Ø 315 mm (12") | D40: ='APU''S'!C333 -> m | E40: =ROUND(SUMIF(ALDO!G134:G331,"284",ALDO!M134:M331),2) -> 986.84 | F40: ='APU''S'!B333 -> 154306 | G40: =ROUND(E40*F40,0) -> 152275333 | I40: =E40*F40*S40 -> 1.4610758e+08 | J40: =E40*F40*U40 -> 0 | K40: =E40*F40*W40 -> 0 | L40: =E40*F40*Y40 -> 6167750 | M40: =E40*F40*AA40 -> 0 | N40: =ROUND(SUM(I40:M40),0) -> 152275333 | Q40: =B40 -> 6.2 | R40: ='APU''S'!G332-AE40 -> 148056 | S40: =R40/AB40 -> 0.95949607 | T40: 0 | U40: =T40/AB40 -> 0 | V40: 0 | W40: =V40/AB40 -> 0 | X40: ='APU''S'!I332 -> 6250 | Y40: =X40/AB40 -> 0.040503934 | Z40: 0 | AA40: =Z40/AB40 -> 0 | AB40: =F40 -> 154306 | AD40: =R40+T40+V40+X40+Z40-AB40 -> 0 | AE40: -0.05
B41: ='APU''S'!I335 -> 6.3 | C41: ='APU''S'!B335 -> S.T. Tubería PVC Alcantarillado Ø 355 mm (14") | D41: ='APU''S'!C340 -> m | E41: =ROUND(SUMIF(ALDO!G134:G331,"327",ALDO!M134:M331),2) -> 15.39 | F41: ='APU''S'!B340 -> 229695 | G41: =ROUND(E41*F41,0) -> 3535006 | I41: =E41*F41*S41 -> 3414771.7 | J41: =E41*F41*U41 -> 0 | K41: =E41*F41*W41 -> 0 | L41: =E41*F41*Y41 -> 120234.38 | M41: =E41*F41*AA41 -> 0 | N41: =ROUND(SUM(I41:M41),0) -> 3535006 | Q41: =B41 -> 6.3 | R41: ='APU''S'!G339-AE41 -> 221882.5 | S41: =R41/AB41 -> 0.96598751 | T41: 0 | U41: =T41/AB41 -> 0 | V41: 0 | W41: =V41/AB41 -> 0 | X41: ='APU''S'!I339 -> 7812.5 | Y41: =X41/AB41 -> 0.034012495 | Z41: 0 | AA41: =Z41/AB41 -> 0 | AB41: =F41 -> 229695 | AD41: =R41+T41+V41+X41+Z41-AB41 -> 0 | AE41: -0.875
B42: ='APU''S'!I342 -> 6.4 | C42: ='APU''S'!B342 -> S.T. Tubería PVC Alcantarillado Ø 400 mm (16") | D42: ='APU''S'!C347 -> m | E42: =ROUND(SUMIF(ALDO!G134:G331,"362",ALDO!M134:M331),2) -> 100.45 | F42: ='APU''S'!B347 -> 283886 | G42: =ROUND(E42*F42,0) -> 28516349 | I42: =E42*F42*S42 -> 27260724 | J42: =E42*F42*U42 -> 0 | K42: =E42*F42*W42 -> 0 | L42: =E42*F42*Y42 -> 1255625 | M42: =E42*F42*AA42 -> 0 | N42: =ROUND(SUM(I42:M42),0) -> 28516349 | Q42: =B42 -> 6.4 | R42: ='APU''S'!G346-AE42 -> 271386 | S42: =R42/AB42 -> 0.95596824 | T42: 0 | U42: =T42/AB42 -> 0 | V42: 0 | W42: =V42/AB42 -> 0 | X42: ='APU''S'!I346 -> 12500 | Y42: =X42/AB42 -> 0.044031759 | Z42: 0 | AA42: =Z42/AB42 -> 0 | AB42: =F42 -> 283886 | AD42: =R42+T42+V42+X42+Z42-AB42 -> 0 | AE42: -0.9
B43: ='APU''S'!I349 -> 6.5 | C43: ='APU''S'!B349 -> S.T. Tubería PVC Alcantarillado Ø 450 mm (18") | D43: ='APU''S'!C354 -> m | E43: =ROUND(SUMIF(ALDO!G134:G331,"407",ALDO!M134:M331),2) -> 41.52 | F43: ='APU''S'!B354 -> 386688 | G43: =ROUND(E43*F43,0) -> 16055286 | I43: =E43*F43*S43 -> 15478619 | J43: =E43*F43*U43 -> 0 | K43: =E43*F43*W43 -> 0 | L43: =E43*F43*Y43 -> 576666.67 | M43: =E43*F43*AA43 -> 0 | N43: =ROUND(SUM(I43:M43),0) -> 16055286 | Q43: =B43 -> 6.5 | R43: ='APU''S'!G353-AE43 -> 372799.11 | S43: =R43/AB43 -> 0.96408244 | T43: 0 | U43: =T43/AB43 -> 0 | V43: 0 | W43: =V43/AB43 -> 0 | X43: ='APU''S'!I353 -> 13888.889 | Y43: =X43/AB43 -> 0.035917559 | Z43: 0 | AA43: =Z43/AB43 -> 0 | AB43: =F43 -> 386688 | AD43: =R43+T43+V43+X43+Z43-AB43 -> 0 | AE43: -0.98611111
B44: ='APU''S'!I356 -> 6.6 | C44: ='APU''S'!B356 -> S.T. Tubería PVC Alcantarillado Ø500 mm (20") | D44: ='APU''S'!C361 -> m | E44: =ROUND(SUMIF(ALDO!G134:G331,"452",ALDO!M134:M331),2) -> 99.7 | F44: ='APU''S'!B361 -> 472566 | G44: =ROUND(E44*F44,0) -> 47114830 | I44: =E44*F44*S44 -> 45557018 | J44: =E44*F44*U44 -> 0 | K44: =E44*F44*W44 -> 0 | L44: =E44*F44*Y44 -> 1557812.5 | M44: =E44*F44*AA44 -> 0 | N44: =ROUND(SUM(I44:M44),0) -> 47114830 | Q44: =B44 -> 6.6 | R44: ='APU''S'!G360-AE44 -> 456941 | S44: =R44/AB44 -> 0.96693584 | T44: 0 | U44: =T44/AB44 -> 0 | V44: 0 | W44: =V44/AB44 -> 0 | X44: ='APU''S'!I360 -> 15625 | Y44: =X44/AB44 -> 0.033064165 | Z44: 0 | AA44: =Z44/AB44 -> 0 | AB44: =F44 -> 472566 | AD44: =R44+T44+V44+X44+Z44-AB44 -> 0 | AE44: -0.6
B45: ='APU''S'!I363 -> 6.7 | C45: ='APU''S'!B363 -> S.T. de Tubería PVC Alcantarillado Ø 150 mm (6") | D45: ='APU''S'!C368 -> m | E45: =ROUND(6*E23,2) -> 1896 | F45: ='APU''S'!B368 -> 50507 | G45: =ROUND(E45*F45,0) -> 95761272 | I45: =E45*F45*S45 -> 88989843 | J45: =E45*F45*U45 -> 0 | K45: =E45*F45*W45 -> 0 | L45: =E45*F45*Y45 -> 6771428.6 | M45: =E45*F45*AA45 -> 0 | N45: =ROUND(SUM(I45:M45),0) -> 95761272 | Q45: =B45 -> 6.7 | R45: ='APU''S'!G367-AE45 -> 46935.571 | S45: =R45/AB45 -> 0.92928844 | T45: 0 | U45: =T45/AB45 -> 0 | V45: 0 | W45: =V45/AB45 -> 0 | X45: ='APU''S'!I367 -> 3571.4286 | Y45: =X45/AB45 -> 0.070711556 | Z45: 0 | AA45: =Z45/AB45 -> 0 | AB45: =F45 -> 50507 | AD45: =R45+T45+V45+X45+Z45-AB45 -> 0 | AE45: -0.9047619
B46: ='APU''S'!I370 -> 6.8 | C46: ='APU''S'!B370 -> S.T. Silla Yee PVC Alcantarillado de 315 mm (12") x 160 mm | D46: ='APU''S'!C375 -> und | E46: =ROUND(ALDO!DW503,2) -> 253 | F46: ='APU''S'!B375 -> 339719 | G46: =ROUND(E46*F46,0) -> 85948907 | I46: =E46*F46*S46 -> 85189907 | J46: =E46*F46*U46 -> 0 | K46: =E46*F46*W46 -> 0 | L46: =E46*F46*Y46 -> 759000 | M46: =E46*F46*AA46 -> 0 | N46: =ROUND(SUM(I46:M46),0) -> 85948907 | Q46: =B46 -> 6.8 | R46: ='APU''S'!G374 -> 336719 | S46: =R46/AB46 -> 0.99116917 | T46: 0 | U46: =T46/AB46 -> 0 | V46: 0 | W46: =V46/AB46 -> 0 | X46: ='APU''S'!I374 -> 3000 | Y46: =X46/AB46 -> 0.0088308278 | Z46: 0 | AA46: =Z46/AB46 -> 0 | AB46: =F46 -> 339719 | AD46: =R46+T46+V46+X46+Z46-AB46 -> 0 | AE46: 0
B47: ='APU''S'!I377 -> 6.9 | C47: ='APU''S'!B377 -> S.T. Silla Yee PVC Alcantarillado de 355 mm (14") x 160 mm | D47: ='APU''S'!C384 -> und | E47: =ROUND(ALDO!DX503,2) -> 1 | F47: ='APU''S'!B384 -> 444344 | G47: =ROUND(E47*F47,0) -> 444344 | I47: =E47*F47*S47 -> 440594 | J47: =E47*F47*U47 -> 0 | K47: =E47*F47*W47 -> 0 | L47: =E47*F47*Y47 -> 3750 | M47: =E47*F47*AA47 -> 0 | N47: =ROUND(SUM(I47:M47),0) -> 444344 | Q47: =B47 -> 6.9 | R47: ='APU''S'!G383 -> 440594 | S47: =R47/AB47 -> 0.99156059 | T47: 0 | U47: =T47/AB47 -> 0 | V47: 0 | W47: =V47/AB47 -> 0 | X47: ='APU''S'!I383 -> 3750 | Y47: =X47/AB47 -> 0.0084394073 | Z47: 0 | AA47: =Z47/AB47 -> 0 | AB47: =F47 -> 444344 | AD47: =R47+T47+V47+X47+Z47-AB47 -> 0 | AE47: 0
B48: ='APU''S'!I386 -> 6.10 | C48: ='APU''S'!B386 -> S.T. Silla Yee PVC Alcantarillado de 400 mm (16") x 160 mm | D48: ='APU''S'!C393 -> und | E48: =ROUND(ALDO!DY503,2) -> 25 | F48: ='APU''S'!B393 -> 477631 | G48: =ROUND(E48*F48,0) -> 11940775 | I48: =E48*F48*S48 -> 11840775 | J48: =E48*F48*U48 -> 0 | K48: =E48*F48*W48 -> 0 | L48: =E48*F48*Y48 -> 100000 | M48: =E48*F48*AA48 -> 0 | N48: =ROUND(SUM(I48:M48),0) -> 11940775 | Q48: =B48 -> 6.10 | R48: ='APU''S'!G392 -> 473631 | S48: =R48/AB48 -> 0.99162533 | T48: 0 | U48: =T48/AB48 -> 0 | V48: 0 | W48: =V48/AB48 -> 0 | X48: ='APU''S'!I392 -> 4000 | Y48: =X48/AB48 -> 0.0083746658 | Z48: 0 | AA48: =Z48/AB48 -> 0 | AB48: =F48 -> 477631 | AD48: =R48+T48+V48+X48+Z48-AB48 -> 0 | AE48: 0
B49: ='APU''S'!I395 -> 6.11 | C49: ='APU''S'!B395 -> S.T. Silla Yee PVC Alcantarillado de 450 mm (18") x 160 mm | D49: ='APU''S'!C402 -> und | E49: =ROUND(ALDO!DZ503,2) -> 18 | F49: ='APU''S'!B402 -> 504059 | G49: =ROUND(E49*F49,0) -> 9073062 | I49: =E49*F49*S49 -> 8995919.1 | J49: =E49*F49*U49 -> 0 | K49: =E49*F49*W49 -> 0 | L49: =E49*F49*Y49 -> 77142.857 | M49: =E49*F49*AA49 -> 0 | N49: =ROUND(SUM(I49:M49),0) -> 9073062 | Q49: =B49 -> 6.11 | R49: ='APU''S'!G401-AE49 -> 499773.29 | S49: =R49/AB49 -> 0.99149759 | T49: 0 | U49: =T49/AB49 -> 0 | V49: 0 | W49: =V49/AB49 -> 0 | X49: ='APU''S'!I401 -> 4285.7143 | Y49: =X49/AB49 -> 0.008502406 | Z49: 0 | AA49: =Z49/AB49 -> 0 | AB49: =F49 -> 504059 | AD49: =R49+T49+V49+X49+Z49-AB49 -> 0 | AE49: -0.28571429
B50: ='APU''S'!I404 -> 6.12 | C50: ='APU''S'!B404 -> S.T. Silla Yee PVC Alcantarillado de 500 mm (20") x 160 mm | D50: ='APU''S'!C411 -> und | E50: =ROUND(ALDO!EA503,2) -> 19 | F50: ='APU''S'!B411 -> 715454 | G50: =ROUND(E50*F50,0) -> 13593626 | I50: =E50*F50*S50 -> 13505934 | J50: =E50*F50*U50 -> 0 | K50: =E50*F50*W50 -> 0 | L50: =E50*F50*Y50 -> 87692.308 | M50: =E50*F50*AA50 -> 0 | N50: =ROUND(SUM(I50:M50),0) -> 13593626 | Q50: =B50 -> 6.12 | R50: ='APU''S'!G410-AE50 -> 710838.62 | S50: =R50/AB50 -> 0.99354901 | T50: 0 | U50: =T50/AB50 -> 0 | V50: 0 | W50: =V50/AB50 -> 0 | X50: ='APU''S'!I410 -> 4615.3846 | Y50: =X50/AB50 -> 0.0064509872 | Z50: 0 | AA50: =Z50/AB50 -> 0 | AB50: =F50 -> 715454 | AD50: =R50+T50+V50+X50+Z50-AB50 -> 0 | AE50: -0.61538462
B51: ='APU''S'!I413 -> 6.13 | C51: ='APU''S'!B413 -> S.T. Tubería PVC Unión Mecanica RDE 21 de Ø 3" (80,42 mm) | D51: ='APU''S'!C418 -> m | E51: =ROUND(SUMIF(ACTO!F7:F43,"80,42",ACTO!L7:L43),2) -> 324.72 | F51: ='APU''S'!B418 -> 50329 | G51: =ROUND(E51*F51,0) -> 16342833 | I51: =E51*F51*S51 -> 15183119 | J51: =E51*F51*U51 -> 0 | K51: =E51*F51*W51 -> 0 | L51: =E51*F51*Y51 -> 1159714.3 | M51: =E51*F51*AA51 -> 0 | N51: =ROUND(SUM(I51:M51),0) -> 16342833 | Q51: =B51 -> 6.13 | R51: ='APU''S'!G417-AE51 -> 46757.571 | S51: =R51/AB51 -> 0.92903836 | T51: 0 | U51: =T51/AB51 -> 0 | V51: 0 | W51: =V51/AB51 -> 0 | X51: ='APU''S'!I417 -> 3571.4286 | Y51: =X51/AB51 -> 0.070961644 | Z51: 0 | AA51: =Z51/AB51 -> 0 | AB51: =F51 -> 50329 | AD51: =R51+T51+V51+X51+Z51-AB51 -> 0 | AE51: -0.4047619
B52: ='APU''S'!I420 -> 6.14 | C52: ='APU''S'!B420 -> S.T. Tubería PVC Unión Mecanica RDE 21 de Ø 4" (103,42 mm) | D52: ='APU''S'!C425 -> m | E52: =ROUND(SUMIF(ACTO!F7:F43,"103,42",ACTO!L7:L43),2) -> 102.51 | F52: ='APU''S'!B425 -> 62646 | G52: =ROUND(E52*F52,0) -> 6421841 | I52: =E52*F52*S52 -> 6055734.3 | J52: =E52*F52*U52 -> 0 | K52: =E52*F52*W52 -> 0 | L52: =E52*F52*Y52 -> 366107.14 | M52: =E52*F52*AA52 -> 0 | N52: =ROUND(SUM(I52:M52),0) -> 6421841 | Q52: =B52 -> 6.14 | R52: ='APU''S'!G424-AE52 -> 59074.571 | S52: =R52/AB52 -> 0.94299032 | T52: 0 | U52: =T52/AB52 -> 0 | V52: 0 | W52: =V52/AB52 -> 0 | X52: ='APU''S'!I424 -> 3571.4286 | Y52: =X52/AB52 -> 0.057009683 | Z52: 0 | AA52: =Z52/AB52 -> 0 | AB52: =F52 -> 62646 | AD52: =R52+T52+V52+X52+Z52-AB52 -> 0 | AE52: -0.9047619
B53: ='APU''S'!I427 -> 6.15 | C53: ='APU''S'!B427 -> S.T. Tubería PVC Unión Mecanica RDE 21 de Ø 6" (152,22 mm) | D53: ='APU''S'!C432 -> m | E53: =ROUND(SUMIF(ACTO!F7:F43,"152,22",ACTO!L7:L43),2) -> 351.12 | F53: ='APU''S'!B432 -> 124938 | G53: =ROUND(E53*F53,0) -> 43868231 | I53: =E53*F53*S53 -> 42614231 | J53: =E53*F53*U53 -> 0 | K53: =E53*F53*W53 -> 0 | L53: =E53*F53*Y53 -> 1254000 | M53: =E53*F53*AA53 -> 0 | N53: =ROUND(SUM(I53:M53),0) -> 43868231 | Q53: =B53 -> 6.15 | R53: ='APU''S'!G431-AE53 -> 121366.57 | S53: =R53/AB53 -> 0.97141439 | T53: 0 | U53: =T53/AB53 -> 0 | V53: 0 | W53: =V53/AB53 -> 0 | X53: ='APU''S'!I431 -> 3571.4286 | Y53: =X53/AB53 -> 0.028585607 | Z53: 0 | AA53: =Z53/AB53 -> 0 | AB53: =F53 -> 124938 | AD53: =R53+T53+V53+X53+Z53-AB53 -> 0 | AE53: -0.071428571
B54: ='APU''S'!I434 -> 6.16 | C54: ='APU''S'!B434 -> S.T. Tubería PVC Unión Mecanica RDE 21 de Ø 8" (198,21 mm) | D54: ='APU''S'!C439 -> m | E54: =ROUND(SUMIF(ACTO!F7:F43,"198,21",ACTO!L7:L43)-ACTO!L39,2) -> 497.26 | F54: ='APU''S'!B439 -> 209747 | G54: =ROUND(E54*F54,0) -> 104298793 | I54: =E54*F54*S54 -> 1.0222688e+08 | J54: =E54*F54*U54 -> 0 | K54: =E54*F54*W54 -> 0 | L54: =E54*F54*Y54 -> 2071916.7 | M54: =E54*F54*AA54 -> 0 | N54: =ROUND(SUM(I54:M54),0) -> 104298793 | Q54: =B54 -> 6.16 | R54: ='APU''S'!G438 -> 205580.33 | S54: =R54/AB54 -> 0.9801348 | T54: 0 | U54: =T54/AB54 -> 0 | V54: 0 | W54: =V54/AB54 -> 0 | X54: ='APU''S'!I438 -> 4166.6667 | Y54: =X54/AB54 -> 0.019865203 | Z54: 0 | AA54: =Z54/AB54 -> 0 | AB54: =F54 -> 209747 | AD54: =R54+T54+V54+X54+Z54-AB54 -> 0 | AE54: 0
B55: ='APU''S'!I441 -> 6.17 | C55: ='APU''S'!B441 -> S.T. de TEE Ø8" HD JUNTA RÁPIDA | D55: ='APU''S'!C446 -> und | E55: =ROUND('ACCESORIOS, ETC'!D7,2) -> 1 | F55: ='APU''S'!B446 -> 1519650 | G55: =ROUND(E55*F55,0) -> 1519650 | I55: =E55*F55*S55 -> 1469650 | J55: =E55*F55*U55 -> 0 | K55: =E55*F55*W55 -> 0 | L55: =E55*F55*Y55 -> 50000 | M55: =E55*F55*AA55 -> 0 | N55: =ROUND(SUM(I55:M55),0) -> 1519650 | Q55: =B55 -> 6.17 | R55: ='APU''S'!G445 -> 1469650 | S55: =R55/AB55 -> 0.96709769 | T55: 0 | U55: =T55/AB55 -> 0 | V55: 0 | W55: =V55/AB55 -> 0 | X55: ='APU''S'!I445 -> 50000 | Y55: =X55/AB55 -> 0.032902313 | Z55: 0 | AA55: =Z55/AB55 -> 0 | AB55: =F55 -> 1519650 | AD55: =R55+T55+V55+X55+Z55-AB55 -> 0 | AE55: 0
B56: ='APU''S'!I448 -> 6.18 | C56: ='APU''S'!B448 -> S.T. de TEE Ø8X6" HD JUNTA RÁPIDA | D56: ='APU''S'!C453 -> und | E56: =ROUND('ACCESORIOS, ETC'!D8,2) -> 2 | F56: ='APU''S'!B453 -> 1458960 | G56: =ROUND(E56*F56,0) -> 2917920 | I56: =E56*F56*S56 -> 2817920 | J56: =E56*F56*U56 -> 0 | K56: =E56*F56*W56 -> 0 | L56: =E56*F56*Y56 -> 100000 | M56: =E56*F56*AA56 -> 0 | N56: =ROUND(SUM(I56:M56),0) -> 2917920 | Q56: =B56 -> 6.18 | R56: ='APU''S'!G452 -> 1408960 | S56: =R56/AB56 -> 0.96572901 | T56: 0 | U56: =T56/AB56 -> 0 | V56: 0 | W56: =V56/AB56 -> 0 | X56: ='APU''S'!I452 -> 50000 | Y56: =X56/AB56 -> 0.034270988 | Z56: 0 | AA56: =Z56/AB56 -> 0 | AB56: =F56 -> 1458960 | AD56: =R56+T56+V56+X56+Z56-AB56 -> 0 | AE56: 0
B57: ='APU''S'!I455 -> 6.19 | C57: ='APU''S'!B455 -> S.T. de TEE Ø8X4" HD JUNTA RÁPIDA | D57: ='APU''S'!C460 -> und | E57: =ROUND('ACCESORIOS, ETC'!D9,2) -> 3 | F57: ='APU''S'!B460 -> 1397080 | G57: =ROUND(E57*F57,0) -> 4191240 | I57: =E57*F57*S57 -> 4041240 | J57: =E57*F57*U57 -> 0 | K57: =E57*F57*W57 -> 0 | L57: =E57*F57*Y57 -> 150000 | M57: =E57*F57*AA57 -> 0 | N57: =ROUND(SUM(I57:M57),0) -> 4191240 | Q57: =B57 -> 6.19 | R57: ='APU''S'!G459 -> 1347080 | S57: =R57/AB57 -> 0.96421107 | T57: 0 | U57: =T57/AB57 -> 0 | V57: 0 | W57: =V57/AB57 -> 0 | X57: ='APU''S'!I459 -> 50000 | Y57: =X57/AB57 -> 0.035788931 | Z57: 0 | AA57: =Z57/AB57 -> 0 | AB57: =F57 -> 1397080 | AD57: =R57+T57+V57+X57+Z57-AB57 -> 0 | AE57: 0
B58: ='APU''S'!I462 -> 6.20 | C58: ='APU''S'!B462 -> S.T. de TEE Ø8X3" HD JUNTA RÁPIDA | D58: ='APU''S'!C467 -> und | E58: =ROUND('ACCESORIOS, ETC'!D10,2) -> 5 | F58: ='APU''S'!B467 -> 1238810 | G58: =ROUND(E58*F58,0) -> 6194050 | I58: =E58*F58*S58 -> 5944050 | J58: =E58*F58*U58 -> 0 | K58: =E58*F58*W58 -> 0 | L58: =E58*F58*Y58 -> 250000 | M58: =E58*F58*AA58 -> 0 | N58: =ROUND(SUM(I58:M58),0) -> 6194050 | Q58: =B58 -> 6.20 | R58: ='APU''S'!G466 -> 1188810 | S58: =R58/AB58 -> 0.95963869 | T58: 0 | U58: =T58/AB58 -> 0 | V58: 0 | W58: =V58/AB58 -> 0 | X58: ='APU''S'!I466 -> 50000 | Y58: =X58/AB58 -> 0.040361314 | Z58: 0 | AA58: =Z58/AB58 -> 0 | AB58: =F58 -> 1238810 | AD58: =R58+T58+V58+X58+Z58-AB58 -> 0 | AE58: 0
B59: ='APU''S'!I469 -> 6.21 | C59: ='APU''S'!B469 -> S.T. de TEE Ø6X3" HD JUNTA RÁPIDA | D59: ='APU''S'!C474 -> und | E59: =ROUND('ACCESORIOS, ETC'!D11,2) -> 2 | F59: ='APU''S'!B474 -> 775900 | G59: =ROUND(E59*F59,0) -> 1551800 | I59: =E59*F59*S59 -> 1451800 | J59: =E59*F59*U59 -> 0 | K59: =E59*F59*W59 -> 0 | L59: =E59*F59*Y59 -> 100000 | M59: =E59*F59*AA59 -> 0 | N59: =ROUND(SUM(I59:M59),0) -> 1551800 | Q59: =B59 -> 6.21 | R59: ='APU''S'!G473 -> 725900 | S59: =R59/AB59 -> 0.93555871 | T59: 0 | U59: =T59/AB59 -> 0 | V59: 0 | W59: =V59/AB59 -> 0 | X59: ='APU''S'!I473 -> 50000 | Y59: =X59/AB59 -> 0.064441294 | Z59: 0 | AA59: =Z59/AB59 -> 0 | AB59: =F59 -> 775900 | AD59: =R59+T59+V59+X59+Z59-AB59 -> 0 | AE59: 0
B60: ='APU''S'!I476 -> 6.22 | C60: ='APU''S'!B476 -> S.T. de TEE Ø4" HD JUNTA RÁPIDA | D60: ='APU''S'!C481 -> und | E60: =ROUND('ACCESORIOS, ETC'!D12,2) -> 1 | F60: ='APU''S'!B481 -> 545040 | G60: =ROUND(E60*F60,0) -> 545040 | I60: =E60*F60*S60 -> 495040 | J60: =E60*F60*U60 -> 0 | K60: =E60*F60*W60 -> 0 | L60: =E60*F60*Y60 -> 50000 | M60: =E60*F60*AA60 -> 0 | N60: =ROUND(SUM(I60:M60),0) -> 545040 | Q60: =B60 -> 6.22 | R60: ='APU''S'!G480 -> 495040 | S60: =R60/AB60 -> 0.90826361 | T60: 0 | U60: =T60/AB60 -> 0 | V60: 0 | W60: =V60/AB60 -> 0 | X60: ='APU''S'!I480 -> 50000 | Y60: =X60/AB60 -> 0.091736386 | Z60: 0 | AA60: =Z60/AB60 -> 0 | AB60: =F60 -> 545040 | AD60: =R60+T60+V60+X60+Z60-AB60 -> 0 | AE60: 0
B61: ='APU''S'!I483 -> 6.23 | C61: ='APU''S'!B483 -> S.T. de TEE Ø4X3" HD JUNTA RÁPIDA | D61: ='APU''S'!C488 -> und | E61: =ROUND('ACCESORIOS, ETC'!D13,2) -> 5 | F61: ='APU''S'!B488 -> 433180 | G61: =ROUND(E61*F61,0) -> 2165900 | I61: =E61*F61*S61 -> 1915900 | J61: =E61*F61*U61 -> 0 | K61: =E61*F61*W61 -> 0 | L61: =E61*F61*Y61 -> 250000 | M61: =E61*F61*AA61 -> 0 | N61: =ROUND(SUM(I61:M61),0) -> 2165900 | Q61: =B61 -> 6.23 | R61: ='APU''S'!G487 -> 383180 | S61: =R61/AB61 -> 0.88457454 | T61: 0 | U61: =T61/AB61 -> 0 | V61: 0 | W61: =V61/AB61 -> 0 | X61: ='APU''S'!I487 -> 50000 | Y61: =X61/AB61 -> 0.11542546 | Z61: 0 | AA61: =Z61/AB61 -> 0 | AB61: =F61 -> 433180 | AD61: =R61+T61+V61+X61+Z61-AB61 -> 0 | AE61: 0
B62: ='APU''S'!I490 -> 6.24 | C62: ='APU''S'!B490 -> S.T. de TEE Ø3" HD JUNTA RÁPIDA | D62: ='APU''S'!C495 -> und | E62: =ROUND('ACCESORIOS, ETC'!D14,2) -> 2 | F62: ='APU''S'!B495 -> 347500 | G62: =ROUND(E62*F62,0) -> 695000 | I62: =E62*F62*S62 -> 595000 | J62: =E62*F62*U62 -> 0 | K62: =E62*F62*W62 -> 0 | L62: =E62*F62*Y62 -> 100000 | M62: =E62*F62*AA62 -> 0 | N62: =ROUND(SUM(I62:M62),0) -> 695000 | Q62: =B62 -> 6.24 | R62: ='APU''S'!G494 -> 297500 | S62: =R62/AB62 -> 0.85611511 | T62: 0 | U62: =T62/AB62 -> 0 | V62: 0 | W62: =V62/AB62 -> 0 | X62: ='APU''S'!I494 -> 50000 | Y62: =X62/AB62 -> 0.14388489 | Z62: 0 | AA62: =Z62/AB62 -> 0 | AB62: =F62 -> 347500 | AD62: =R62+T62+V62+X62+Z62-AB62 -> 0 | AE62: 0
B63: ='APU''S'!I497 -> 6.25 | C63: ='APU''S'!B497 -> S.T. de HIDRANTE Ø3" HD, INCLUYE TODOS LOS ACCESORIOS NECESARIOS | D63: ='APU''S'!C504 -> und | E63: =ROUND('ACCESORIOS, ETC'!D15,2) -> 3 | F63: ='APU''S'!B504 -> 4755280 | G63: =ROUND(E63*F63,0) -> 14265840 | I63: =E63*F63*S63 -> 13965840 | J63: =E63*F63*U63 -> 0 | K63: =E63*F63*W63 -> 0 | L63: =E63*F63*Y63 -> 300000 | M63: =E63*F63*AA63 -> 0 | N63: =ROUND(SUM(I63:M63),0) -> 14265840 | Q63: =B63 -> 6.25 | R63: ='APU''S'!G503 -> 4655280 | S63: =R63/AB63 -> 0.97897074 | T63: 0 | U63: =T63/AB63 -> 0 | V63: 0 | W63: =V63/AB63 -> 0 | X63: ='APU''S'!I503 -> 100000 | Y63: =X63/AB63 -> 0.021029256 | Z63: 0 | AA63: =Z63/AB63 -> 0 | AB63: =F63 -> 4755280 | AD63: =R63+T63+V63+X63+Z63-AB63 -> 0 | AE63: 0
B64: ='APU''S'!I506 -> 6.26 | C64: ='APU''S'!B506 -> S.T. de valvula de acueducto en HD compuerta elastica diametro de 8" JUNTA RÁPIDA | D64: ='APU''S'!C511 -> und | E64: =ROUND('ACCESORIOS, ETC'!D16,2) -> 5 | F64: ='APU''S'!B511 -> 3308240 | G64: =ROUND(E64*F64,0) -> 16541200 | I64: =E64*F64*S64 -> 16041200 | J64: =E64*F64*U64 -> 0 | K64: =E64*F64*W64 -> 0 | L64: =E64*F64*Y64 -> 500000 | M64: =E64*F64*AA64 -> 0 | N64: =ROUND(SUM(I64:M64),0) -> 16541200 | Q64: =B64 -> 6.26 | R64: ='APU''S'!G510 -> 3208240 | S64: =R64/AB64 -> 0.96977245 | T64: 0 | U64: =T64/AB64 -> 0 | V64: 0 | W64: =V64/AB64 -> 0 | X64: ='APU''S'!I510 -> 100000 | Y64: =X64/AB64 -> 0.030227553 | Z64: 0 | AA64: =Z64/AB64 -> 0 | AB64: =F64 -> 3308240 | AD64: =R64+T64+V64+X64+Z64-AB64 -> 0 | AE64: 0
B65: ='APU''S'!I513 -> 6.27 | C65: ='APU''S'!B513 -> S.T. de valvula de acueducto en HD compuerta elastica diametro de 6" JUNTA RÁPIDA | D65: ='APU''S'!C518 -> und | E65: =ROUND('ACCESORIOS, ETC'!D17,2) -> 4 | F65: ='APU''S'!B518 -> 2293170 | G65: =ROUND(E65*F65,0) -> 9172680 | I65: =E65*F65*S65 -> 8772680 | J65: =E65*F65*U65 -> 0 | K65: =E65*F65*W65 -> 0 | L65: =E65*F65*Y65 -> 400000 | M65: =E65*F65*AA65 -> 0 | N65: =ROUND(SUM(I65:M65),0) -> 9172680 | Q65: =B65 -> 6.27 | R65: ='APU''S'!G517 -> 2193170 | S65: =R65/AB65 -> 0.95639224 | T65: 0 | U65: =T65/AB65 -> 0 | V65: 0 | W65: =V65/AB65 -> 0 | X65: ='APU''S'!I517 -> 100000 | Y65: =X65/AB65 -> 0.043607757 | Z65: 0 | AA65: =Z65/AB65 -> 0 | AB65: =F65 -> 2293170 | AD65: =R65+T65+V65+X65+Z65-AB65 -> 0 | AE65: 0
B66: ='APU''S'!I520 -> 6.28 | C66: ='APU''S'!B520 -> S.T. de valvula de acueducto en HD compuerta elastica diametro de 4" JUNTA RÁPIDA | D66: ='APU''S'!C525 -> und | E66: =ROUND('ACCESORIOS, ETC'!D18,2) -> 1 | F66: ='APU''S'!B525 -> 1236450 | G66: =ROUND(E66*F66,0) -> 1236450 | I66: =E66*F66*S66 -> 1136450 | J66: =E66*F66*U66 -> 0 | K66: =E66*F66*W66 -> 0 | L66: =E66*F66*Y66 -> 100000 | M66: =E66*F66*AA66 -> 0 | N66: =ROUND(SUM(I66:M66),0) -> 1236450 | Q66: =B66 -> 6.28 | R66: ='APU''S'!G524 -> 1136450 | S66: =R66/AB66 -> 0.9191233 | T66: 0 | U66: =T66/AB66 -> 0 | V66: 0 | W66: =V66/AB66 -> 0 | X66: ='APU''S'!I524 -> 100000 | Y66: =X66/AB66 -> 0.080876703 | Z66: 0 | AA66: =Z66/AB66 -> 0 | AB66: =F66 -> 1236450 | AD66: =R66+T66+V66+X66+Z66-AB66 -> 0 | AE66: 0
B67: ='APU''S'!I527 -> 6.29 | C67: ='APU''S'!B527 -> S.T. de valvula de acueducto en HD compuerta elastica diametro de 3" JUNTA RÁPIDA | D67: ='APU''S'!C532 -> und | E67: =ROUND('ACCESORIOS, ETC'!D19,2) -> 4 | F67: ='APU''S'!B532 -> 957990 | G67: =ROUND(E67*F67,0) -> 3831960 | I67: =E67*F67*S67 -> 3431960 | J67: =E67*F67*U67 -> 0 | K67: =E67*F67*W67 -> 0 | L67: =E67*F67*Y67 -> 400000 | M67: =E67*F67*AA67 -> 0 | N67: =ROUND(SUM(I67:M67),0) -> 3831960 | Q67: =B67 -> 6.29 | R67: ='APU''S'!G531 -> 857990 | S67: =R67/AB67 -> 0.89561478 | T67: 0 | U67: =T67/AB67 -> 0 | V67: 0 | W67: =V67/AB67 -> 0 | X67: ='APU''S'!I531 -> 100000 | Y67: =X67/AB67 -> 0.10438522 | Z67: 0 | AA67: =Z67/AB67 -> 0 | AB67: =F67 -> 957990 | AD67: =R67+T67+V67+X67+Z67-AB67 -> 0 | AE67: 0
B68: ='APU''S'!I534 -> 6.30 | C68: ='APU''S'!B534 -> S.T. de REDUCCIÓN HD Ø=8"X6" JUNTA RÁPIDA | D68: ='APU''S'!C539 -> und | E68: =ROUND('ACCESORIOS, ETC'!D20,2) -> 1 | F68: ='APU''S'!B539 -> 702120 | G68: =ROUND(E68*F68,0) -> 702120 | I68: =E68*F68*S68 -> 652120 | J68: =E68*F68*U68 -> 0 | K68: =E68*F68*W68 -> 0 | L68: =E68*F68*Y68 -> 50000 | M68: =E68*F68*AA68 -> 0 | N68: =ROUND(SUM(I68:M68),0) -> 702120 | Q68: =B68 -> 6.30 | R68: ='APU''S'!G538 -> 652120 | S68: =R68/AB68 -> 0.9287871 | T68: 0 | U68: =T68/AB68 -> 0 | V68: 0 | W68: =V68/AB68 -> 0 | X68: ='APU''S'!I538 -> 50000 | Y68: =X68/AB68 -> 0.071212898 | Z68: 0 | AA68: =Z68/AB68 -> 0 | AB68: =F68 -> 702120 | AD68: =R68+T68+V68+X68+Z68-AB68 -> 0 | AE68: 0
B69: ='APU''S'!I541 -> 6.31 | C69: ='APU''S'!B541 -> S.T. de REDUCCIÓN HD Ø=8"X3" JUNTA RÁPIDA | D69: ='APU''S'!C546 -> und | E69: =ROUND('ACCESORIOS, ETC'!D21,2) -> 1 | F69: ='APU''S'!B546 -> 640240 | G69: =ROUND(E69*F69,0) -> 640240 | I69: =E69*F69*S69 -> 590240 | J69: =E69*F69*U69 -> 0 | K69: =E69*F69*W69 -> 0 | L69: =E69*F69*Y69 -> 50000 | M69: =E69*F69*AA69 -> 0 | N69: =ROUND(SUM(I69:M69),0) -> 640240 | Q69: =B69 -> 6.31 | R69: ='APU''S'!G545 -> 590240 | S69: =R69/AB69 -> 0.92190429 | T69: 0 | U69: =T69/AB69 -> 0 | V69: 0 | W69: =V69/AB69 -> 0 | X69: ='APU''S'!I545 -> 50000 | Y69: =X69/AB69 -> 0.078095714 | Z69: 0 | AA69: =Z69/AB69 -> 0 | AB69: =F69 -> 640240 | AD69: =R69+T69+V69+X69+Z69-AB69 -> 0 | AE69: 0
B70: ='APU''S'!I548 -> 6.32 | C70: ='APU''S'!B548 -> S.T. de REDUCCIÓN HD Ø=6"X4" JUNTA RÁPIDA | D70: ='APU''S'!C553 -> und | E70: =ROUND('ACCESORIOS, ETC'!D22,2) -> 1 | F70: ='APU''S'!B553 -> 534330 | G70: =ROUND(E70*F70,0) -> 534330 | I70: =E70*F70*S70 -> 484330 | J70: =E70*F70*U70 -> 0 | K70: =E70*F70*W70 -> 0 | L70: =E70*F70*Y70 -> 50000 | M70: =E70*F70*AA70 -> 0 | N70: =ROUND(SUM(I70:M70),0) -> 534330 | Q70: =B70 -> 6.32 | R70: ='APU''S'!G552 -> 484330 | S70: =R70/AB70 -> 0.90642487 | T70: 0 | U70: =T70/AB70 -> 0 | V70: 0 | W70: =V70/AB70 -> 0 | X70: ='APU''S'!I552 -> 50000 | Y70: =X70/AB70 -> 0.093575131 | Z70: 0 | AA70: =Z70/AB70 -> 0 | AB70: =F70 -> 534330 | AD70: =R70+T70+V70+X70+Z70-AB70 -> 0 | AE70: 0
B71: ='APU''S'!I555 -> 6.33 | C71: ='APU''S'!B555 -> S.T. de REDUCCIÓN HD Ø=4"X3" JUNTA RÁPIDA | D71: ='APU''S'!C560 -> und | E71: =ROUND('ACCESORIOS, ETC'!D23,2) -> 1 | F71: ='APU''S'!B560 -> 251110 | G71: =ROUND(E71*F71,0) -> 251110 | I71: =E71*F71*S71 -> 201110 | J71: =E71*F71*U71 -> 0 | K71: =E71*F71*W71 -> 0 | L71: =E71*F71*Y71 -> 50000 | M71: =E71*F71*AA71 -> 0 | N71: =ROUND(SUM(I71:M71),0) -> 251110 | Q71: =B71 -> 6.33 | R71: ='APU''S'!G559 -> 201110 | S71: =R71/AB71 -> 0.80088407 | T71: 0 | U71: =T71/AB71 -> 0 | V71: 0 | W71: =V71/AB71 -> 0 | X71: ='APU''S'!I559 -> 50000 | Y71: =X71/AB71 -> 0.19911593 | Z71: 0 | AA71: =Z71/AB71 -> 0 | AB71: =F71 -> 251110 | AD71: =R71+T71+V71+X71+Z71-AB71 -> 0 | AE71: 0
B72: ='APU''S'!I562 -> 6.34 | C72: ='APU''S'!B562 -> S.T. UNIÓN RÁPIDA Ø=8" PVC | D72: ='APU''S'!C567 -> und | E72: =ROUND('ACCESORIOS, ETC'!D24,2) -> 25 | F72: ='APU''S'!B567 -> 383431 | G72: =ROUND(E72*F72,0) -> 9585775 | I72: =E72*F72*S72 -> 9532203.6 | J72: =E72*F72*U72 -> 0 | K72: =E72*F72*W72 -> 0 | L72: =E72*F72*Y72 -> 53571.429 | M72: =E72*F72*AA72 -> 0 | N72: =ROUND(SUM(I72:M72),0) -> 9585775 | Q72: =B72 -> 6.34 | R72: ='APU''S'!G566-AE72 -> 381288.14 | S72: =R72/AB72 -> 0.99441136 | T72: 0 | U72: =T72/AB72 -> 0 | V72: 0 | W72: =V72/AB72 -> 0 | X72: ='APU''S'!I566 -> 2142.8571 | Y72: =X72/AB72 -> 0.0055886382 | Z72: 0 | AA72: =Z72/AB72 -> 0 | AB72: =F72 -> 383431 | AD72: =R72+T72+V72+X72+Z72-AB72 -> 0 | AE72: -0.14285714
B73: ='APU''S'!I569 -> 6.35 | C73: ='APU''S'!B569 -> S.T. UNIÓN RÁPIDA Ø=6" PVC | D73: ='APU''S'!C574 -> und | E73: =ROUND('ACCESORIOS, ETC'!D25,2) -> 19 | F73: ='APU''S'!B574 -> 209413 | G73: =ROUND(E73*F73,0) -> 3978847 | I73: =E73*F73*S73 -> 3943222 | J73: =E73*F73*U73 -> 0 | K73: =E73*F73*W73 -> 0 | L73: =E73*F73*Y73 -> 35625 | M73: =E73*F73*AA73 -> 0 | N73: =ROUND(SUM(I73:M73),0) -> 3978847 | Q73: =B73 -> 6.35 | R73: ='APU''S'!G573 -> 207538 | S73: =R73/AB73 -> 0.9910464 | T73: 0 | U73: =T73/AB73 -> 0 | V73: 0 | W73: =V73/AB73 -> 0 | X73: ='APU''S'!I573 -> 1875 | Y73: =X73/AB73 -> 0.0089535989 | Z73: 0 | AA73: =Z73/AB73 -> 0 | AB73: =F73 -> 209413 | AD73: =R73+T73+V73+X73+Z73-AB73 -> 0 | AE73: 0
B74: ='APU''S'!I576 -> 6.36 | C74: ='APU''S'!B576 -> S.T. UNIÓN RÁPIDA Ø=4" PVC | D74: ='APU''S'!C581 -> und | E74: =ROUND('ACCESORIOS, ETC'!D26,2) -> 14 | F74: ='APU''S'!B581 -> 90555 | G74: =ROUND(E74*F74,0) -> 1267770 | I74: =E74*F74*S74 -> 1244436.7 | J74: =E74*F74*U74 -> 0 | K74: =E74*F74*W74 -> 0 | L74: =E74*F74*Y74 -> 23333.333 | M74: =E74*F74*AA74 -> 0 | N74: =ROUND(SUM(I74:M74),0) -> 1267770 | Q74: =B74 -> 6.36 | R74: ='APU''S'!G580-AE74 -> 88888.333 | S74: =R74/AB74 -> 0.98159498 | T74: 0 | U74: =T74/AB74 -> 0 | V74: 0 | W74: =V74/AB74 -> 0 | X74: ='APU''S'!I580 -> 1666.6667 | Y74: =X74/AB74 -> 0.018405021 | Z74: 0 | AA74: =Z74/AB74 -> 0 | AB74: =F74 -> 90555 | AD74: =R74+T74+V74+X74+Z74-AB74 -> 0 | AE74: -0.33333333
B75: ='APU''S'!I583 -> 6.37 | C75: ='APU''S'!B583 -> S.T. UNIÓN RÁPIDA Ø=3" PVC | D75: ='APU''S'!C588 -> und | E75: =ROUND('ACCESORIOS, ETC'!D27,2) -> 30 | F75: ='APU''S'!B588 -> 62502 | G75: =ROUND(E75*F75,0) -> 1875060 | I75: =E75*F75*S75 -> 1830060 | J75: =E75*F75*U75 -> 0 | K75: =E75*F75*W75 -> 0 | L75: =E75*F75*Y75 -> 45000 | M75: =E75*F75*AA75 -> 0 | N75: =ROUND(SUM(I75:M75),0) -> 1875060 | Q75: =B75 -> 6.37 | R75: ='APU''S'!G587 -> 61002 | S75: =R75/AB75 -> 0.97600077 | T75: 0 | U75: =T75/AB75 -> 0 | V75: 0 | W75: =V75/AB75 -> 0 | X75: ='APU''S'!I587 -> 1500 | Y75: =X75/AB75 -> 0.023999232 | Z75: 0 | AA75: =Z75/AB75 -> 0 | AB75: =F75 -> 62502 | AD75: =R75+T75+V75+X75+Z75-AB75 -> 0 | AE75: 0
B76: ='APU''S'!I590 -> 6.38 | C76: ='APU''S'!B590 -> S.T. MEDIO CODO Ø=6" HD JUNTA RÁPIDA | D76: ='APU''S'!C595 -> und | E76: =ROUND('ACCESORIOS, ETC'!D28,2) -> 1 | F76: ='APU''S'!B595 -> 498473 | G76: =ROUND(E76*F76,0) -> 498473 | I76: =E76*F76*S76 -> 448473 | J76: =E76*F76*U76 -> 0 | K76: =E76*F76*W76 -> 0 | L76: =E76*F76*Y76 -> 50000 | M76: =E76*F76*AA76 -> 0 | N76: =ROUND(SUM(I76:M76),0) -> 498473 | Q76: =B76 -> 6.38 | R76: ='APU''S'!G594 -> 448473 | S76: =R76/AB76 -> 0.89969366 | T76: 0 | U76: =T76/AB76 -> 0 | V76: 0 | W76: =V76/AB76 -> 0 | X76: ='APU''S'!I594 -> 50000 | Y76: =X76/AB76 -> 0.10030634 | Z76: 0 | AA76: =Z76/AB76 -> 0 | AB76: =F76 -> 498473 | AD76: =R76+T76+V76+X76+Z76-AB76 -> 0 | AE76: 0
B77: ='APU''S'!I597 -> 6.39 | C77: ='APU''S'!B597 -> S.T. de cilindro PREFABRICADO para MH de D=1.20 m | D77: ='APU''S'!C602 -> m | E77: =ROUND(ALDO!BD503,2) -> 15.06 | F77: ='APU''S'!B602 -> 938693 | G77: =ROUND(E77*F77,0) -> 14136717 | I77: =E77*F77*S77 -> 12048010 | J77: =E77*F77*U77 -> 0 | K77: =E77*F77*W77 -> 0 | L77: =E77*F77*Y77 -> 2088706.3 | M77: =E77*F77*AA77 -> 0 | N77: =ROUND(SUM(I77:M77),0) -> 14136717 | Q77: =B77 -> 6.39 | R77: ='APU''S'!G601-AE77 -> 800000.68 | S77: =R77/AB77 -> 0.85224954 | T77: 0 | U77: =T77/AB77 -> 0 | V77: 0 | W77: =V77/AB77 -> 0 | X77: ='APU''S'!I601 -> 138692.32 | Y77: =X77/AB77 -> 0.14775046 | Z77: 0 | AA77: =Z77/AB77 -> 0 | AB77: =F77 -> 938693 | AD77: =R77+T77+V77+X77+Z77-AB77 -> 0 | AE77: -0.68158372
B78: ='APU''S'!I604 -> 6.40 | C78: ='APU''S'!B604 -> S.T. de cilindro PREFABRICADO para MH de D=1.50 m | D78: ='APU''S'!C609 -> m | E78: =ROUND(ALDO!BE237,2) -> 2.5 | F78: ='APU''S'!B609 -> 1538014 | G78: =ROUND(E78*F78,0) -> 3845035 | I78: =E78*F78*S78 -> 3498304.2 | J78: =E78*F78*U78 -> 0 | K78: =E78*F78*W78 -> 0 | L78: =E78*F78*Y78 -> 346730.8 | M78: =E78*F78*AA78 -> 0 | N78: =ROUND(SUM(I78:M78),0) -> 3845035 | Q78: =B78 -> 6.40 | R78: ='APU''S'!G608-AE78 -> 1399321.7 | S78: =R78/AB78 -> 0.90982376 | T78: 0 | U78: =T78/AB78 -> 0 | V78: 0 | W78: =V78/AB78 -> 0 | X78: ='APU''S'!I608 -> 138692.32 | Y78: =X78/AB78 -> 0.090176239 | Z78: 0 | AA78: =Z78/AB78 -> 0 | AB78: =F78 -> 1538014 | AD78: =R78+T78+V78+X78+Z78-AB78 -> 0 | AE78: -0.68158372
B79: ='APU''S'!I611 -> 6.41 | C79: ='APU''S'!B611 -> S.T. Base y Cañuela pozo de inspección para tuberías PREFABRICADO Para MH de D=1.20m | D79: ='APU''S'!C616 -> und | E79: =ROUND(ALDO!BH503-ALDO!BH237,2) -> 15 | F79: ='APU''S'!B616 -> 1164885 | G79: =ROUND(E79*F79,0) -> 17473275 | I79: =E79*F79*S79 -> 15625893 | J79: =E79*F79*U79 -> 0 | K79: =E79*F79*W79 -> 0 | L79: =E79*F79*Y79 -> 1847381.7 | M79: =E79*F79*AA79 -> 0 | N79: =ROUND(SUM(I79:M79),0) -> 17473275 | Q79: =B79 -> 6.41 | R79: ='APU''S'!G615-AE79 -> 1041726.2 | S79: =R79/AB79 -> 0.89427387 | T79: 0 | U79: =T79/AB79 -> 0 | V79: 0 | W79: =V79/AB79 -> 0 | X79: ='APU''S'!I615 -> 123158.78 | Y79: =X79/AB79 -> 0.10572613 | Z79: 0 | AA79: =Z79/AB79 -> 0 | AB79: =F79 -> 1164885 | AD79: =R79+T79+V79+X79+Z79-AB79 -> 0 | AE79: -0.22124634
B80: ='APU''S'!I618 -> 6.42 | C80: ='APU''S'!B618 -> S.T. Base y Cañuela pozo de inspección para tuberías PREFABRICADO Para MH de D=1.50m | D80: ='APU''S'!C623 -> und | E80: =ROUND(ALDO!BH237,2) -> 1 | F80: ='APU''S'!B623 -> 2287829 | G80: =ROUND(E80*F80,0) -> 2287829 | I80: =E80*F80*S80 -> 2164670.2 | J80: =E80*F80*U80 -> 0 | K80: =E80*F80*W80 -> 0 | L80: =E80*F80*Y80 -> 123158.78 | M80: =E80*F80*AA80 -> 0 | N80: =ROUND(SUM(I80:M80),0) -> 2287829 | Q80: =B80 -> 6.42 | R80: ='APU''S'!G622-AE80 -> 2164670.2 | S80: =R80/AB80 -> 0.94616784 | T80: 0 | U80: =T80/AB80 -> 0 | V80: 0 | W80: =V80/AB80 -> 0 | X80: ='APU''S'!I622 -> 123158.78 | Y80: =X80/AB80 -> 0.053832161 | Z80: 0 | AA80: =Z80/AB80 -> 0 | AB80: =F80 -> 2287829 | AD80: =R80+T80+V80+X80+Z80-AB80 -> 0 | AE80: -0.72124634
B81: ='APU''S'!I625 -> 6.43 | C81: ='APU''S'!B625 -> S.T. Cono concentrico PREFABRICADO para MH, D=1.2m h=0.75m | D81: ='APU''S'!C630 -> und | E81: =ROUND(ALDO!BH503-ALDO!BH237,2) -> 15 | F81: ='APU''S'!B630 -> 597085 | G81: =ROUND(E81*F81,0) -> 8956275 | I81: =E81*F81*S81 -> 7500005.7 | J81: =E81*F81*U81 -> 0 | K81: =E81*F81*W81 -> 0 | L81: =E81*F81*Y81 -> 1456269.3 | M81: =E81*F81*AA81 -> 0 | N81: =ROUND(SUM(I81:M81),0) -> 8956275 | Q81: =B81 -> 6.43 | R81: ='APU''S'!G629-AE81 -> 500000.38 | S81: =R81/AB81 -> 0.83740234 | T81: 0 | U81: =T81/AB81 -> 0 | V81: 0 | W81: =V81/AB81 -> 0 | X81: ='APU''S'!I629 -> 97084.623 | Y81: =X81/AB81 -> 0.16259766 | Z81: 0 | AA81: =Z81/AB81 -> 0 | AB81: =F81 -> 597085 | AD81: =R81+T81+V81+X81+Z81-AB81 -> 0 | AE81: -0.3771086
B82: ='APU''S'!I632 -> 6.44 | C82: ='APU''S'!B632 -> S.T. Cono concentrico PREFABRICADO para MH, D=1.5m h=1.10m | D82: ='APU''S'!C637 -> und | E82: =ROUND(ALDO!BH237,2) -> 1 | F82: ='APU''S'!B637 -> 1227625 | G82: =ROUND(E82*F82,0) -> 1227625 | I82: =E82*F82*S82 -> 1130540.4 | J82: =E82*F82*U82 -> 0 | K82: =E82*F82*W82 -> 0 | L82: =E82*F82*Y82 -> 97084.623 | M82: =E82*F82*AA82 -> 0 | N82: =ROUND(SUM(I82:M82),0) -> 1227625 | Q82: =B82 -> 6.44 | R82: ='APU''S'!G636-AE82 -> 1130540.4 | S82: =R82/AB82 -> 0.92091671 | T82: 0 | U82: =T82/AB82 -> 0 | V82: 0 | W82: =V82/AB82 -> 0 | X82: ='APU''S'!I636 -> 97084.623 | Y82: =X82/AB82 -> 0.079083289 | Z82: 0 | AA82: =Z82/AB82 -> 0 | AB82: =F82 -> 1227625 | AD82: =R82+T82+V82+X82+Z82-AB82 -> 0 | AE82: -0.71044193
B83: ='APU''S'!I639 -> 6.45 | C83: ='APU''S'!B639 -> S.T. de tapa polimérica para cámara de inspección, según diseño, incluye anillo/cuello | D83: ='APU''S'!C645 -> und | E83: =ROUND(ALDO!BH503,2) -> 16 | F83: ='APU''S'!B645 -> 1249351 | G83: =ROUND(E83*F83,0) -> 19989616 | I83: =E83*F83*S83 -> 18570271 | J83: =E83*F83*U83 -> 0 | K83: =E83*F83*W83 -> 0 | L83: =E83*F83*Y83 -> 1419345.5 | M83: =E83*F83*AA83 -> 0 | N83: =ROUND(SUM(I83:M83),0) -> 19989616 | Q83: =B83 -> 6.45 | R83: ='APU''S'!G644-AE83 -> 1160641.9 | S83: =R83/AB83 -> 0.92899586 | T83: 0 | U83: =T83/AB83 -> 0 | V83: 0 | W83: =V83/AB83 -> 0 | X83: ='APU''S'!I644 -> 88709.091 | Y83: =X83/AB83 -> 0.071004138 | Z83: 0 | AA83: =Z83/AB83 -> 0 | AB83: =F83 -> 1249351 | AD83: =R83+T83+V83+X83+Z83-AB83 -> 0 | AE83: -0.90909091
B84: ='APU''S'!B647 -> 7. COLOCACIÓN (C) O INSTALACIÓN (I) DE TUBERÍAS, ACCESORIOS, PREFABRICADOS Y EQUIPOS | G84: =ROUND(SUM(G85:G129),0) -> 193916454 | I84: =SUM(I85:I129) -> 29735693 | J84: =SUM(J85:J129) -> 93630626 | K84: =SUM(K85:K129) -> 54707751 | L84: =SUM(L85:L129) -> 7418872 | M84: =SUM(M85:M129) -> 8424688 | N84: =ROUND(SUM(I84:M84),0) -> 193917630
B85: ='APU''S'!I649 -> 7.1 | C85: ='APU''S'!B649 -> I. Tubería PVC Alcantarillado Ø 250 mm (10") | D85: ='APU''S'!C658 -> m | E85: =ROUND(E39,2) -> 288 | F85: ='APU''S'!B658 -> 36097 | G85: =ROUND(E85*F85,0) -> 10395936 | I85: =E85*F85*S85 -> 1121568 | J85: =E85*F85*U85 -> 5699280 | K85: =E85*F85*W85 -> 3143088 | L85: =E85*F85*Y85 -> 432000 | M85: =E85*F85*AA85 -> 0 | N85: =ROUND(SUM(I85:M85),0) -> 10395936 | Q85: =B85 -> 7.1 | R85: ='APU''S'!G657+'APU''S'!I656-AE85 -> 3894.3333 | S85: =R85/AB85 -> 0.10788524 | T85: ='APU''S'!H654+'APU''S'!I653 -> 19789.167 | U85: =T85/AB85 -> 0.54822192 | V85: ='APU''S'!H655 -> 10913.5 | W85: =V85/AB85 -> 0.30233814 | X85: ='APU''S'!I651 -> 1500 | Y85: =X85/AB85 -> 0.0415547 | Z85: 0 | AA85: =Z85/AB85 -> 0 | AB85: =F85 -> 36097 | AD85: =R85+T85+V85+X85+Z85-AB85 -> 0 | AE85: -0.99166667
B86: ='APU''S'!I660 -> 7.2 | C86: ='APU''S'!B660 -> I. Tubería PVC Alcantarillado Ø 315 mm (12") | D86: ='APU''S'!C669 -> m | E86: =ROUND(E40,2) -> 986.84 | F86: ='APU''S'!B669 -> 39492 | G86: =ROUND(E86*F86,0) -> 38972285 | I86: =E86*F86*S86 -> 4002330.6 | J86: =E86*F86*U86 -> 21523163 | K86: =E86*F86*W86 -> 11966531 | L86: =E86*F86*Y86 -> 1480260 | M86: =E86*F86*AA86 -> 0 | N86: =ROUND(SUM(I86:M86),0) -> 38972285 | Q86: =B86 -> 7.2 | R86: ='APU''S'!I667+'APU''S'!G663-AE86 -> 4055.7037 | S86: =R86/AB86 -> 0.10269684 | T86: ='APU''S'!I664+'APU''S'!H665 -> 21810.185 | U86: =T86/AB86 -> 0.55226844 | V86: ='APU''S'!H666 -> 12126.111 | W86: =V86/AB86 -> 0.30705234 | X86: ='APU''S'!I662 -> 1500 | Y86: =X86/AB86 -> 0.037982376 | Z86: 0 | AA86: =Z86/AB86 -> 0 | AB86: =F86 -> 39492 | AD86: =R86+T86+V86+X86+Z86-AB86 -> 0 | AE86: -0.68055556
B87: ='APU''S'!I671 -> 7.3 | C87: ='APU''S'!B671 -> I. Tubería PVC Alcantarillado Ø 355 mm (14") | D87: ='APU''S'!C680 -> m | E87: =ROUND(E41,2) -> 15.39 | F87: ='APU''S'!B680 -> 44346 | G87: =ROUND(E87*F87,0) -> 682485 | I87: =E87*F87*S87 -> 74913.39 | J87: =E87*F87*U87 -> 374538.09 | K87: =E87*F87*W87 -> 209948.46 | L87: =E87*F87*Y87 -> 23085 | M87: =E87*F87*AA87 -> 0 | N87: =ROUND(SUM(I87:M87),0) -> 682485 | Q87: =B87 -> 7.3 | R87: ='APU''S'!G674+'APU''S'!I678-AE87 -> 4867.6667 | S87: =R87/AB87 -> 0.10976563 | T87: ='APU''S'!I675+'APU''S'!H676 -> 24336.458 | U87: =T87/AB87 -> 0.54878587 | V87: ='APU''S'!H677 -> 13641.875 | W87: =V87/AB87 -> 0.30762357 | X87: ='APU''S'!I673 -> 1500 | Y87: =X87/AB87 -> 0.033824922 | Z87: 0 | AA87: =Z87/AB87 -> 0 | AB87: =F87 -> 44346 | AD87: =R87+T87+V87+X87+Z87-AB87 -> 0 | AE87: -0.98958333
B88: ='APU''S'!I682 -> 7.4 | C88: ='APU''S'!B682 -> I. Tubería PVC Alcantarillado Ø 400 mm (16") | D88: ='APU''S'!C691 -> m | E88: =ROUND(E42,2) -> 100.45 | F88: ='APU''S'!B691 -> 50238 | G88: =ROUND(E88*F88,0) -> 5046407 | I88: =E88*F88*S88 -> 558779.43 | J88: =E88*F88*U88 -> 2770865.4 | K88: =E88*F88*W88 -> 1566087.3 | L88: =E88*F88*Y88 -> 150675 | M88: =E88*F88*AA88 -> 0 | N88: =ROUND(SUM(I88:M88),0) -> 5046407 | Q88: =B88 -> 7.4 | R88: ='APU''S'!I689+'APU''S'!G685-AE88 -> 5562.7619 | S88: =R88/AB88 -> 0.11072817 | T88: ='APU''S'!H687+'APU''S'!I686 -> 27584.524 | U88: =T88/AB88 -> 0.54907687 | V88: ='APU''S'!H688 -> 15590.714 | W88: =V88/AB88 -> 0.31033708 | X88: ='APU''S'!I684 -> 1500 | Y88: =X88/AB88 -> 0.029857877 | Z88: 0 | AA88: =Z88/AB88 -> 0 | AB88: =F88 -> 50238 | AD88: =R88+T88+V88+X88+Z88-AB88 -> 0 | AE88: -0.8452381
B89: ='APU''S'!I693 -> 7.5 | C89: ='APU''S'!B693 -> I. Tubería PVC Alcantarillado Ø 450 mm (18") | D89: ='APU''S'!C702 -> m | E89: =ROUND(E43,2) -> 41.52 | F89: ='APU''S'!B702 -> 58094 | G89: =ROUND(E89*F89,0) -> 2412063 | I89: =E89*F89*S89 -> 269446.35 | J89: =E89*F89*U89 -> 1325122.3 | K89: =E89*F89*W89 -> 755214.2 | L89: =E89*F89*Y89 -> 62280 | M89: =E89*F89*AA89 -> 0 | N89: =ROUND(SUM(I89:M89),0) -> 2412063 | Q89: =B89 -> 7.5 | R89: ='APU''S'!I700+'APU''S'!G696-AE89 -> 6489.5556 | S89: =R89/AB89 -> 0.11170785 | T89: ='APU''S'!H698+'APU''S'!I697 -> 31915.278 | U89: =T89/AB89 -> 0.54937305 | V89: ='APU''S'!H699 -> 18189.167 | W89: =V89/AB89 -> 0.31309889 | X89: ='APU''S'!I695 -> 1500 | Y89: =X89/AB89 -> 0.025820222 | Z89: 0 | AA89: =Z89/AB89 -> 0 | AB89: =F89 -> 58094 | AD89: =R89+T89+V89+X89+Z89-AB89 -> 0 | AE89: -0.65277778
B90: ='APU''S'!I704 -> 7.6 | C90: ='APU''S'!B704 -> I. Tubería PVC Alcantarillado Ø500 mm (20") | D90: ='APU''S'!C713 -> m | E90: =ROUND(E44,2) -> 99.7 | F90: ='APU''S'!B713 -> 69093 | G90: =ROUND(E90*F90,0) -> 6888572 | I90: =E90*F90*S90 -> 776430.37 | J90: =E90*F90*U90 -> 3786439.8 | K90: =E90*F90*W90 -> 2176151.9 | L90: =E90*F90*Y90 -> 149550 | M90: =E90*F90*AA90 -> 0 | N90: =ROUND(SUM(I90:M90),0) -> 6888572 | Q90: =B90 -> 7.6 | R90: ='APU''S'!G707+'APU''S'!I711-AE90 -> 7787.6667 | S90: =R90/AB90 -> 0.11271282 | T90: ='APU''S'!H709+'APU''S'!I708 -> 37978.333 | U90: =T90/AB90 -> 0.54966977 | V90: ='APU''S'!H710 -> 21827 | W90: =V90/AB90 -> 0.31590754 | X90: ='APU''S'!I706 -> 1500 | Y90: =X90/AB90 -> 0.021709869 | Z90: 0 | AA90: =Z90/AB90 -> 0 | AB90: =F90 -> 69093 | AD90: =R90+T90+V90+X90+Z90-AB90 -> 0 | AE90: -0.98333333
B91: ='APU''S'!I715 -> 7.7 | C91: ='APU''S'!B715 -> I. de Tubería PVC Alcantarillado Ø 150 mm (6") | D91: ='APU''S'!C723 -> m | E91: =ROUND(E45,2) -> 1896 | F91: ='APU''S'!B723 -> 23498 | G91: =ROUND(E91*F91,0) -> 44552208 | I91: =E91*F91*S91 -> 4922437.3 | J91: =E91*F91*U91 -> 22991107 | K91: =E91*F91*W91 -> 13794664 | L91: =E91*F91*Y91 -> 2844000 | M91: =E91*F91*AA91 -> 0 | N91: =ROUND(SUM(I91:M91),0) -> 44552208 | Q91: =B91 -> 7.7 | R91: ='APU''S'!G718+'APU''S'!I721-AE91 -> 2596.2222 | S91: =R91/AB91 -> 0.11048694 | T91: ='APU''S'!H719 -> 12126.111 | U91: =T91/AB91 -> 0.51604865 | V91: ='APU''S'!H720 -> 7275.6667 | W91: =V91/AB91 -> 0.30962919 | X91: ='APU''S'!I717 -> 1500 | Y91: =X91/AB91 -> 0.06383522 | Z91: 0 | AA91: =Z91/AB91 -> 0 | AB91: =F91 -> 23498 | AD91: =R91+T91+V91+X91+Z91-AB91 -> 0 | AE91: -0.66111111
B92: ='APU''S'!I725 -> 7.8 | C92: ='APU''S'!B725 -> I. Silla Yee PVC Alcantarillado de 315 mm (12") x 160 mm | D92: ='APU''S'!C734 -> und | E92: =ROUND(E46,2) -> 253 | F92: ='APU''S'!B734 -> 65897 | G92: =ROUND(E92*F92,0) -> 16671941 | I92: =E92*F92*S92 -> 7798421.4 | J92: =E92*F92*U92 -> 5522231 | K92: =E92*F92*W92 -> 3313338.6 | L92: =E92*F92*Y92 -> 37950 | M92: =E92*F92*AA92 -> 0 | N92: =ROUND(SUM(I92:M92),0) -> 16671941 | Q92: =B92 -> 7.8 | R92: ='APU''S'!I732+'APU''S'!G728+'APU''S'!G729-AE92 -> 30823.8 | S92: =R92/AB92 -> 0.46775726 | T92: ='APU''S'!H730 -> 21827 | U92: =T92/AB92 -> 0.33122904 | V92: ='APU''S'!H731 -> 13096.2 | W92: =V92/AB92 -> 0.19873742 | X92: ='APU''S'!I727 -> 150 | Y92: =X92/AB92 -> 0.0022762796 | Z92: 0 | AA92: =Z92/AB92 -> 0 | AB92: =F92 -> 65897 | AD92: =R92+T92+V92+X92+Z92-AB92 -> 0 | AE92: -0.64
B93: ='APU''S'!I736 -> 7.9 | C93: ='APU''S'!B736 -> I. Silla Yee PVC Alcantarillado de 355 mm (14") x 160 mm | D93: ='APU''S'!C745 -> und | E93: =ROUND(E47,2) -> 1 | F93: ='APU''S'!B745 -> 78728 | G93: =ROUND(E93*F93,0) -> 78728 | I93: =E93*F93*S93 -> 34924 | J93: =E93*F93*U93 -> 27283.75 | K93: =E93*F93*W93 -> 16370.25 | L93: =E93*F93*Y93 -> 150 | M93: =E93*F93*AA93 -> 0 | N93: =ROUND(SUM(I93:M93),0) -> 78728 | Q93: =B93 -> 7.9 | R93: ='APU''S'!I743+'APU''S'!G739+'APU''S'!G740-AE93 -> 34924 | S93: =R93/AB93 -> 0.44360329 | T93: ='APU''S'!H741 -> 27283.75 | U93: =T93/AB93 -> 0.34655713 | V93: ='APU''S'!H742 -> 16370.25 | W93: =V93/AB93 -> 0.20793428 | X93: ='APU''S'!I738 -> 150 | Y93: =X93/AB93 -> 0.0019052942 | Z93: 0 | AA93: =Z93/AB93 -> 0 | AB93: =F93 -> 78728 | AD93: =R93+T93+V93+X93+Z93-AB93 -> 0 | AE93: -0.075
B94: ='APU''S'!I747 -> 7.10 | C94: ='APU''S'!B747 -> I. Silla Yee PVC Alcantarillado de 400 mm (16") x 160 mm | D94: ='APU''S'!C756 -> und | E94: =ROUND(E48,2) -> 25 | F94: ='APU''S'!B756 -> 84608 | G94: =ROUND(E94*F94,0) -> 2115200 | I94: =E94*F94*S94 -> 947343.33 | J94: =E94*F94*U94 -> 727566.67 | K94: =E94*F94*W94 -> 436540 | L94: =E94*F94*Y94 -> 3750 | M94: =E94*F94*AA94 -> 0 | N94: =ROUND(SUM(I94:M94),0) -> 2115200 | Q94: =B94 -> 7.10 | R94: ='APU''S'!G750+'APU''S'!G751+'APU''S'!I754-AE94 -> 37893.733 | S94: =R94/AB94 -> 0.44787412 | T94: ='APU''S'!H752 -> 29102.667 | U94: =T94/AB94 -> 0.34397063 | V94: ='APU''S'!H753 -> 17461.6 | W94: =V94/AB94 -> 0.20638238 | X94: ='APU''S'!I749 -> 150 | Y94: =X94/AB94 -> 0.001772882 | Z94: 0 | AA94: =Z94/AB94 -> 0 | AB94: =F94 -> 84608 | AD94: =R94+T94+V94+X94+Z94-AB94 -> 0 | AE94: -0.65333333
B95: ='APU''S'!I758 -> 7.11 | C95: ='APU''S'!B758 -> I. Silla Yee PVC Alcantarillado de 450 mm (18") x 160 mm | D95: ='APU''S'!C767 -> und | E95: =ROUND(E49,2) -> 18 | F95: ='APU''S'!B767 -> 91499 | G95: =ROUND(E95*F95,0) -> 1646982 | I95: =E95*F95*S95 -> 746256.86 | J95: =E95*F95*U95 -> 561265.71 | K95: =E95*F95*W95 -> 336759.43 | L95: =E95*F95*Y95 -> 2700 | M95: =E95*F95*AA95 -> 0 | N95: =ROUND(SUM(I95:M95),0) -> 1646982 | Q95: =B95 -> 7.11 | R95: ='APU''S'!G761+'APU''S'!G762+'APU''S'!I765-AE95 -> 41458.714 | S95: =R95/AB95 -> 0.45310565 | T95: ='APU''S'!H763 -> 31181.429 | U95: =T95/AB95 -> 0.34078436 | V95: ='APU''S'!H764 -> 18708.857 | W95: =V95/AB95 -> 0.20447062 | X95: ='APU''S'!I760 -> 150 | Y95: =X95/AB95 -> 0.0016393622 | Z95: 0 | AA95: =Z95/AB95 -> 0 | AB95: =F95 -> 91499 | AD95: =R95+T95+V95+X95+Z95-AB95 -> 0 | AE95: -0.64642857
B96: ='APU''S'!I769 -> 7.12 | C96: ='APU''S'!B769 -> I. Silla Yee PVC Alcantarillado de 500 mm (20") x 160 mm | D96: ='APU''S'!C778 -> und | E96: =ROUND(E50,2) -> 19 | F96: ='APU''S'!B778 -> 99714 | G96: =ROUND(E96*F96,0) -> 1894566 | I96: =E96*F96*S96 -> 870884 | J96: =E96*F96*U96 -> 638020 | K96: =E96*F96*W96 -> 382812 | L96: =E96*F96*Y96 -> 2850 | M96: =E96*F96*AA96 -> 0 | N96: =ROUND(SUM(I96:M96),0) -> 1894566 | Q96: =B96 -> 7.12 | R96: ='APU''S'!G772+'APU''S'!G773+'APU''S'!I776-AE96 -> 45836 | S96: =R96/AB96 -> 0.45967467 | T96: ='APU''S'!H774 -> 33580 | U96: =T96/AB96 -> 0.33676314 | V96: ='APU''S'!H775 -> 20148 | W96: =V96/AB96 -> 0.20205789 | X96: ='APU''S'!I771 -> 150 | Y96: =X96/AB96 -> 0.0015043023 | Z96: 0 | AA96: =Z96/AB96 -> 0 | AB96: =F96 -> 99714 | AD96: =R96+T96+V96+X96+Z96-AB96 -> 0 | AE96: -0.38021978
B97: ='APU''S'!I780 -> 7.13 | C97: ='APU''S'!B780 -> I. Tubería PVC Unión Mecanica RDE 21 de Ø 3" (80,42 mm) | D97: ='APU''S'!C788 -> m | E97: =ROUND(E51,2) -> 324.72 | F97: ='APU''S'!B788 -> 17950 | G97: =ROUND(E97*F97,0) -> 5828724 | I97: =E97*F97*S97 -> 616535.04 | J97: =E97*F97*U97 -> 2953193.1 | K97: =E97*F97*W97 -> 1771915.9 | L97: =E97*F97*Y97 -> 487080 | M97: =E97*F97*AA97 -> 0 | N97: =ROUND(SUM(I97:M97),0) -> 5828724 | Q97: =B97 -> 7.13 | R97: ='APU''S'!G783+'APU''S'!I786-AE97 -> 1898.6667 | S97: =R97/AB97 -> 0.1057753 | T97: ='APU''S'!H784 -> 9094.5833 | U97: =T97/AB97 -> 0.50666202 | V97: ='APU''S'!H785 -> 5456.75 | W97: =V97/AB97 -> 0.30399721 | X97: ='APU''S'!I782 -> 1500 | Y97: =X97/AB97 -> 0.08356546 | Z97: 0 | AA97: =Z97/AB97 -> 0 | AB97: =F97 -> 17950 | AD97: =R97+T97+V97+X97+Z97-AB97 -> 0 | AE97: -0.76
B98: ='APU''S'!I790 -> 7.14 | C98: ='APU''S'!B790 -> I. Tubería PVC Unión Mecanica RDE 21 de Ø 4" (103,42 mm) | D98: ='APU''S'!C798 -> m | E98: =ROUND(E52,2) -> 102.51 | F98: ='APU''S'!B798 -> 23498 | G98: =ROUND(E98*F98,0) -> 2408780 | I98: =E98*F98*S98 -> 266138.74 | J98: =E98*F98*U98 -> 1243047.7 | K98: =E98*F98*W98 -> 745828.59 | L98: =E98*F98*Y98 -> 153765 | M98: =E98*F98*AA98 -> 0 | N98: =ROUND(SUM(I98:M98),0) -> 2408780 | Q98: =B98 -> 7.14 | R98: ='APU''S'!G793+'APU''S'!I796-AE98 -> 2596.2222 | S98: =R98/AB98 -> 0.11048694 | T98: ='APU''S'!H794 -> 12126.111 | U98: =T98/AB98 -> 0.51604865 | V98: ='APU''S'!H795 -> 7275.6667 | W98: =V98/AB98 -> 0.30962919 | X98: ='APU''S'!I792 -> 1500 | Y98: =X98/AB98 -> 0.06383522 | Z98: 0 | AA98: =Z98/AB98 -> 0 | AB98: =F98 -> 23498 | AD98: =R98+T98+V98+X98+Z98-AB98 -> 0 | AE98: -0.66111111
B99: ='APU''S'!I800 -> 7.15 | C99: ='APU''S'!B800 -> I. Tubería PVC Unión Mecanica RDE 21 de Ø 6" (152,22 mm) | D99: ='APU''S'!C808 -> m | E99: =ROUND(E53,2) -> 351.12 | F99: ='APU''S'!B808 -> 24953 | G99: =ROUND(E99*F99,0) -> 8761497 | I99: =E99*F99*S99 -> 935868.56 | J99: =E99*F99*U99 -> 4561843 | K99: =E99*F99*W99 -> 2737105.8 | L99: =E99*F99*Y99 -> 526680 | M99: =E99*F99*AA99 -> 0 | N99: =ROUND(SUM(I99:M99),0) -> 8761497 | Q99: =B99 -> 7.15 | R99: ='APU''S'!G803+'APU''S'!I806-AE99 -> 2665.381 | S99: =R99/AB99 -> 0.10681605 | T99: ='APU''S'!H804 -> 12992.262 | U99: =T99/AB99 -> 0.52066933 | V99: ='APU''S'!H805 -> 7795.3571 | W99: =V99/AB99 -> 0.3124016 | X99: ='APU''S'!I802 -> 1500 | Y99: =X99/AB99 -> 0.060113012 | Z99: 0 | AA99: =Z99/AB99 -> 0 | AB99: =F99 -> 24953 | AD99: =R99+T99+V99+X99+Z99-AB99 -> 0 | AE99: -0.52777778
B100: ='APU''S'!I810 -> 7.16 | C100: ='APU''S'!B810 -> I. Tubería PVC Unión Mecanica RDE 21 de Ø 8" (198,21 mm) | D100: ='APU''S'!C818 -> m | E100: =ROUND(E54,2) -> 497.26 | F100: ='APU''S'!B818 -> 27607 | G100: =ROUND(E100*F100,0) -> 13727857 | I100: =E100*F100*S100 -> 1849973 | J100: =E100*F100*U100 -> 6957496.2 | K100: =E100*F100*W100 -> 4174497.7 | L100: =E100*F100*Y100 -> 745890 | M100: =E100*F100*AA100 -> 0 | N100: =ROUND(SUM(I100:M100),0) -> 13727857 | Q100: =B100 -> 7.16 | R100: ='APU''S'!G813+'APU''S'!I816-AE100 -> 3720.3333 | S100: =R100/AB100 -> 0.13476051 | T100: ='APU''S'!H814 -> 13991.667 | U100: =T100/AB100 -> 0.5068159 | V100: ='APU''S'!H815 -> 8395 | W100: =V100/AB100 -> 0.30408954 | X100: ='APU''S'!I812 -> 1500 | Y100: =X100/AB100 -> 0.054334046 | Z100: 0 | AA100: =Z100/AB100 -> 0 | AB100: =F100 -> 27607 | AD100: =R100+T100+V100+X100+Z100-AB100 -> 0 | AE100: -0.24444444
B101: ='APU''S'!I820 -> 7.17 | C101: ='APU''S'!B820 -> I. de TEE Ø8" HD JUNTA RÁPIDA | D101: ='APU''S'!C826 -> und | E101: =ROUND(E55,2) -> 1 | F101: ='APU''S'!B826 -> 122232 | G101: =ROUND(E101*F101,0) -> 122232 | I101: =E101*F101*S101 -> 5821.3333 | J101: =E101*F101*U101 -> 72756.667 | K101: =E101*F101*W101 -> 43654 | L101: =E101*F101*Y101 -> 0 | M101: =E101*F101*AA101 -> 0 | N101: =ROUND(SUM(I101:M101),0) -> 122232 | Q101: =B101 -> 7.17 | R101: ='APU''S'!I824-AE101 -> 5821.3333 | S101: =R101/AB101 -> 0.047625281 | T101: ='APU''S'!H822 -> 72756.667 | U101: =T101/AB101 -> 0.5952342 | V101: ='APU''S'!H823 -> 43654 | W101: =V101/AB101 -> 0.35714052 | X101: 0 | Y101: =X101/AB101 -> 0 | Z101: 0 | AA101: =Z101/AB101 -> 0 | AB101: =F101 -> 122232 | AD101: =R101+T101+V101+X101+Z101-AB101 -> 0 | AE101: -0.8
...

Sheet PLAN FINANCIERO
B2: =_xlfn.CONCAT("PROYECTO - ",PRESUP!B2) -> PROYECTO - CONSTRUCCIÓN DE LA SEGUNDA ETAPA DEL PLAN MAESTRO DE ACUEDUCTO Y ALCANTARILLADO DE LOS SECTORES LA VIEJITA, LOS SAUCES, EL ALTO 2, MALPASO 2 Y ADOQUINADO DEL MUNICIPIO DE SAN CARLOS, ANTIOQUIA
B3: PLAN FINANCIERO POR FUENTES (VALORES EN PESOS CORRIENTES)
B4: COMPONENTE | D4: ESPECIFICACION | E4: FUENTES | F4: DEPARTAMENTO - SGP | G4: MUNICIPIO -SGP | H4: CAR | I4: OTRAS FUENTES | J4: TOTAL
B5: OBRA FISICA | F5: =ROUND(G23*I19,0) -> 2814316050 | G5: =ROUND(G23-F5,0) -> 703579013 | J5: =SUM(F5:I5) -> 3517895063
B6: A = | C6: =PRESUP!F132 -> 0.28397923 | F6: =+ROUND(F5*C6,0) -> 799207292 | G6: =+ROUND(G5*C6,0) -> 199801823 | J6: =SUM(F6:I6) -> 999009115
B7: I = | C7: 0 | F7: =+ROUND(F5*0,0) -> 0 | G7: =+ROUND(G5*0,0) -> 0 | J7: =SUM(F7:I7) -> 0
B8: U = | C8: =PRESUP!F133 -> 0.05 | F8: =+ROUND(F5*C8,0) -> 140715803 | G8: =+ROUND(G5*C8,0) -> 35178951 | J8: =SUM(F8:I8) -> 175894754
B9: Subtotal Obra Física | F9: =SUM(F5:F8) -> 3754239145 | G9: =SUM(G5:G8) -> 938559787 | J9: =SUM(F9:I9) -> 4692798932
B10: SUMINISTROS | F10: =ROUND(G24*I19,0) -> 654673999 | G10: =ROUND(G24-F10,0) -> 163668500 | J10: =SUM(F10:I10) -> 818342499
B11: A = | C11: =PRESUP!F136 -> 0.28397923 | F11: =+ROUND(F10*C11,0) -> 185913815 | G11: =+ROUND(G10*C11,0) -> 46478454 | J11: =SUM(F11:I11) -> 232392269
B12: Subtotal Suministros | F12: =SUM(F10:F11) -> 840587814 | G12: =SUM(G10:G11) -> 210146954 | J12: =SUM(F12:G12) -> 1050734768
B13: SUBTOTAL | F13: =+F9+F12 -> 4594826959 | G13: =+G9+G12 -> 1148706741 | J13: =SUM(F13:G13) -> 5743533700
B14: Interventoría Obra física = | C14: =PRESUP!F138 -> 0.099217712 | F14: =F13*C14 -> 4.5588822e+08 | G14: =G13*C14 -> 1.1397205e+08 | J14: =SUM(F14:I14) -> 5.6986027e+08
B16: VALOR TOTAL PROYECTO | F16: =SUM(F13:F15) -> 5.0507152e+09 | G16: =SUM(G13:G15) -> 1.2626788e+09 | H16: =SUM(H5:H15) -> 0 | I16: =SUM(I5:I15) -> 0 | J16: =SUM(F16:I16) -> 6.313394e+09
B17: % PARTICIPACIÓN | F17: =+F16/$J$16 -> 0.8 | G17: =+G16/$J$16 -> 0.2 | H17: =+H16/$J$16 -> 0 | I17: =+I16/$J$16 -> 0 | J17: =SUM(F17:I17) -> 1
F19: gob TOTAL | G19: =PRESUP!G141*'PLAN FINANCIERO'!I19 -> 5.0507152e+09 | I19: 0.8
F20: mpio TOTAL | G20: =PRESUP!G141*'PLAN FINANCIERO'!I20 -> 1.2626788e+09 | I20: 0.2
F21: mpio - int obra | G21: =G20-G25 -> 6.9281852e+08
F22: gob - int sum | G22: =G19-G26 -> 5.0507152e+09
F23: CD obra | G23: =PRESUP!G131 -> 3517895063
F24: CD sum | G24: =PRESUP!G135 -> 818342499
F25: int obra | G25: =PRESUP!G138 -> 569860272
F26: int sum | G26: =PRESUP!G139 -> 0

Sheet PAV
B2: PAVIMENTO RED PRINCIPAL Y DOMICILIARIAS ALCANTARILLADO
B3: UBICACIÓN | D3: CALLE N° | E3: DESCRIPCIÓN CALLE | F3: REFERENCIA | G3: LONGITUD (M) | H3: ANCHO ZANJA | I3: ÁREA TOTAL (m²) | J3: ESPESOR PAVIMENTO (m) | K3: VOLUMEN PAVIMENTO (m³) | L3: ESPESOR SUB-BASE | M3: LLENO EN BASE GRANULAR TOTAL (m³) | N3: ESPESOR CAJEO | O3: EXC CAJEO DE VIA TOTAL (m³) | P3: ESPESOR DEMOLICION | Q3: VOLUMEN DEMOLICION
B6: DE MH | C6: A MH
B7: C327 | C7: C191 | D7: 6 | E7: CLL 20 ENTRE CRA 21 Y CRA 22 | F7: Faizan | G7: 101.87 | H7: 0.8 | I7: =G7*H7 -> 81.496 | J7: 0.18 | K7: =I7*J7 -> 14.66928 | L7: 0.15 | M7: =I7*L7 -> 12.2244 | N7: 0.15 | O7: =I7*N7 -> 12.2244 | P7: 0.2 | Q7: =I7*P7 -> 16.2992
B8: C373 | C8: C191 | D8: 7 | E8: CRA 22 ENTRE CLL 19 Y CLL 20 | F8: Cristo | G8: 95.98 | H8: 0.8 | I8: =G8*H8 -> 76.784 | J8: =$J$7 -> 0.18 | K8: =I8*J8 -> 13.82112 | L8: =$L$7 -> 0.15 | M8: =I8*L8 -> 11.5176 | N8: =$N$7 -> 0.15 | O8: =I8*N8 -> 11.5176 | P8: =$P$7 -> 0.2 | Q8: =I8*P8 -> 15.3568
B9: C191A | C9: C183 | D9: 5 | E9: CLL 21 ENTRE CRA 21 Y CRA 22 | F9: Sol de oriente | G9: 43.47 | H9: 0.8 | I9: =G9*H9 -> 34.776 | J9: =$J$7 -> 0.18 | K9: =I9*J9 -> 6.25968 | L9: =$L$7 -> 0.15 | M9: =I9*L9 -> 5.2164 | N9: =$N$7 -> 0.15 | O9: =I9*N9 -> 5.2164 | P9: =$P$7 -> 0.2 | Q9: =I9*P9 -> 6.9552
B10: C289 | C10: C305 | D10: 3 | E10: CRA 24 ENTRE CLL 20 Y CLL 21 | F10: Esq Hospital- Alto | G10: 62.58 | H10: 0.8 | I10: =G10*H10 -> 50.064 | J10: =$J$7 -> 0.18 | K10: =I10*J10 -> 9.01152 | L10: =$L$7 -> 0.15 | M10: =I10*L10 -> 7.5096 | N10: =$N$7 -> 0.15 | O10: =I10*N10 -> 7.5096 | P10: =$P$7 -> 0.2 | Q10: =I10*P10 -> 10.0128
B11: C305 | C11: C167 | D11: 3 | E11: CRA 24 ENTRE CLL 20 Y CLL 21 | F11: Esq Hospital- Alto | G11: 40.66 | H11: 0.8 | I11: =G11*H11 -> 32.528 | J11: =$J$7 -> 0.18 | K11: =I11*J11 -> 5.85504 | L11: =$L$7 -> 0.15 | M11: =I11*L11 -> 4.8792 | N11: =$N$7 -> 0.15 | O11: =I11*N11 -> 4.8792 | P11: =$P$7 -> 0.2 | Q11: =I11*P11 -> 6.5056
B12: C239 | C12: C241 | D12: 1 | E12: CLL 22 ENTRE CRA 24 Y CRA 24A | F12: Salida barrio la viejita | G12: 44.82 | H12: 0.8 | I12: =G12*H12 -> 35.856 | J12: =$J$7 -> 0.18 | K12: =I12*J12 -> 6.45408 | L12: =$L$7 -> 0.15 | M12: =I12*L12 -> 5.3784 | N12: =$N$7 -> 0.15 | O12: =I12*N12 -> 5.3784 | P12: =$P$7 -> 0.2 | Q12: =I12*P12 -> 7.1712
B13: C227 | C13: C243 | D13: 12 | E13: CLL 22 ENTRE CRA 19 Y CRA 20 | F13: Detrás de iglesia | G13: 88.19 | H13: 0.8 | I13: =G13*H13 -> 70.552 | J13: =$J$7 -> 0.18 | K13: =I13*J13 -> 12.69936 | L13: =$L$7 -> 0.15 | M13: =I13*L13 -> 10.5828 | N13: =$N$7 -> 0.15 | O13: =I13*N13 -> 10.5828 | P13: =$P$7 -> 0.2 | Q13: =I13*P13 -> 14.1104
B14: C243 | C14: C241 | D14: 12 | E14: CLL 22 ENTRE CRA 19 Y CRA 20 | F14: Detrás de iglesia | G14: 29.53 | H14: 0.8 | I14: =G14*H14 -> 23.624 | J14: =$J$7 -> 0.18 | K14: =I14*J14 -> 4.25232 | L14: =$L$7 -> 0.15 | M14: =I14*L14 -> 3.5436 | N14: =$N$7 -> 0.15 | O14: =I14*N14 -> 3.5436 | P14: =$P$7 -> 0.2 | Q14: =I14*P14 -> 4.7248
B15: C241 | C15: C167 | D15: 2 | E15: CRA 24 ENTRE CLL 21 Y CLL 22 | F15: Frente a Hospital | G15: 99.69 | H15: 1.1 | I15: =G15*H15 -> 109.659 | J15: =$J$7 -> 0.18 | K15: =I15*J15 -> 19.73862 | L15: =$L$7 -> 0.15 | M15: =I15*L15 -> 16.44885 | N15: =$N$7 -> 0.15 | O15: =I15*N15 -> 16.44885 | P15: =$P$7 -> 0.2 | Q15: =I15*P15 -> 21.9318
B16: C207 | C16: C217 | D16: 9 | E16: CLL 22 ENTRE CRA 22 Y CRA 23 | F16: Divino Niño | G16: 103.81 | H16: 0.8 | I16: =G16*H16 -> 83.048 | J16: =$J$7 -> 0.18 | K16: =I16*J16 -> 14.94864 | L16: =$L$7 -> 0.15 | M16: =I16*L16 -> 12.4572 | N16: =$N$7 -> 0.15 | O16: =I16*N16 -> 12.4572 | P16: =$P$7 -> 0.2 | Q16: =I16*P16 -> 16.6096
B17: C191A | C17: C195 | D17: 5 | E17: CLL 21 ENTRE CRA 21 Y CRA 22 | F17: Sol de oriente | G17: 15.39 | H17: 0.9 | I17: =G17*H17 -> 13.851 | J17: =$J$7 -> 0.18 | K17: =I17*J17 -> 2.49318 | L17: =$L$7 -> 0.15 | M17: =I17*L17 -> 2.07765 | N17: =$N$7 -> 0.15 | O17: =I17*N17 -> 2.07765 | P17: =$P$7 -> 0.2 | Q17: =I17*P17 -> 2.7702
B18: C195 | C18: C197 | D18: 5 | E18: CLL 21 ENTRE CRA 21 Y CRA 22 | F18: Sol de oriente | G18: 41.52 | H18: 1 | I18: =G18*H18 -> 41.52 | J18: =$J$7 -> 0.18 | K18: =I18*J18 -> 7.4736 | L18: =$L$7 -> 0.15 | M18: =I18*L18 -> 6.228 | N18: =$N$7 -> 0.15 | O18: =I18*N18 -> 6.228 | P18: =$P$7 -> 0.2 | Q18: =I18*P18 -> 8.304
B19: C311 | C19: C179 | D19: 4 | E19: CRA 23 ENTRE CLL 20 Y CLL 21 | F19: Casa Teodulfo | G19: 31.99 | H19: 0.8 | I19: =G19*H19 -> 25.592 | J19: =$J$7 -> 0.18 | K19: =I19*J19 -> 4.60656 | L19: =$L$7 -> 0.15 | M19: =I19*L19 -> 3.8388 | N19: =$N$7 -> 0.15 | O19: =I19*N19 -> 3.8388 | P19: =$P$7 -> 0.2 | Q19: =I19*P19 -> 5.1184
... B26: C227 | C26: C175 | D26: 13 | E26: CRA 23 ENTRE CLL 21 Y CLL 22 | F26: Lote parqueadero | G26: 100.41 | H26: 0.9 | I26: =G26*H26 -> 90.369 | J26: =$J$7 -> 0.18 | K26: =I26*J26 -> 16.26642 | L26: =$L$7 -> 0.15 | M26: =I26*L26 -> 13.55535 | N26: =$N$7 -> 0.15 | O26: =I26*N26 -> 13.55535 | P26: =$P$7 -> 0.2 | Q26: =I26*P26 -> 18.0738
E27: DOMICILIARIAS ALDO | F27: 394 | G27: =3.5*F27 -> 1379 | H27: 0.7 | I27: =G27*H27 -> 965.3 | J27: =$J$7 -> 0.18 | K27: =I27*J27 -> 173.754 | L27: =$L$7 -> 0.15 | M27: =I27*L27 -> 144.795 | N27: =$N$7 -> 0.15 | O27: =I27*N27 -> 144.795 | P27: =$P$7 -> 0.2 | Q27: =I27*P27 -> 193.06
G28: =SUM(G7:G27) -> 2619.12 | I28: =SUM(I7:I27) -> 2007.187 | K28: =SUM(K7:K27) -> 361.29366 | M28: =SUM(M7:M27) -> 301.07805 | O28: =SUM(O7:O27) -> 301.07805 | Q28: =SUM(Q7:Q27) -> 401.4374
B31: PAVIMENTO RED PRINCIPAL Y DOMICILIARIAS ACUEDUCTO
B32: UBICACIÓN | D32: CALLE N° | E32: DESCRIPCIÓN CALLE | F32: REFERENCIA | G32: LONGITUD (M) | H32: ANCHO ZANJA | I32: ÁREA TOTAL (m²) | J32: ESPESOR PAVIMENTO (m) | K32: VOLUMEN PAVIMENTO (m³) | L32: ESPESOR SUB-BASE | M32: LLENO EN BASE GRANULAR TOTAL (m³) | N32: ESPESOR CAJEO | O32: EXC CAJEO DE VIA TOTAL (m³) | P32: ESPESOR DEMOLICION | Q32: VOLUMEN DEMOLICION
B35: DE NODO | C35: A NODO
B36: 1124-B | C36: N92 | D36: 1 | E36: CLL 22 ENTRE CRA 24 Y CRA 24A | F36: Salida barrio la viejita | G36: 41.445217 | H36: 0.6 | I36: =G36*H36 -> 24.86713 | J36: 0.18 | K36: =I36*J36 -> 4.4760835 | L36: 0.15 | M36: =I36*L36 -> 3.7300695 | N36: 0.15 | O36: =I36*N36 -> 3.7300695 | P36: 0.2 | Q36: =I36*P36 -> 4.9734261
B37: N3 | C37: 1124-A | D37: 1 | E37: CLL 22 ENTRE CRA 24 Y CRA 24A | F37: Salida barrio la viejita | G37: 6.3107923 | H37: 0.6 | I37: =G37*H37 -> 3.7864754 | J37: =$J$36 -> 0.18 | K37: =I37*J37 -> 0.68156557 | L37: =$L$36 -> 0.15 | M37: =I37*L37 -> 0.56797131 | N37: =$N$36 -> 0.15 | O37: =I37*N37 -> 0.56797131 | P37: =$P$36 -> 0.2 | Q37: =I37*P37 -> 0.75729508
B38: 1133-B | C38: N3 | D38: 12 | E38: CLL 22 ENTRE CRA 19 Y CRA 20 | F38: Detrás de iglesia | G38: 112.69025 | H38: 0.6 | I38: =G38*H38 -> 67.614148 | J38: =$J$36 -> 0.18 | K38: =I38*J38 -> 12.170547 | L38: =$L$36 -> 0.15 | M38: =I38*L38 -> 10.142122 | N38: =$N$36 -> 0.15 | O38: =I38*N38 -> 10.142122 | P38: =$P$36 -> 0.2 | Q38: =I38*P38 -> 13.52283
B39: N2 | C39: 1133-A | D39: 12 | E39: CLL 22 ENTRE CRA 19 Y CRA 20 | F39: Detrás de iglesia | G39: 3.2262052 | H39: 0.6 | I39: =G39*H39 -> 1.9357231 | J39: =$J$36 -> 0.18 | K39: =I39*J39 -> 0.34843016 | L39: =$L$36 -> 0.15 | M39: =I39*L39 -> 0.29035847 | N39: =$N$36 -> 0.15 | O39: =I39*N39 -> 0.29035847 | P39: =$P$36 -> 0.2 | Q39: =I39*P39 -> 0.38714462
B40: N2 | C40: 1129-A | D40: 11 | E40: CLL 22 ENTRE CRA 20 Y CRA 21 | F40: Casa de la cultura | G40: 6.3131057 | H40: 0.6 | I40: =G40*H40 -> 3.7878634 | J40: =$J$36 -> 0.18 | K40: =I40*J40 -> 0.68181542 | L40: =$L$36 -> 0.15 | M40: =I40*L40 -> 0.56817952 | N40: =$N$36 -> 0.15 | O40: =I40*N40 -> 0.56817952 | P40: =$P$36 -> 0.2 | Q40: =I40*P40 -> 0.75757269
B41: 1129-B | C41: N4 | D41: 11 | E41: CLL 22 ENTRE CRA 20 Y CRA 21 | F41: Casa de la cultura | G41: 84.070621 | H41: 0.6 | I41: =G41*H41 -> 50.442373 | J41: =$J$36 -> 0.18 | K41: =I41*J41 -> 9.0796271 | L41: =$L$36 -> 0.15 | M41: =I41*L41 -> 7.5663559 | N41: =$N$36 -> 0.15 | O41: =I41*N41 -> 7.5663559 | P41: =$P$36 -> 0.2 | Q41: =I41*P41 -> 10.088475
B42: N4 | C42: 1132-A | D42: 10 | E42: CLL 22 ENTRE CRA 21 Y CRA 22 | F42: Casa de la cultura | G42: 44.723164 | H42: 0.6 | I42: =G42*H42 -> 26.833898 | J42: =$J$36 -> 0.18 | K42: =I42*J42 -> 4.8301017 | L42: =$L$36 -> 0.15 | M42: =I42*L42 -> 4.0250847 | N42: =$N$36 -> 0.15 | O42: =I42*N42 -> 4.0250847 | P42: =$P$36 -> 0.2 | Q42: =I42*P42 -> 5.3667797
B43: 1132-B | C43: N5 | D43: 10 | E43: CLL 22 ENTRE CRA 21 Y CRA 22 | F43: Casa de la cultura | G43: 2.3721088 | H43: 0.6 | I43: =G43*H43 -> 1.4232653 | J43: =$J$36 -> 0.18 | K43: =I43*J43 -> 0.25618775 | L43: =$L$36 -> 0.15 | M43: =I43*L43 -> 0.21348979 | N43: =$N$36 -> 0.15 | O43: =I43*N43 -> 0.21348979 | P43: =$P$36 -> 0.2 | Q43: =I43*P43 -> 0.28465305
B44: N5 | C44: N6 | D44: 10 | E44: CLL 22 ENTRE CRA 21 Y CRA 22 | F44: Casa de la cultura | G44: 50.50886 | H44: 0.6 | I44: =G44*H44 -> 30.305316 | J44: =$J$36 -> 0.18 | K44: =I44*J44 -> 5.4549569 | L44: =$L$36 -> 0.15 | M44: =I44*L44 -> 4.5457974 | N44: =$N$36 -> 0.15 | O44: =I44*N44 -> 4.5457974 | P44: =$P$36 -> 0.2 | Q44: =I44*P44 -> 6.0610632
B45: N6 | C45: 1131-A | D45: 9 | E45: CLL 22 ENTRE CRA 22 Y CRA 23 | F45: Divino Niño | G45: 105.60351 | H45: 0.6 | I45: =G45*H45 -> 63.362103 | J45: =$J$36 -> 0.18 | K45: =I45*J45 -> 11.405179 | L45: =$L$36 -> 0.15 | M45: =I45*L45 -> 9.5043155 | N45: =$N$36 -> 0.15 | O45: =I45*N45 -> 9.5043155 | P45: =$P$36 -> 0.2 | Q45: =I45*P45 -> 12.672421
B46: 1131-B | C46: N8 | D46: 9 | E46: CLL 22 ENTRE CRA 22 Y CRA 23 | F46: Divino Niño | G46: 1.4634207 | H46: 0.6 | I46: =G46*H46 -> 0.87805239 | J46: =$J$36 -> 0.18 | K46: =I46*J46 -> 0.15804943 | L46: =$L$36 -> 0.15 | M46: =I46*L46 -> 0.13170786 | N46: =$N$36 -> 0.15 | O46: =I46*N46 -> 0.13170786 | P46: =$P$36 -> 0.2 | Q46: =I46*P46 -> 0.17561048
B47: N8 | C47: J-1 | D47: 8 | E47: CLL 22 ENTRE CRA 23 Y CRA 24 | F47: Lote grande | G47: 0.51931108 | H47: 0.6 | I47: =G47*H47 -> 0.31158665 | J47: =$J$36 -> 0.18 | K47: =I47*J47 -> 0.056085597 | L47: =$L$36 -> 0.15 | M47: =I47*L47 -> 0.046737997 | N47: =$N$36 -> 0.15 | O47: =I47*N47 -> 0.046737997 | P47: =$P$36 -> 0.2 | Q47: =I47*P47 -> 0.06231733
B48: J-1 | C48: 1130-A | D48: 8 | E48: CLL 22 ENTRE CRA 23 Y CRA 24 | F48: Lote grande | G48: 82.715139 | H48: 0.6 | I48: =G48*H48 -> 49.629083 | J48: =$J$36 -> 0.18 | K48: =I48*J48 -> 8.933235 | L48: =$L$36 -> 0.15 | M48: =I48*L48 -> 7.4443625 | N48: =$N$36 -> 0.15 | O48: =I48*N48 -> 7.4443625 | P48: =$P$36 -> 0.2 | Q48: =I48*P48 -> 9.9258167
... B72: J-24 | C72: H3 | D72: 6 | E72: CLL 20 ENTRE CRA 21 Y CRA 22 | F72: Faizan | G72: 5.0009999 | H72: 0.6 | I72: =G72*H72 -> 3.0005999 | J72: =$J$36 -> 0.18 | K72: =I72*J72 -> 0.54010799 | L72: =$L$36 -> 0.15 | M72: =I72*L72 -> 0.45008999 | N72: =$N$36 -> 0.15 | O72: =I72*N72 -> 0.45008999 | P72: =$P$36 -> 0.2 | Q72: =I72*P72 -> 0.60011999
E73: DOMICILIARIAS ACTO | F73: 391 | G73: =(F73/2)*5+(F73/2)*0.5 -> 1075.25 | H73: 0.6 | I73: =G73*H73 -> 645.15 | J73: =$J$36 -> 0.18 | K73: =I73*J73 -> 116.127 | L73: =$L$36 -> 0.15 | M73: =I73*L73 -> 96.7725 | N73: =$N$36 -> 0.15 | O73: =I73*N73 -> 96.7725 | P73: =$P$36 -> 0.2 | Q73: =I73*P73 -> 129.03
G74: =SUM(G36:G73) -> 2351.7757 | I74: =SUM(I36:I73) -> 1411.0654 | K74: =SUM(K36:K73) -> 253.99178 | M74: =SUM(M36:M73) -> 211.65982 | O74: =SUM(O36:O73) -> 211.65982 | Q74: =SUM(Q36:Q73) -> 282.21309

Sheet ALDO
V1: PROYECTO: PLAN MAESTRO DE ALCANTARILLADO VEGACHI-ANTIOQUIA | BA1: =V1 -> PROYECTO: PLAN MAESTRO DE ALCANTARILLADO VEGACHI-ANTIOQUIA
V2: ALCANTARILLADO COMBINADO | BA2: =V2 -> ALCANTARILLADO COMBINADO
BA4: =V4 -> 0
U5: CANTIDAD OBRA RED | BA5: =U5 -> CANTIDAD OBRA RED
C7: 1 | D7: =C7+1 -> 2 | E7: =D7+1 -> 3 | F7: 4 | G7: 5 | H7: 6 | I7: =H7+1 -> 7 | J7: 8 | K7: =J7+1 -> 9 | L7: 10 | M7: 11 | N7: 12 | O7: 13 | P7: 14 | Q7: 15 | R7: 16 | S7: 17 | T7: 18 | U7: 19 | V7: 20 | W7: 21 | X7: 22 | Y7: 23 | Z7: 24 | AA7: 25 | AB7: 26 | AC7: 27 | AD7: 28 | AE7: 29 | AF7: 30 | AG7: 31 | AH7: 32 | AI7: 33 | AJ7: 34 | AK7: 35 | AL7: 36 | AM7: 37 | AN7: 38 | AO7: 39 | AP7: 40 | AQ7: 41 | AR7: 42 | AS7: 43 | AT7: 44 | AU7: 45 | AV7: 46 | AW7: 47 | AX7: 48 | AY7: 49 | AZ7: 50 | BA7: 51 | BB7: 52 | BC7: 53 | BD7: 54 | BE7: 55 | BF7: 56 | BG7: 57 | BH7: 58 | BI7: 59 | BJ7: 60 | BK7: 61 | BL7: 62 | BM7: 63 | BN7: 64 | BO7: 65 | BP7: 66 | BQ7: 67 | BR7: 68 | BS7: 69 | BT7: 70 | BU7: 71 | BV7: 72 | BW7: 73 | BX7: 74 | BY7: 75 | BZ7: 76 | CA7: 77 | CB7: 78 | CC7: 79 | CD7: 80 | CE7: 81 | CF7: 82 | CG7: 83 | CH7: 84 | CI7: 85 | CJ7: 86 | CK7: 87 | CL7: 88 | CM7: 89 | CN7: 90 | CO7: 91 | CP7: 92 | CR7: 93 | CS7: 94 | CT7: 95 | CU7: 96 | CV7: 97 | CW7: 98 | CX7: 99 | CY7: 100 | CZ7: 101 | DA7: 180 | DB7: 181 | DC7: 182 | DD7: 183 | DE7: 184 | DF7: 185 | DG7: 186 | DH7: 186-2 | DI7: 187 | DJ7: 188 | DK7: 189 | DL7: 190 | DM7: 191 | DN7: 192 | DO7: 193 | DP7: 194 | DQ7: 195 | DR7: 196 | DS7: 197 | DT7: 198 | DU7: 199 | DV7: 200 | DW7: 201 | DX7: 202 | DY7: 203 | DZ7: 204 | EA7: 205 | EB7: 206
A8: MOSTRAR TRAMO | B8: CÁLCULAR | C8: TRAMO | E8: LONGITUD | F8: PENDIENTE TUBERÍA. | G8: DIAMETRO INTERIOR | H8: COTA TERRENO | J8: COTA BATEA | L8: % | M8: LONG. | N8: ANCHO | O8: DIAM. | P8: DIAM. | Q8: MATERIAL DE LA VIA | R8: TIPO DE ROTURA | U8: LONGITUD ROTURA | X8: VOLUMEN ROTURA | AA8: H. | AB8: %MAT | AC8: VOL. EXCAVACION MAT. HUMEDO | AF8: VOL. EXCAVACION MAT. SECO | AI8: VOL | AJ8: ENTIBADO | AK8: ENTIBADO | AM8: TRINCH. | AN8: LONG. CIMENTACION | AQ8: CIMENTACION | AT8: VOL CIMENTACI TRITURADO | AU8: BASE Y SUBBASE GRANULAR PARA ESTRUCTURA DE VÍA | AV8: % MAT. | AW8: VOL. | AX8: ARENILLA | AY8: VOL. | AZ8: MAT. | BA8: MAT. | BB8: VOL. | BC8: BOTADA | BD8: CAM. DE INSPECCION | BH8: TAPAS | BI8: CONCRETO ANCLAJE X PEND | BJ8: P | BK8: Ancho de Zanja | BL8: B | BM8: C | BN8: D (Diametro exterior) | BO8: LONG. ROTURA Z.V. | BT8: VOL CONCRETO | BV8: EXCAV. BRUTA | BY8: EXCAV. | CF8: TIPO DE CIMENTACIÓN | CG8: EXCAV. NETA | CJ8: PROFUNDIDAD SOBREEXCAVAR | CK8: PROFUNDIDADES A EXCAVAR | CN8: EXCAVACIÓN PARA CÁMARAS NUEVAS | CQ8: ENTIBADO PERMANENTE PARA CAMARAS (m2) | CR8: RETIRO DE MAT EXCEDENTE | CS8: LLENO CON MAT SELECTO | CT8: VERIFICACIÓN | CU8: PROFUNDIDAD CÁMARA A DEMOLER | CV8: CANTIDAD DE TUBERÍA | DI8: DOMICILIARIAS | DU8: SILLAS PARA DOMICILIARES | EC8: MH PRE FABRICADO
C9: DE MH | D9: A MH | H9: SUPERIOR | I9: INFERIOR | J9: SUPERIOR | K9: INFERIOR | L9: ROCA | M9: TUBERIA | N9: ZANJA | O9: CAMARA | P9: CAMARA | R9: ASFALT | S9: ADOQUIN | T9: CONCR | U9: ASFALT | V9: ADOQUIN | W9: CONCR | X9: ASFALT | Y9: ADOQUIN | Z9: CONCR | AA9: PROM | AB9: HUMED | AC9: 0 - 2 M | AD9: 2.01 - 4 M | AE9: >4.01M | AF9: 0 - 2 M | AG9: 2.01 - 4 M | AH9: >4.01 M | AI9: ROCA | AK9: TEMP | AL9: PERM | AM9: AREA | AN9: TIPO A | AO9: TIPO B | AP9: TIPO E | AQ9: TIPO A | AR9: TIPO B | AS9: TIPO E | AT9: D/2 | AV9: SELECTO | AW9: LLENOS | AY9: AFIRMADO | AZ9: SELECTO | BA9: PREST. | BB9: TUBO | BD9: DE 1.20 | BE9: DE 1.50 | BF9: CAJ TIP 2 | BG9: CAJ TIP 1 | BS9: AREN | BU9: AREN | BY9: TOTAL | BZ9: ARENA | CC9: A | CD9: B | CE9: K | DH9: GEOTEXTIL NO TEJIDO 2500 | DI9: HAY DOMICILIAR | DJ9: LONGITUD TRAMO | DK9: CANT. DOMICILIARIAS TRAMO | DL9: VOLUMEN DE EXCAVACION PARA DOMICILIARIAS | DM9: ANGULO DE INCLINACIÓN POR TRAMO | DN9: CATETO OPUESTO TRIANGULO MAYOR A DOS METROS | DO9: CATETO OPUESTO TRIANGULO MENOR A CUATRO METROS | DP9: VOLUMEN DE EXCAVACION PARA DOMICILIARIAS | DS9: ENTIBADO | EC9: Cono + Cuello | ED9: cilindros 1m | EE9: cilindros 0,5m | EF9: cilindros 0,25m | EG9: Desperdicio | EH9: Empaques | EJ9: Cañuelas Nuevas y Reconstrucciones
E10: (m ) | F10: (%) | G10: (mm) | H10: (m) | I10: (m) | J10: ( m ) | K10: ( m ) | M10: m | N10: m | O10: INICIAL | P10: FINAL | R10: ( m ) | S10: ( m ) | T10: ( m ) | U10: ( m ) | V10: ( m ) | W10: ( m ) | X10: ( m3 ) | Y10: ( m3 ) | Z10: ( m3 ) | AA10: ( m ) | AC10: ( m3 ) | AD10: ( m3 ) | AE10: (m3) | AF10: ( m3 ) | AG10: ( m3 ) | AH10: (m3) | AI10: (m3) | AK10: ( m2 ) | AL10: ( m2 ) | AM10: (m2) | AN10: ( m ) | AO10: ( m ) | AP10: ( m ) | AQ10: ( m2 ) | AR10: ( m2 ) | AS10: ( m2 ) | AT10: ( m3 ) | AU10: ( m3 ) | AW10: (m3) | AX10: ( m3 ) | AY10: ( m3 ) | AZ10: ( m3 ) | BA10: ( m3 ) | BB10: ( m3 ) | BC10: ( m3 ) | BD10: ( m ) | BE10: ( m ) | BF10: ( m ) | BG10: ( m ) | BH10: ( m ) | BI10: ( m3 ) | BK10: m | BN10: m | BP10: <=2M | BQ10: 2-4M | BR10: >4M | BS10: B | BT10: ANxP | BU10: C | BV10: <=2M | BW10: 2-4M | BX10: >4M | BY10: SIN 10% | CG10: <=2M | CH10: 2-4M | CI10: >4M | CJ10: M | CK10: <=2M | CL10: 2-4M | CM10: >4M | CN10: <=2M | CO10: 2-4M | CP10: >4M | CR10: M3 | CS10: M3 | CU10: M | DP10: 0 - 2 M | DQ10: 2.01 - 4 M | DR10: >4.01M | DS10: TEMP | DT10: PERM | ED10: 1 | EE10: 0.5 | EF10: 0.25
L11: 1 | U11: 1 | V11: 1 | W11: 1 | X11: 0.1 | Y11: 0.12 | Z11: 0.3 | AB11: 10 | AN11: 0 | AO11: 0 | AP11: 1 | AU11: 0.4 | AV11: 30 | BV11: M3 | BW11: M3 | BX11: M3 | CV11: 182 -8 | CW11: 227-10 | CX11: 284-12 | CY11: 327-14 | CZ11: 362-16 | DA11: 407-18 | DB11: 452-20 | DC11: 595-24 | DD11: 671-27 | DE11: 747-30 | DF11: 823-33 | DG11: 899-36 | DH11: m2 | DM11: GRADOS | DP11: ( m3 ) | DQ11: ( m3 ) | DR11: (m3) | DS11: ( m2 ) | DT11: ( m2 ) | DU11: 182 | DV11: 227 | DW11: 284 | DX11: 327 | DY11: 362 | DZ11: 407 | EA11: 452 | EB11: 595.12
C12: PMAA SAN CARLOS
A134: S | B134: =A134 -> S | C134: =IF(A134="S",'Cálculo_Diseño (2)'!C135," ") -> C327 | D134: =IF(A134="S",'Cálculo_Diseño (2)'!D135," ") -> C191 | E134: =IF(B134="S",'Cálculo_Diseño (2)'!AX135," ") -> 101.87 | F134: =IF(B134="S",'Cálculo_Diseño (2)'!BL135," ") -> 4.0855993 | G134: =IF(B134="S",'Cálculo_Diseño (2)'!AZ135," ") -> 284 | H134: =IF(B134="S",'Cálculo_Diseño (2)'!BB135," ") -> 988.5 | I134: =IF(B134="S",'Cálculo_Diseño (2)'!BC135," ") -> 984.788 | J134: =IF(B134="S",'Cálculo_Diseño (2)'!BH135," ") -> 986.67 | K134: =IF(B134="S",'Cálculo_Diseño (2)'!BI135," ") -> 982.508 | L134: =IF(B134="S",+$L$11,"") -> 1 | M134: =IF(B134="S",(E134^2+(J134-K134)^2)^0.5," ") -> 101.95499 | N134: =IF(AJ134="S",BK134+0.1,BK134) -> 0.8 | O134: =IF(B134="S",(IF(G134<=500,1.2,1.5)),"") -> 1.2 | P134: =IF(B134="S",(IF(G134<=500,1.2,1.5)),"") -> 1.2 | Q134: CONCRETO | R134: =+IF(B134="S",(IF(Q134="FLEXIBLE","S","N")),"") -> N | S134: =+IF(B134="S",(IF(Q134="ADOQUIN","S","N")),"") -> N | T134: =+IF(B134="S",(IF(Q134="CONCRETO","S","N")),"") -> S | U134: =IF(B134="S",(IF(R134="S",(((((H134-I134)^2)+(E134^2))^0.5)-CA134-CB134)*$U$11,0)),"") -> 0 | V134: =IF(B134="S",(IF(S134="S",(((((H134-I134)^2)+(E134^2))^0.5)-CA134-CB134)*$V$11,0)),"") -> 0 | W134: =IF(B134="S",(IF(T134="S",(((((H134-I134)^2)+(E134^2))^0.5)-CA134-CB134)*$W$11,0)),"") -> 100.73761 | X134: =IF(B134="S",(U134*(N134+0.2)*$X$11),"") -> 0 | Y134: =IF(B134="S",(V134*(N134+0.2)*$Y$11),"") -> 0 | Z134: =IF(B134="S",(W134*(N134+0.2)*$Z$11+IF(Q134="CONCRETO",PI()/4*0.2*(O134+0.2*2+0.1*2)^2)),"") -> 30.73022 | AA134: =IF(B134="S",(((H134-J134)+(I134-K134))/2+BM134),"") -> 2.155 | AB134: =IF(B134="S",($AB$11),"") -> 10 | AC134: =IF(B134="S",(IF(CG134="","",(CG134*(AB134/100))*$I$527)),"") -> 15.131759 | AD134: =IF(B134="S",(IF(CH134="","",(CH134*AB134/100)*$I$527)),"") -> 3.153223 | AE134: =IF(B134="S",(IF(CI134="","",(CI134*AB134/100)*$I$527)),"") | AF134: =IF(B134="S",(IF(CG134="","",(CG134*$I$527)-AC134)),"") -> 136.18583 | AG134: =IF(B134="S",(IF(CH134="","",(CH134*$I$527)-AD134)),"") -> 28.379007 | AH134: =IF(B134="S",(IF(CI134="","",(CI134*$I$527)-AE134)),"") | AI134: =IF(B134="S",((BY134*(L134/100))*1.1),"") -> 1.8469678 | AJ134: =IF(B134="S",(IF(AA134<1,"N","S")),"") -> S | AK134: =IF(B134="S",(IF(AJ134="S",(E134*AA134*0.7*2),0)),"") -> 307.34179 | AL134: =IF(B134="S",(IF(AJ134="S",(E134*AA134*0.3*2),0)),"") -> 131.71791 | AM134: =IF(B134="S",(IF(F134>20,N134*(M134/10)*AA134,0)),"") -> 0 | AN134: =IF(B134="S",((M134-0.4)*$AN$11),"") -> 0 | AO134: =IF(B134="S",((M134-0.4)*$AO$11),"") -> 0 | AP134: =IF(B134="S",((M134-(O134/2)-(P134/2))*$AP$11),"") -> 100.75499 | AQ134: =+SUM(AC134:AI134) -> 184.69678 | AR134: =+AT134+AU134+AZ134+BA134+BB134+BI134 -> 184.69678 | AS134: =IF(B134="S",((N134*(0.4+G134/1000))-((G134/1000)^2*PI()/4)),"") -> 0.48385293 | AT134: =IF(B134="S",(AS134*AP134)-IF(BI134>0,BI134,0),"") -> 48.750595 | AU134: =IF(B134="S",IF(Q134="NATURAL",0,(($AU$11*N134*AP134))),"") -> 32.241595 | AV134: =IF(B134="S",$AV$11,"") -> 30 | AW134: =IF(B134="S",(BY134*1.1-(AT134+BI134)-AU134-BB134-AX134-AY134),"") -> 97.251428 | AZ134: =IF(B134="S",((BY134*1.1-BB134-(AT134+BI134)-AU134-AX134-AY134)*AV134/100),"") -> 29.175428 | BA134: =IF(B134="S",(IF(AW134>AZ134,AW134-AZ134,0)),"") -> 68.075999 | BB134: =IF(B134="S",((((G134/1000)^2)/4*PI())*E134),"") -> 6.4531665 | BC134: =IF(B134="S",(BY134*1.1-AZ134),"") -> 155.52136 | BE134: =IF(B134="S",(IF(O134=1.5,IF(H134-J134<=1,0,H134-J134-1))),"") -> FALSE | BF134: =IF(B134="S",(IF(O134<=0.8,IF(H134-J134<=1,0,H134-J134))),"") -> FALSE | BG134: =IF(B134="S",(IF(O134<=0.6,IF(H134-J134<=1,H134-J134,0))),"") -> FALSE | BH134: =IF(B134="S",(IF(BD134="","",IF(BD134="FALSO","",1))),"") | BI134: =IF(B134="S",(IF(F134>=15,N134*((G134/1000)+0.3)*0.2,0)*(E134/5+1)),"") -> 0 | BJ134: =IF(B134="S",(BN134+BM134+0.3),"") -> 0.76 | BK134: =IF(B134="S",(VLOOKUP('Cálculo_Diseño (2)'!AY135,'TABLA (2)'!$H$102:'TABLA (2)'!$U$135,3)),"") -> 0.7 | BL134: =IF(B134="S",(VLOOKUP('Cálculo_Diseño (2)'!AY135,'TABLA (2)'!$H$102:'TABLA (2)'!$U$135,10)),"") -> 0.55 | BM134: =IF(B134="S",(VLOOKUP('Cálculo_Diseño (2)'!AY135,'TABLA (2)'!$H$102:'TABLA (2)'!$U$135,11)),"") -> 0.1 | BN134: =IF(B134="S",(VLOOKUP('Cálculo_Diseño (2)'!AY135,'TABLA (2)'!$H$102:'TABLA (2)'!$U$135,12)),"") -> 0.36 | BO134: =V134 -> 0 | BP134: =+IF(B134="S",(IF((1.8-AA134)>=0,AA134+0.2,2)),"") -> 2 | BQ134: =+IF(B134="S",(IF(BP134=2,IF((3.8-AA134)>=0,(AA134+0.2-2),2),0)),"") -> 0.355 | BR134: =+IF(B134="S",(IF(BQ134=2,AA134+0.2-4,0)),"") -> 0 | BS134: =IF(B134="S",((N134*(0.3+BN134/2)-0.392699*BN134*BN134)*AO134),"") -> 0 | BU134: =IF(B134="S",((N134*(0.3+5*BN134/6)-0.699815*BN134*BN134)*AP134),"") -> 39.224317 | BV134: =IF(B134="S",(IF(BP134=0,"",(BP134)*(M134)*N134-(U134*$X$11+V134*$Y$11+W134*$Z$11)*N134)),"") -> 138.95095 | BW134: =IF(B134="S",(IF(BQ134=0,"",(M134)*BQ134*N134)),"") -> 28.955216 | BX134: =IF(B134="S",(IF(BR134=0,"",(M134)*BR134*N134)),"") | BY134: =IF(B134="S",((AA134+0.2)*N134*(M134)-(U134*$X$11+V134*$Y$11+W134*$Z$11)*N134),"") -> 167.90617 | BZ134: =IF(B134="S",((N134*(0.3+BN134/2)-0.392699*BN134*BN134)*AN134),"") -> 0 | CA134: =IF(B134="S",(IF(O134=1.2,(O134/2),IF(O134=0.8,O134/2,IF(O134=1.5,O134/2,IF(O134=0.6,O134/2,"IDIOT"))))),"") -> 0.6 | CB134: =IF(B134="S",(IF(P134=1.2,(P134/2),IF(P134=0.8,P134/2,IF(P134=1.5,P134/2,IF(P134=0.6,P134/2,"IDIOT"))))),"") -> 0.6 | CC134: =IF(B134="S",((BN134/2+0.1)*N134),"") -> 0.224 | CD134: =IF(B134="S",((BN134/2+BN134/4)*N134),"") -> 0.216 | CE134: =IF(B134="S",(0.392699*BN134*BN134),"") -> 0.05089379 | CF134: =+IF(B134="S",(IF(((H134-J134)-(G134/1000))<=0.9,"E1",IF(((H134-J134)-(G134/1000))<=2.5,"E2","E3"))),"") -> E2 | CG134: =IF(B134="S",(IF(BV134="","",BV134-(BV134*L134/100))),"") -> 137.56144 | CH134: =IF(B134="S",(IF(BW134="","",BW134-(BW134*L134/100))),"") -> 28.665664 | CI134: =IF(C134="S",(IF(BX134="","",BX134-(BX134*M134/100))),"") | CJ134: ='Cálculo_Diseño (2)'!BD135 -> 1.5305 | CK134: =+IF(B134="S",(IF((CJ134+CU134)>2,2,CJ134+CU134)),"") -> 2 | CL134: =+IF(B134="S",(IF((CJ134+CU134)>4,2,IF(AND((CJ134+CU134)<=4,(CJ134+CU134)>=2),((CJ134+CU134)-CK134),0))),"") -> 1.061 | CM134: =+IF(B134="S",(IF((CJ134+CU134)>4,((CJ134+CU134)-(CK134+CL134)),0)),"") -> 0 | CN134: =IF(B134="S",IF((CJ134+CU134)<1.5,(ROUND(CJ134*PI()/4*(2.2)^2+CU134*(PI()/4*(2.2)^2 -PI()/4*(1.6)^2),2)),IF((CJ134+CU134)<=2,(ROUND(((PI()*2.2^2)/4)*0.95-(((1/3)*PI()*0.95*(0.45^2+0.7^2+0.45*0.7)))+(CJ134*PI()/4*(2.2)^2)+(((((CU134)-0.95)*PI()*2.2^2)/4))-((((CU134)-0.95)*PI()*1.6^2)/4),2)),IF((CJ134+CU134)>2,(ROUND(IF(CU134<2,((PI()*2.2^2)/4)*0.95-(((1/3)*PI()*0.95*(0.45^2+0.7^2+0.45*0.7)))+((CU134-0.95)*(PI()/4*(2.2)^2 -PI()/4*(1.6)^2))+(2-CU134)*PI()/4*(2.2)^2,((PI()*2.2^2)/4)*0.95-(((1/3)*PI()*0.95*(0.45^2+0.7^2+0.45*0.7)))+((2-0.95)*(PI()/4*(2.2)^2 -PI()/4*(1.6)^2))),2))))),"") -> 5.43 | CO134: =IF(B134="S",ROUND(IF(CL134<=0,0,IF(AND(CL134>0,CU134<=0),CL134*PI()/4*2.2^(2),IF(AND(CL134>0,CU134>=4),CL134*(PI()/4*2.2^2-PI()/4*1.6^2),IF(AND(CL134>0,CU134>2,CU134<4,CJ134>0),(CU134-2)*(PI()/4*2.2^(2)-PI()/4*1.6^(2))+IF((CU134+CJ134)>4,(4-CU134)*(PI()/4*2.2^(2)),(CJ134)*PI()/4*(2.2^2)),IF(AND(CL134>0,CU134<=2),(CL134*PI()/4*2.2^2)))))),2),"") -> 4.03 | CP134: =IF(B134="S",(ROUND(IF(CM134<=0,0,IF(AND(CM134>0,CU134<=0),CM134*PI()/4*2.2^(2),IF(AND(CM134>0,CU134>4,CJ134<=0),CM134*(PI()/4*2.2^2-PI()/4*1.6^2),IF(AND(CM134>0,CU134<=4),CM134*PI()/4*2.2^2)))),2)),"") -> 0 | CQ134: =IF(B134="S",IF(CK134>1.5,(2*PI()*(0.9)*(CJ134+CU134)),0),"") -> 17.309547 | CR134: =IF(B134="S",(ROUND(IF(CN134>0,CN134+CO134+CP134-CS134,0),2)),"") -> 3.07 | CS134: =IF(B134="S",(IF(CJ134=0,0,IF(AND((H134-J134)<1.5,CU134>0),ROUND(CU134*(PI()/4*(2.2)^2 -PI()/4*(1.6)^2),2),(ROUND(((PI()*2.2^2)/4)*0.95-(((1/3)*PI()*0.95*(0.45^2+0.7^2+0.45*0.7)))+(((((CJ134+CU134)-0.95)*PI()*2.2^2)/4))-((((CJ134+CU134)-0.95)*PI()*1.6^2)/4),2))))),"") -> 6.39 | CT134: =IF(B134="S",(IF(CN134>=0,IF(CN134+CO134+CP134=(CR134+CS134),"OK","VERIFICAR"),0)),"") -> OK | CU134: ='Cálculo_Diseño (2)'!BD135 -> 1.5305 | CV134: =IF(G134=182,M134-(O134/2)-(P134/2),"") | CW134: =IF(G134=227,M134-(O134/2)-(P134/2),"") | CX134: =IF(G134=284,M134-(O134/2)-(P134/2),"") -> 100.75499 | CY134: =IF(G134=327,M134-(O134/2)-(P134/2),"") | CZ134: =IF(G134=362,M134-(O134/2)-(P134/2),"") | DA134: =IF(G134=407,M134-(O134/2)-(P134/2),"") | DB134: =IF(G134=452,M134-(O134/2)-(P134/2),"") | DC134: =IF(G134=595.12,M134-(O134/2)-(P134/2),"") | DD134: =IF(G134=670,M134-(O134/2)-(P134/2),"") | DE134: =IF(G134=747,M134-(O134/2)-(P134/2),"") | DF134: =IF(G134=823.09,M134-(O134/2)-(P134/2),"") | DG134: =IF(G134=899.03,M134-(O134/2)-(P134/2),"") | DI134: =+IF(B134="S",B134,"N") -> S | DJ134: =+IF(DI134="S",E134,"") -> 101.87 | DK134: 36 | DL134: =IF(DI134="S",((((AA134+1)*6)/2)*0.7*DK134),"") -> 238.518 | DM134: =IF(DI134="S",(ATAN(6/(AA134-1))*180/PI()),"") -> 79.103848 | DN134: =IF(DI134="S",(TAN(DM134*PI()/180)*(AA134-2)),"") -> 0.80519481 | DO134: =IF(DI134="S",(TAN(DM134*PI()/180)*(AA134-4)),"") -> -9.5844156 | DP134: =IF(DI134="S",(IF(AA134<=2,((((AA134+1)*6)/2)*0.7*DK134),IF(AND(AA134>2,AA134<=4),((((AA134+1)*6)/2)*0.7*DK134)-(((AA134-2)*DN134)/2*0.7*DK134),IF(AND(AA134>4,AA134<=6),((((AA134+1)*6)/2)*0.7*DK134)-(((AA134-2)*DN134)/2*0.7*DK134),0)))),"") -> 236.94545 | DQ134: =IF(DI134="S",(IF(AND(AA134>2,AA134<=4),(((AA134-2)*DN134)/2*0.7*DK134),IF(AND(AA134>4,AA134<=6),(((AA134-2)*DN134)/2*0.7*DK134)-((AA134-4)*DO134/2*0.7*DK134),0))),"") -> 1.5725455 | DR134: =IF(DI134="S",(IF(AND(AA134>4,AA134<=6),((AA134-4)*DO134/2*0.7*DK134),IF(AA134<4,0,"REVISAR"))),"") -> 0 | DS134: =IF(DI134="S",(IF(AA134>1.5,(3*AA134*0.7*DK134*2),0)),"") -> 325.836 | DT134: =IF(DI134="S",(IF(AA134>1.5,(3*AA134*0.3*DK134*2),0)),"") -> 139.644 | DU134: =IF(B134="S",(IF(DI134="S",IF(G134=$DU$11,DK134,""),"")),"") | DV134: =IF(B134="S",(IF(DI134="S",IF(G134=$DV$11,DK134,""),"")),"") | DW134: =IF(B134="S",(IF(DI134="S",IF(G134=$DW$11,DK134,""),"")),"") -> 36 | DX134: =IF(B134="S",(IF(DI134="S",IF(G134=$DX$11,DK134,""),"")),"") | DY134: =IF(B134="S",(IF(DI134="S",IF(G134=$DY$11,DK134,""),"")),"") | DZ134: =IF(B134="S",(IF(DI134="S",IF(G134=$DZ$11,DK134,""),"")),"") | EA134: =IF(B134="S",(IF(DI134="S",IF(G134=$EA$11,DK134,""),"")),"") | EB134: =IF(B134="S",(IF(DI134="S",IF(G134=$EB$11,DK134,""),"")),"") | EC134: =IF(B134="S",0.95,"") -> 0.95 | EH134: =+IF(EC134=0.95,2+((ED134+EE134+EF134)-1),"") -> 1
DS135: =IF(DI135="S",(IF(AA135>1.5,(3*AA135*0.7*DK135*2),0)),"") | DT135: =IF(DI135="S",(IF(AA135>1.5,(3*AA135*0.3*DK135*2),0)),"")
A136: S | B136: =A136 -> S | C136: =IF(A136="S",'Cálculo_Diseño (2)'!C137," ") -> C373 | D136: =IF(A136="S",'Cálculo_Diseño (2)'!D137," ") -> C191 | E136: =IF(B136="S",'Cálculo_Diseño (2)'!AX137," ") -> 95.98 | F136: =IF(B136="S",'Cálculo_Diseño (2)'!BL137," ") -> 5.2927693 | G136: =IF(B136="S",'Cálculo_Diseño (2)'!AZ137," ") -> 284 | H136: =IF(B136="S",'Cálculo_Diseño (2)'!BB137," ") -> 989.338 | I136: =IF(B136="S",'Cálculo_Diseño (2)'!BC137," ") -> 984.788 | J136: =IF(B136="S",'Cálculo_Diseño (2)'!BH137," ") -> 987.528 | K136: =IF(B136="S",'Cálculo_Diseño (2)'!BI137," ") -> 982.448 | L136: =IF(B136="S",+$L$11,"") -> 1 | M136: =IF(B136="S",(E136^2+(J136-K136)^2)^0.5," ") -> 96.114342 | N136: =IF(AJ136="S",BK136+0.1,BK136) -> 0.8 | O136: =IF(B136="S",(IF(G136<=500,1.2,1.5)),"") -> 1.2 | P136: =IF(B136="S",(IF(G136<=500,1.2,1.5)),"") -> 1.2 | Q136: CONCRETO | R136: =+IF(B136="S",(IF(Q136="FLEXIBLE","S","N")),"") -> N | S136: =+IF(B136="S",(IF(Q136="ADOQUIN","S","N")),"") -> N | T136: =+IF(B136="S",(IF(Q136="CONCRETO","S","N")),"") -> S | U136: =IF(B136="S",(IF(R136="S",(((((H136-I136)^2)+(E136^2))^0.5)-CA136-CB136)*$U$11,0)),"") -> 0 | V136: =IF(B136="S",(IF(S136="S",(((((H136-I136)^2)+(E136^2))^0.5)-CA136-CB136)*$V$11,0)),"") -> 0 | W136: =IF(B136="S",(IF(T136="S",(((((H136-I136)^2)+(E136^2))^0.5)-CA136-CB136)*$W$11,0)),"") -> 94.887787 | X136: =IF(B136="S",(U136*(N136+0.2)*$X$11),"") -> 0 | Y136: =IF(B136="S",(V136*(N136+0.2)*$Y$11),"") -> 0 | Z136: =IF(B136="S",(W136*(N136+0.2)*$Z$11+IF(Q136="CONCRETO",PI()/4*0.2*(O136+0.2*2+0.1*2)^2)),"") -> 28.975274 | AA136: =IF(B136="S",(((H136-J136)+(I136-K136))/2+BM136),"") -> 2.175 | AB136: =IF(B136="S",($AB$11),"") -> 10 | AC136: =IF(B136="S",(IF(CG136="","",(CG136*(AB136/100))*$I$527)),"") -> 14.266976 | AD136: =IF(B136="S",(IF(CH136="","",(CH136*AB136/100)*$I$527)),"") -> 3.1400556 | AE136: =IF(B136="S",(IF(CI136="","",(CI136*AB136/100)*$I$527)),"") | AF136: =IF(B136="S",(IF(CG136="","",(CG136*$I$527)-AC136)),"") -> 128.40278 | AG136: =IF(B136="S",(IF(CH136="","",(CH136*$I$527)-AD136)),"") -> 28.2605 | AH136: =IF(B136="S",(IF(CI136="","",(CI136*$I$527)-AE136)),"") | AI136: =IF(B136="S",((BY136*(L136/100))*1.1),"") -> 1.758286 | AJ136: =IF(B136="S",(IF(AA136<1,"N","S")),"") -> S | AK136: =IF(B136="S",(IF(AJ136="S",(E136*AA136*0.7*2),0)),"") -> 292.2591 | AL136: =IF(B136="S",(IF(AJ136="S",(E136*AA136*0.3*2),0)),"") -> 125.2539 | AM136: =IF(B136="S",(IF(F136>20,N136*(M136/10)*AA136,0)),"") -> 0 | AN136: =IF(B136="S",((M136-0.4)*$AN$11),"") -> 0 | AO136: =IF(B136="S",((M136-0.4)*$AO$11),"") -> 0 | AP136: =IF(B136="S",((M136-(O136/2)-(P136/2))*$AP$11),"") -> 94.914342 | AQ136: =+SUM(AC136:AI136) -> 175.8286 | AR136: =+AT136+AU136+AZ136+BA136+BB136+BI136 -> 175.8286 | AS136: =IF(B136="S",((N136*(0.4+G136/1000))-((G136/1000)^2*PI()/4)),"") -> 0.48385293 | AT136: =IF(B136="S",(AS136*AP136)-IF(BI136>0,BI136,0),"") -> 45.924582 | AU136: =IF(B136="S",IF(Q136="NATURAL",0,(($AU$11*N136*AP136))),"") -> 30.37259 | AV136: =IF(B136="S",$AV$11,"") -> 30 | AW136: =IF(B136="S",(BY136*1.1-(AT136+BI136)-AU136-BB136-AX136-AY136),"") -> 93.451376 | AZ136: =IF(B136="S",((BY136*1.1-BB136-(AT136+BI136)-AU136-AX136-AY136)*AV136/100),"") -> 28.035413 | BA136: =IF(B136="S",(IF(AW136>AZ136,AW136-AZ136,0)),"") -> 65.415963 | BB136: =IF(B136="S",((((G136/1000)^2)/4*PI())*E136),"") -> 6.0800522 | BC136: =IF(B136="S",(BY136*1.1-AZ136),"") -> 147.79319 | BD136: =IF(B136="S",(IF(O136=1.2,IF((H136-J136)<=1.2,H136-J136,H136-J136-0.95))),"") -> 0.86 | BE136: =IF(B136="S",(IF(O136=1.5,IF(H136-J136<=1,0,H136-J136-1))),"") -> FALSE | BF136: =IF(B136="S",(IF(O136<=0.8,IF(H136-J136<=1,0,H136-J136))),"") -> FALSE | BG136: =IF(B136="S",(IF(O136<=0.6,IF(H136-J136<=1,H136-J136,0))),"") -> FALSE | BH136: =IF(B136="S",(IF(BD136="","",IF(BD136="FALSO","",1))),"") -> 1 | BI136: =IF(B136="S",(IF(F136>=15,N136*((G136/1000)+0.3)*0.2,0)*(E136/5+1)),"") -> 0 | BJ136: =IF(B136="S",(BN136+BM136+0.3),"") -> 0.76 | BK136: =IF(B136="S",(VLOOKUP('Cálculo_Diseño (2)'!AY137,'TABLA (2)'!$H$102:'TABLA (2)'!$U$135,3)),"") -> 0.7 | BL136: =IF(B136="S",(VLOOKUP('Cálculo_Diseño (2)'!AY137,'TABLA (2)'!$H$102:'TABLA (2)'!$U$135,10)),"") -> 0.55 | BM136: =IF(B136="S",(VLOOKUP('Cálculo_Diseño (2)'!AY137,'TABLA (2)'!$H$102:'TABLA (2)'!$U$135,11)),"") -> 0.1 | BN136: =IF(B136="S",(VLOOKUP('Cálculo_Diseño (2)'!AY137,'TABLA (2)'!$H$102:'TABLA (2)'!$U$135,12)),"") -> 0.36 | BO136: =V136 -> 0 | BP136: =+IF(B136="S",(IF((1.8-AA136)>=0,AA136+0.2,2)),"") -> 2 | BQ136: =+IF(B136="S",(IF(BP136=2,IF((3.8-AA136)>=0,(AA136+0.2-2),2),0)),"") -> 0.375 | BR136: =+IF(B136="S",(IF(BQ136=2,AA136+0.2-4,0)),"") -> 0 | BS136: =IF(B136="S",((N136*(0.3+BN136/2)-0.392699*BN136*BN136)*AO136),"") -> 0 | BU136: =IF(B136="S",((N136*(0.3+5*BN136/6)-0.699815*BN136*BN136)*AP136),"") -> 36.950531 | BV136: =IF(B136="S",(IF(BP136=0,"",(BP136)*(M136)*N136-(U136*$X$11+V136*$Y$11+W136*$Z$11)*N136)),"") -> 131.00988 | BW136: =IF(B136="S",(IF(BQ136=0,"",(M136)*BQ136*N136)),"") -> 28.834303 | BX136: =IF(B136="S",(IF(BR136=0,"",(M136)*BR136*N136)),"") | BY136: =IF(B136="S",((AA136+0.2)*N136*(M136)-(U136*$X$11+V136*$Y$11+W136*$Z$11)*N136),"") -> 159.84418 | BZ136: =IF(B136="S",((N136*(0.3+BN136/2)-0.392699*BN136*BN136)*AN136),"") -> 0 | CA136: =IF(B136="S",(IF(O136=1.2,(O136/2),IF(O136=0.8,O136/2,IF(O136=1.5,O136/2,IF(O136=0.6,O136/2,"IDIOT"))))),"") -> 0.6 | CB136: =IF(B136="S",(IF(P136=1.2,(P136/2),IF(P136=0.8,P136/2,IF(P136=1.5,P136/2,IF(P136=0.6,P136/2,"IDIOT"))))),"") -> 0.6 | CC136: =IF(B136="S",((BN136/2+0.1)*N136),"") -> 0.224 | CD136: =IF(B136="S",((BN136/2+BN136/4)*N136),"") -> 0.216 | CE136: =IF(B136="S",(0.392699*BN136*BN136),"") -> 0.05089379 | CF136: =+IF(B136="S",(IF(((H136-J136)-(G136/1000))<=0.9,"E1",IF(((H136-J136)-(G136/1000))<=2.5,"E2","E3"))),"") -> E2 | CG136: =IF(B136="S",(IF(BV136="","",BV136-(BV136*L136/100))),"") -> 129.69978 | CH136: =IF(B136="S",(IF(BW136="","",BW136-(BW136*L136/100))),"") -> 28.54596 | CI136: =IF(C136="S",(IF(BX136="","",BX136-(BX136*M136/100))),"") | CJ136: ='Cálculo_Diseño (2)'!BD137 -> 1.5105 | CK136: =+IF(B136="S",(IF((CJ136+CU136)>2,2,CJ136+CU136)),"") -> 2 | CL136: =+IF(B136="S",(IF((CJ136+CU136)>4,2,IF(AND((CJ136+CU136)<=4,(CJ136+CU136)>=2),((CJ136+CU136)-CK136),0))),"") -> 1.021 | CM136: =+IF(B136="S",(IF((CJ136+CU136)>4,((CJ136+CU136)-(CK136+CL136)),0)),"") -> 0 | CN136: =IF(B136="S",IF((CJ136+CU136)<1.5,(ROUND(CJ136*PI()/4*(2.2)^2+CU136*(PI()/4*(2.2)^2 -PI()/4*(1.6)^2),2)),IF((CJ136+CU136)<=2,(ROUND(((PI()*2.2^2)/4)*0.95-(((1/3)*PI()*0.95*(0.45^2+0.7^2+0.45*0.7)))+(CJ136*PI()/4*(2.2)^2)+(((((CU136)-0.95)*PI()*2.2^2)/4))-((((CU136)-0.95)*PI()*1.6^2)/4),2)),IF((CJ136+CU136)>2,(ROUND(IF(CU136<2,((PI()*2.2^2)/4)*0.95-(((1/3)*PI()*0.95*(0.45^2+0.7^2+0.45*0.7)))+((CU136-0.95)*(PI()/4*(2.2)^2 -PI()/4*(1.6)^2))+(2-CU136)*PI()/4*(2.2)^2,((PI()*2.2^2)/4)*0.95-(((1/3)*PI()*0.95*(0.45^2+0.7^2+0.45*0.7)))+((2-0.95)*(PI()/4*(2.2)^2 -PI()/4*(1.6)^2))),2))))),"") -> 5.47 | CO136: =IF(B136="S",ROUND(IF(CL136<=0,0,IF(AND(CL136>0,CU136<=0),CL136*PI()/4*2.2^(2),IF(AND(CL136>0,CU136>=4),CL136*(PI()/4*2.2^2-PI()/4*1.6^2),IF(AND(CL136>0,CU136>2,CU136<4,CJ136>0),(CU136-2)*(PI()/4*2.2^(2)-PI()/4*1.6^(2))+IF((CU136+CJ136)>4,(4-CU136)*(PI()/4*2.2^(2)),(CJ136)*PI()/4*(2.2^2)),IF(AND(CL136>0,CU136<=2),(CL136*PI()/4*2.2^2)))))),2),"") -> 3.88 | CP136: =IF(B136="S",(ROUND(IF(CM136<=0,0,IF(AND(CM136>0,CU136<=0),CM136*PI()/4*2.2^(2),IF(AND(CM136>0,CU136>4,CJ136<=0),CM136*(PI()/4*2.2^2-PI()/4*1.6^2),IF(AND(CM136>0,CU136<=4),CM136*PI()/4*2.2^2)))),2)),"") -> 0 | CQ136: =IF(B136="S",IF(CK136>1.5,(2*PI()*(0.9)*(CJ136+CU136)),0),"") -> 17.083353 | CR136: =IF(B136="S",(ROUND(IF(CN136>0,CN136+CO136+CP136-CS136,0),2)),"") -> 3.03 | CS136: =IF(B136="S",(IF(CJ136=0,0,IF(AND((H136-J136)<1.5,CU136>0),ROUND(CU136*(PI()/4*(2.2)^2 -PI()/4*(1.6)^2),2),(ROUND(((PI()*2.2^2)/4)*0.95-(((1/3)*PI()*0.95*(0.45^2+0.7^2+0.45*0.7)))+(((((CJ136+CU136)-0.95)*PI()*2.2^2)/4))-((((CJ136+CU136)-0.95)*PI()*1.6^2)/4),2))))),"") -> 6.32 | CT136: =IF(B136="S",(IF(CN136>=0,IF(CN136+CO136+CP136=(CR136+CS136),"OK","VERIFICAR"),0)),"") -> OK | CU136: ='Cálculo_Diseño (2)'!BD137 -> 1.5105 | CV136: =IF(G136=182,M136-(O136/2)-(P136/2),"") | CW136: =IF(G136=227,M136-(O136/2)-(P136/2),"") | CX136: =IF(G136=284,M136-(O136/2)-(P136/2),"") -> 94.914342 | CY136: =IF(G136=327,M136-(O136/2)-(P136/2),"") | CZ136: =IF(G136=362,M136-(O136/2)-(P136/2),"") | DA136: =IF(G136=407,M136-(O136/2)-(P136/2),"") | DB136: =IF(G136=452,M136-(O136/2)-(P136/2),"") | DC136: =IF(G136=595.12,M136-(O136/2)-(P136/2),"") | DD136: =IF(G136=670,M136-(O136/2)-(P136/2),"") | DE136: =IF(G136=747,M136-(O136/2)-(P136/2),"") | DF136: =IF(G136=823.09,M136-(O136/2)-(P136/2),"") | DG136: =IF(G136=899.03,M136-(O136/2)-(P136/2),"") | DI136: =+IF(B136="S",B136,"N") -> S | DJ136: =+IF(DI136="S",E136,"") -> 95.98 | DK136: 24 | DL136: =IF(DI136="S",((((AA136+1)*6)/2)*0.7*DK136),"") -> 160.02 | DM136: =IF(DI136="S",(ATAN(6/(AA136-1))*180/PI()),"") -> 78.919801 | DN136: =IF(DI136="S",(TAN(DM136*PI()/180)*(AA136-2)),"") -> 0.89361702 | DO136: =IF(DI136="S",(TAN(DM136*PI()/180)*(AA136-4)),"") -> -9.3191489 | DP136: =IF(DI136="S",(IF(AA136<=2,((((AA136+1)*6)/2)*0.7*DK136),IF(AND(AA136>2,AA136<=4),((((AA136+1)*6)/2)*0.7*DK136)-(((AA136-2)*DN136)/2*0.7*DK136),IF(AND(AA136>4,AA136<=6),((((AA136+1)*6)/2)*0.7*DK136)-(((AA136-2)*DN136)/2*0.7*DK136),0)))),"") -> 158.70638 | DQ136: =IF(DI136="S",(IF(AND(AA136>2,AA136<=4),(((AA136-2)*DN136)/2*0.7*DK136),IF(AND(AA136>4,AA136<=6),(((AA136-2)*DN136)/2*0.7*DK136)-((AA136-4)*DO136/2*0.7*DK136),0))),"") -> 1.313617 | DR136: =IF(DI136="S",(IF(AND(AA136>4,AA136<=6),((AA136-4)*DO136/2*0.7*DK136),IF(AA136<4,0,"REVISAR"))),"") -> 0 | DS136: =IF(DI136="S",(IF(AA136>1.5,(3*AA136*0.7*DK136*2),0)),"") -> 219.24 | DT136: =IF(DI136="S",(IF(AA136>1.5,(3*AA136*0.3*DK136*2),0)),"") -> 93.96 | DU136: =IF(B136="S",(IF(DI136="S",IF(G136=$DU$11,DK136,""),"")),"") | DV136: =IF(B136="S",(IF(DI136="S",IF(G136=$DV$11,DK136,""),"")),"") | DW136: =IF(B136="S",(IF(DI136="S",IF(G136=$DW$11,DK136,""),"")),"") -> 24 | DX136: =IF(B136="S",(IF(DI136="S",IF(G136=$DX$11,DK136,""),"")),"") | DY136: =IF(B136="S",(IF(DI136="S",IF(G136=$DY$11,DK136,""),"")),"") | DZ136: =IF(B136="S",(IF(DI136="S",IF(G136=$DZ$11,DK136,""),"")),"") | EA136: =IF(B136="S",(IF(DI136="S",IF(G136=$EA$11,DK136,""),"")),"") | EB136: =IF(B136="S",(IF(DI136="S",IF(G136=$EB$11,DK136,""),"")),"") | EC136: =IF(B136="S",0.95,"") -> 0.95 | EH136: =+IF(EC136=0.95,2+((ED136+EE136+EF136)-1),"") -> 1
BD137: =IF(B137="S",(IF(O137=1.2,IF((H137-J137)<=1.2,H137-J137,H137-J137-0.95))),"") | DS137: =IF(DI137="S",(IF(AA137>1.5,(3*AA137*0.7*DK137*2),0)),"") | DT137: =IF(DI137="S",(IF(AA137>1.5,(3*AA137*0.3*DK137*2),0)),"")
BD138: =IF(B138="S",(IF(O138=1.2,IF((H138-J138)<=1.2,H138-J138,H138-J138-0.95))),"") | DS138: =IF(DI138="S",(IF(AA138>1.5,(3*AA138*0.7*DK138*2),0)),"") | DT138: =IF(DI138="S",(IF(AA138>1.5,(3*AA138*0.3*DK138*2),0)),"")
BD139: =IF(B139="S",(IF(O139=1.2,IF((H139-J139)<=1.2,H139-J139,H139-J139-0.95))),"") | DS139: =IF(DI139="S",(IF(AA139>1.5,(3*AA139*0.7*DK139*2),0)),"") | DT139: =IF(DI139="S",(IF(AA139>1.5,(3*AA139*0.3*DK139*2),0)),"")
A140: S | B140: =A140 -> S | C140: =IF(A140="S",'Cálculo_Diseño (2)'!C141," ") -> C191A | D140: =IF(A140="S",'Cálculo_Diseño (2)'!D141," ") -> C183 | E140: =IF(B140="S",'Cálculo_Diseño (2)'!AX141," ") -> 43.47 | F140: =IF(B140="S",'Cálculo_Diseño (2)'!BL141," ") -> 6.305498 | G140: =IF(B140="S",'Cálculo_Diseño (2)'!AZ141," ") -> 284 | H140: =IF(B140="S",'Cálculo_Diseño (2)'!BB141," ") -> 985.743 | I140: =IF(B140="S",'Cálculo_Diseño (2)'!BC141," ") -> 986.022 | J140: =IF(B140="S",'Cálculo_Diseño (2)'!BH141," ") -> 984.593 | K140: =IF(B140="S",'Cálculo_Diseño (2)'!BI141," ") -> 981.852 | L140: =IF(B140="S",+$L$11,"") -> 1 | M140: =IF(B140="S",(E140^2+(J140-K140)^2)^0.5," ") -> 43.556331 | N140: =IF(AJ140="S",BK140+0.1,BK140) -> 0.8 | O140: =IF(B140="S",(IF(G140<=500,1.2,1.5)),"") -> 1.2 | P140: =IF(B140="S",(IF(G140<=500,1.2,1.5)),"") -> 1.2 | Q140: CONCRETO | R140: =+IF(B140="S",(IF(Q140="FLEXIBLE","S","N")),"") -> N | S140: =+IF(B140="S",(IF(Q140="ADOQUIN","S","N")),"") -> N | T140: =+IF(B140="S",(IF(Q140="CONCRETO","S","N")),"") -> S | U140: =IF(B140="S",(IF(R140="S",(((((H140-I140)^2)+(E140^2))^0.5)-CA140-CB140)*$U$11,0)),"") -> 0 | V140: =IF(B140="S",(IF(S140="S",(((((H140-I140)^2)+(E140^2))^0.5)-CA140-CB140)*$V$11,0)),"") -> 0 | W140: =IF(B140="S",(IF(T140="S",(((((H140-I140)^2)+(E140^2))^0.5)-CA140-CB140)*$W$11,0)),"") -> 42.270895 | X140: =IF(B140="S",(U140*(N140+0.2)*$X$11),"") -> 0 | Y140: =IF(B140="S",(V140*(N140+0.2)*$Y$11),"") -> 0 | Z140: =IF(B140="S",(W140*(N140+0.2)*$Z$11+IF(Q140="CONCRETO",PI()/4*0.2*(O140+0.2*2+0.1*2)^2)),"") -> 13.190207 | AA140: =IF(B140="S",(((H140-J140)+(I140-K140))/2+BM140),"") -> 2.76 | AB140: =IF(B140="S",($AB$11),"") -> 10 | AC140: =IF(B140="S",(IF(CG140="","",(CG140*(AB140/100))*$I$527)),"") -> 6.484463 | AD140: =IF(B140="S",(IF(CH140="","",(CH140*AB140/100)*$I$527)),"") -> 3.6428425 | AE140: =IF(B140="S",(IF(CI140="","",(CI140*AB140/100)*$I$527)),"") | AF140: =IF(B140="S",(IF(CG140="","",(CG140*$I$527)-AC140)),"") -> 58.360167 | AG140: =IF(B140="S",(IF(CH140="","",(CH140*$I$527)-AD140)),"") -> 32.785582 | AH140: =IF(B140="S",(IF(CI140="","",(CI140*$I$527)-AE140)),"") | AI140: =IF(B140="S",((BY140*(L140/100))*1.1),"") -> 1.0229601 | AJ140: =IF(B140="S",(IF(AA140<1,"N","S")),"") -> S | AK140: =IF(B140="S",(IF(AJ140="S",(E140*AA140*0.7*2),0)),"") -> 167.96808 | AL140: =IF(B140="S",(IF(AJ140="S",(E140*AA140*0.3*2),0)),"") -> 71.98632 | AM140: =IF(B140="S",(IF(F140>20,N140*(M140/10)*AA140,0)),"") -> 0 | AN140: =IF(B140="S",((M140-0.4)*$AN$11),"") -> 0 | AO140: =IF(B140="S",((M140-0.4)*$AO$11),"") -> 0 | AP140: =IF(B140="S",((M140-(O140/2)-(P140/2))*$AP$11),"") -> 42.356331 | AQ140: =+SUM(AC140:AI140) -> 102.29601 | AR140: =+AT140+AU140+AZ140+BA140+BB140+BI140 -> 102.29601 | AS140: =IF(B140="S",((N140*(0.4+G140/1000))-((G140/1000)^2*PI()/4)),"") -> 0.48385293 | AT140: =IF(B140="S",(AS140*AP140)-IF(BI140>0,BI140,0),"") -> 20.494235 | AU140: =IF(B140="S",IF(Q140="NATURAL",0,(($AU$11*N140*AP140))),"") -> 13.554026 | AV140: =IF(B140="S",$AV$11,"") -> 30 | AW140: =IF(B140="S",(BY140*1.1-(AT140+BI140)-AU140-BB140-AX140-AY140),"") -> 65.494057 | AZ140: =IF(B140="S",((BY140*1.1-BB140-(AT140+BI140)-AU140-AX140-AY140)*AV140/100),"") -> 19.648217 | BA140: =IF(B140="S",(IF(AW140>AZ140,AW140-AZ140,0)),"") -> 45.84584 | BB140: =IF(B140="S",((((G140/1000)^2)/4*PI())*E140),"") -> 2.7536973 | BC140: =IF(B140="S",(BY140*1.1-AZ140),"") -> 82.647798 | BD140: =IF(B140="S",(IF(O140=1.2,IF((H140-J140)<=1.2,H140-J140,H140-J140-0.95))),"") -> 1.15 | BE140: =IF(B140="S",(IF(O140=1.5,IF(H140-J140<=1,0,H140-J140-1))),"") -> FALSE | BF140: =IF(B140="S",(IF(O140<=0.8,IF(H140-J140<=1,0,H140-J140))),"") -> FALSE | BG140: =IF(B140="S",(IF(O140<=0.6,IF(H140-J140<=1,H140-J140,0))),"") -> FALSE | BH140: =IF(B140="S",(IF(BD140="","",IF(BD140="FALSO","",1))),"") -> 1 | BI140: =IF(B140="S",(IF(F140>=15,N140*((G140/1000)+0.3)*0.2,0)*(E140/5+1)),"") -> 0 | BJ140: =IF(B140="S",(BN140+BM140+0.3),"") -> 0.76 | BK140: =IF(B140="S",(VLOOKUP('Cálculo_Diseño (2)'!AY141,'TABLA (2)'!$H$102:'TABLA (2)'!$U$135,3)),"") -> 0.7 | BL140: =IF(B140="S",(VLOOKUP('Cálculo_Diseño (2)'!AY141,'TABLA (2)'!$H$102:'TABLA (2)'!$U$135,10)),"") -> 0.55 | BM140: =IF(B140="S",(VLOOKUP('Cálculo_Diseño (2)'!AY141,'TABLA (2)'!$H$102:'TABLA (2)'!$U$135,11)),"") -> 0.1 | BN140: =IF(B140="S",(VLOOKUP('Cálculo_Diseño (2)'!AY141,'TABLA (2)'!$H$102:'TABLA (2)'!$U$135,12)),"") -> 0.36 | BO140: =V140 -> 0 | BP140: =+IF(B140="S",(IF((1.8-AA140)>=0,AA140+0.2,2)),"") -> 2 | BQ140: =+IF(B140="S",(IF(BP140=2,IF((3.8-AA140)>=0,(AA140+0.2-2),2),0)),"") -> 0.96 | BR140: =+IF(B140="S",(IF(BQ140=2,AA140+0.2-4,0)),"") -> 0 | BS140: =IF(B140="S",((N140*(0.3+BN140/2)-0.392699*BN140*BN140)*AO140),"") -> 0 | BU140: =IF(B140="S",((N140*(0.3+5*BN140/6)-0.699815*BN140*BN140)*AP140),"") -> 16.489488 | BV140: =IF(B140="S",(IF(BP140=0,"",(BP140)*(M140)*N140-(U140*$X$11+V140*$Y$11+W140*$Z$11)*N140)),"") -> 59.545115 | BW140: =IF(B140="S",(IF(BQ140=0,"",(M140)*BQ140*N140)),"") -> 33.451262 | BX140: =IF(B140="S",(IF(BR140=0,"",(M140)*BR140*N140)),"") | BY140: =IF(B140="S",((AA140+0.2)*N140*(M140)-(U140*$X$11+V140*$Y$11+W140*$Z$11)*N140),"") -> 92.996377 | BZ140: =IF(B140="S",((N140*(0.3+BN140/2)-0.392699*BN140*BN140)*AN140),"") -> 0 | CA140: =IF(B140="S",(IF(O140=1.2,(O140/2),IF(O140=0.8,O140/2,IF(O140=1.5,O140/2,IF(O140=0.6,O140/2,"IDIOT"))))),"") -> 0.6 | CB140: =IF(B140="S",(IF(P140=1.2,(P140/2),IF(P140=0.8,P140/2,IF(P140=1.5,P140/2,IF(P140=0.6,P140/2,"IDIOT"))))),"") -> 0.6 | CC140: =IF(B140="S",((BN140/2+0.1)*N140),"") -> 0.224 | CD140: =IF(B140="S",((BN140/2+BN140/4)*N140),"") -> 0.216 | CE140: =IF(B140="S",(0.392699*BN140*BN140),"") -> 0.05089379 | CF140: =+IF(B140="S",(IF(((H140-J140)-(G140/1000))<=0.9,"E1",IF(((H140-J140)-(G140/1000))<=2.5,"E2","E3"))),"") -> E1 | CG140: =IF(B140="S",(IF(BV140="","",BV140-(BV140*L140/100))),"") -> 58.949664 | CH140: =IF(B140="S",(IF(BW140="","",BW140-(BW140*L140/100))),"") -> 33.11675 | CI140: =IF(C140="S",(IF(BX140="","",BX140-(BX140*M140/100))),"") | CJ140: ='Cálculo_Diseño (2)'!BD141 -> 0.8505 | CK140: =+IF(B140="S",(IF((CJ140+CU140)>2,2,CJ140+CU140)),"") -> 1.701 | CL140: =+IF(B140="S",(IF((CJ140+CU140)>4,2,IF(AND((CJ140+CU140)<=4,(CJ140+CU140)>=2),((CJ140+CU140)-CK140),0))),"") -> 0 | CM140: =+IF(B140="S",(IF((CJ140+CU140)>4,((CJ140+CU140)-(CK140+CL140)),0)),"") -> 0 | CN140: =IF(B140="S",IF((CJ140+CU140)<1.5,(ROUND(CJ140*PI()/4*(2.2)^2+CU140*(PI()/4*(2.2)^2 -PI()/4*(1.6)^2),2)),IF((CJ140+CU140)<=2,(ROUND(((PI()*2.2^2)/4)*0.95-(((1/3)*PI()*0.95*(0.45^2+0.7^2+0.45*0.7)))+(CJ140*PI()/4*(2.2)^2)+(((((CU140)-0.95)*PI()*2.2^2)/4))-((((CU140)-0.95)*PI()*1.6^2)/4),2)),IF((CJ140+CU140)>2,(ROUND(IF(CU140<2,((PI()*2.2^2)/4)*0.95-(((1/3)*PI()*0.95*(0.45^2+0.7^2+0.45*0.7)))+((CU140-0.95)*(PI()/4*(2.2)^2 -PI()/4*(1.6)^2))+(2-CU140)*PI()/4*(2.2)^2,((PI()*2.2^2)/4)*0.95-(((1/3)*PI()*0.95*(0.45^2+0.7^2+0.45*0.7)))+((2-0.95)*(PI()/4*(2.2)^2 -PI()/4*(1.6)^2))),2))))),"") -> 5.66 | CO140: =IF(B140="S",ROUND(IF(CL140<=0,0,IF(AND(CL140>0,CU140<=0),CL140*PI()/4*2.2^(2),IF(AND(CL140>0,CU140>=4),CL140*(PI()/4*2.2^2-PI()/4*1.6^2),IF(AND(CL140>0,CU140>2,CU140<4,CJ140>0),(CU140-2)*(PI()/4*2.2^(2)-PI()/4*1.6^(2))+IF((CU140+CJ140)>4,(4-CU140)*(PI()/4*2.2^(2)),(CJ140)*PI()/4*(2.2^2)),IF(AND(CL140>0,CU140<=2),(CL140*PI()/4*2.2^2)))))),2),"") -> 0 | CP140: =IF(B140="S",(ROUND(IF(CM140<=0,0,IF(AND(CM140>0,CU140<=0),CM140*PI()/4*2.2^(2),IF(AND(CM140>0,CU140>4,CJ140<=0),CM140*(PI()/4*2.2^2-PI()/4*1.6^2),IF(AND(CM140>0,CU140<=4),CM140*PI()/4*2.2^2)))),2)),"") -> 0 | CQ140: =IF(B140="S",IF(CK140>1.5,(2*PI()*(0.9)*(CJ140+CU140)),0),"") -> 9.6189284 | CR140: =IF(B140="S",(ROUND(IF(CN140>0,CN140+CO140+CP140-CS140,0),2)),"") -> 4.14 | CS140: =IF(B140="S",(IF(CJ140=0,0,IF(AND((H140-J140)<1.5,CU140>0),ROUND(CU140*(PI()/4*(2.2)^2 -PI()/4*(1.6)^2),2),(ROUND(((PI()*2.2^2)/4)*0.95-(((1/3)*PI()*0.95*(0.45^2+0.7^2+0.45*0.7)))+(((((CJ140+CU140)-0.95)*PI()*2.2^2)/4))-((((CJ140+CU140)-0.95)*PI()*1.6^2)/4),2))))),"") -> 1.52 | CT140: =IF(B140="S",(IF(CN140>=0,IF(CN140+CO140+CP140=(CR140+CS140),"OK","VERIFICAR"),0)),"") -> OK | CU140: ='Cálculo_Diseño (2)'!BD141 -> 0.8505 | CV140: =IF(G140=182,M140-(O140/2)-(P140/2),"") | CW140: =IF(G140=227,M140-(O140/2)-(P140/2),"") | CX140: =IF(G140=284,M140-(O140/2)-(P140/2),"") -> 42.356331 | CY140: =IF(G140=327,M140-(O140/2)-(P140/2),"") | CZ140: =IF(G140=362,M140-(O140/2)-(P140/2),"") | DA140: =IF(G140=407,M140-(O140/2)-(P140/2),"") | DB140: =IF(G140=452,M140-(O140/2)-(P140/2),"") | DC140: =IF(G140=595.12,M140-(O140/2)-(P140/2),"") | DD140: =IF(G140=670,M140-(O140/2)-(P140/2),"") | DE140: =IF(G140=747,M140-(O140/2)-(P140/2),"") | DF140: =IF(G140=823.09,M140-(O140/2)-(P140/2),"") | DG140: =IF(G140=899.03,M140-(O140/2)-(P140/2),"") | DI140: =+IF(B140="S",B140,"N") -> S | DJ140: =+IF(DI140="S",E140,"") -> 43.47 | DK140: 10 | DL140: =IF(DI140="S",((((AA140+1)*6)/2)*0.7*DK140),"") -> 78.96 | DM140: =IF(DI140="S",(ATAN(6/(AA140-1))*180/PI()),"") -> 73.651828 | DN140: =IF(DI140="S",(TAN(DM140*PI()/180)*(AA140-2)),"") -> 2.5909091 | DO140: =IF(DI140="S",(TAN(DM140*PI()/180)*(AA140-4)),"") -> -4.2272727 | DP140: =IF(DI140="S",(IF(AA140<=2,((((AA140+1)*6)/2)*0.7*DK140),IF(AND(AA140>2,AA140<=4),((((AA140+1)*6)/2)*0.7*DK140)-(((AA140-2)*DN140)/2*0.7*DK140),IF(AND(AA140>4,AA140<=6),((((AA140+1)*6)/2)*0.7*DK140)-(((AA140-2)*DN140)/2*0.7*DK140),0)))),"") -> 72.068182 | DQ140: =IF(DI140="S",(IF(AND(AA140>2,AA140<=4),(((AA140-2)*DN140)/2*0.7*DK140),IF(AND(AA140>4,AA140<=6),(((AA140-2)*DN140)/2*0.7*DK140)-((AA140-4)*DO140/2*0.7*DK140),0))),"") -> 6.8918182 | DR140: =IF(DI140="S",(IF(AND(AA140>4,AA140<=6),((AA140-4)*DO140/2*0.7*DK140),IF(AA140<4,0,"REVISAR"))),"") -> 0 | DS140: =IF(DI140="S",(IF(AA140>1.5,(3*AA140*0.7*DK140*2),0)),"") -> 115.92 | DT140: =IF(DI140="S",(IF(AA140>1.5,(3*AA140*0.3*DK140*2),0)),"") -> 49.68 | DU140: =IF(B140="S",(IF(DI140="S",IF(G140=$DU$11,DK140,""),"")),"") | DV140: =IF(B140="S",(IF(DI140="S",IF(G140=$DV$11,DK140,""),"")),"") | DW140: =IF(B140="S",(IF(DI140="S",IF(G140=$DW$11,DK140,""),"")),"") -> 10 | DX140: =IF(B140="S",(IF(DI140="S",IF(G140=$DX$11,DK140,""),"")),"") | DY140: =IF(B140="S",(IF(DI140="S",IF(G140=$DY$11,DK140,""),"")),"") | DZ140: =IF(B140="S",(IF(DI140="S",IF(G140=$DZ$11,DK140,""),"")),"") | EA140: =IF(B140="S",(IF(DI140="S",IF(G140=$EA$11,DK140,""),"")),"") | EB140: =IF(B140="S",(IF(DI140="S",IF(G140=$EB$11,DK140,""),"")),"") | EC140: =IF(B140="S",0.95,"") -> 0.95 | EH140: =+IF(EC140=0.95,2+((ED140+EE140+EF140)-1),"") -> 1
DS141: =IF(DI141="S",(IF(AA141>1.5,(3*AA141*0.7*DK141*2),0)),"") | DT141: =IF(DI141="S",(IF(AA141>1.5,(3*AA141*0.3*DK141*2),0)),"")
DS142: =IF(DI142="S",(IF(AA142>1.5,(3*AA142*0.7*DK142*2),0)),"") | DT142: =IF(DI142="S",(IF(AA142>1.5,(3*AA142*0.3*DK142*2),0)),"")
DS143: =IF(DI143="S",(IF(AA143>1.5,(3*AA143*0.7*DK143*2),0)),"") | DT143: =IF(DI143="S",(IF(AA143>1.5,(3*AA143*0.3*DK143*2),0)),"")
DS144: =IF(DI144="S",(IF(AA144>1.5,(3*AA144*0.7*DK144*2),0)),"") | DT144: =IF(DI144="S",(IF(AA144>1.5,(3*AA144*0.3*DK144*2),0)),"")
DS145: =IF(DI145="S",(IF(AA145>1.5,(3*AA145*0.7*DK145*2),0)),"") | DT145: =IF(DI145="S",(IF(AA145>1.5,(3*AA145*0.3*DK145*2),0)),"")
DS146: =IF(DI146="S",(IF(AA146>1.5,(3*AA146*0.7*DK146*2),0)),"") | DT146: =IF(DI146="S",(IF(AA146>1.5,(3*AA146*0.3*DK146*2),0)),"")
A147: S | B147: =A147 -> S | C147: =IF(A147="S",'Cálculo_Diseño (2)'!C148," ") -> C289 | D147: =IF(A147="S",'Cálculo_Diseño (2)'!D148," ") -> C305 | E147: =IF(B147="S",'Cálculo_Diseño (2)'!AX148," ") -> 62.58 | F147: =IF(B147="S",'Cálculo_Diseño (2)'!BL148," ") -> 8.8830297 | G147: =IF(B147="S",'Cálculo_Diseño (2)'!AZ148," ") -> 284 | H147: =IF(B147="S",'Cálculo_Diseño (2)'!BB148," ") -> 988.672 | I147: =IF(B147="S",'Cálculo_Diseño (2)'!BC148," ") -> 983.593 | J147: =IF(B147="S",'Cálculo_Diseño (2)'!BH148," ") -> 987.062 | K147: =IF(B147="S",'Cálculo_Diseño (2)'!BI148," ") -> 981.503 | L147: =IF(B147="S",+$L$11,"") -> 1 | M147: =IF(B147="S",(E147^2+(J147-K147)^2)^0.5," ") -> 62.826419 | N147: =IF(AJ147="S",BK147+0.1,BK147) -> 0.8 | O147: =IF(B147="S",(IF(G147<=500,1.2,1.5)),"") -> 1.2 | P147: =IF(B147="S",(IF(G147<=500,1.2,1.5)),"") -> 1.2 | Q147: CONCRETO | R147: =+IF(B147="S",(IF(Q147="FLEXIBLE","S","N")),"") -> N | S147: =+IF(B147="S",(IF(Q147="ADOQUIN","S","N")),"") -> N | T147: =+IF(B147="S",(IF(Q147="CONCRETO","S","N")),"") -> S | U147: =IF(B147="S",(IF(R147="S",(((((H147-I147)^2)+(E147^2))^0.5)-CA147-CB147)*$U$11,0)),"") -> 0 | V147: =IF(B147="S",(IF(S147="S",(((((H147-I147)^2)+(E147^2))^0.5)-CA147-CB147)*$V$11,0)),"") -> 0 | W147: =IF(B147="S",(IF(T147="S",(((((H147-I147)^2)+(E147^2))^0.5)-CA147-CB147)*$W$11,0)),"") -> 61.585768 | X147: =IF(B147="S",(U147*(N147+0.2)*$X$11),"") -> 0 | Y147: =IF(B147="S",(V147*(N147+0.2)*$Y$11),"") -> 0 | Z147: =IF(B147="S",(W147*(N147+0.2)*$Z$11+IF(Q147="CONCRETO",PI()/4*0.2*(O147+0.2*2+0.1*2)^2)),"") -> 18.984668 | AA147: =IF(B147="S",(((H147-J147)+(I147-K147))/2+BM147),"") -> 1.95 | AB147: =IF(B147="S",($AB$11),"") -> 10 | AC147: =IF(B147="S",(IF(CG147="","",(CG147*(AB147/100))*$I$527)),"") -> 9.3372696 | AD147: =IF(B147="S",(IF(CH147="","",(CH147*AB147/100)*$I$527)),"") -> 0.82101564 | AE147: =IF(B147="S",(IF(CI147="","",(CI147*AB147/100)*$I$527)),"") | AF147: =IF(B147="S",(IF(CG147="","",(CG147*$I$527)-AC147)),"") -> 84.035426 | AG147: =IF(B147="S",(IF(CH147="","",(CH147*$I$527)-AD147)),"") -> 7.3891408 | AH147: =IF(B147="S",(IF(CI147="","",(CI147*$I$527)-AE147)),"") | AI147: =IF(B147="S",((BY147*(L147/100))*1.1),"") -> 1.0260894 | AJ147: =IF(B147="S",(IF(AA147<1,"N","S")),"") -> S | AK147: =IF(B147="S",(IF(AJ147="S",(E147*AA147*0.7*2),0)),"") -> 170.8434 | AL147: =IF(B147="S",(IF(AJ147="S",(E147*AA147*0.3*2),0)),"") -> 73.2186 | AM147: =IF(B147="S",(IF(F147>20,N147*(M147/10)*AA147,0)),"") -> 0 | AN147: =IF(B147="S",((M147-0.4)*$AN$11),"") -> 0 | AO147: =IF(B147="S",((M147-0.4)*$AO$11),"") -> 0 | AP147: =IF(B147="S",((M147-(O147/2)-(P147/2))*$AP$11),"") -> 61.626419 | AQ147: =+SUM(AC147:AI147) -> 102.60894 | AR147: =+AT147+AU147+AZ147+BA147+BB147+BI147 -> 102.60894 | AS147: =IF(B147="S",((N147*(0.4+G147/1000))-((G147/1000)^2*PI()/4)),"") -> 0.48385293 | AT147: =IF(B147="S",(AS147*AP147)-IF(BI147>0,BI147,0),"") -> 29.818123 | AU147: =IF(B147="S",IF(Q147="NATURAL",0,(($AU$11*N147*AP147))),"") -> 19.720454 | AV147: =IF(B147="S",$AV$11,"") -> 30 | AW147: =IF(B147="S",(BY147*1.1-(AT147+BI147)-AU147-BB147-AX147-AY147),"") -> 49.106105 | AZ147: =IF(B147="S",((BY147*1.1-BB147-(AT147+BI147)-AU147-AX147-AY147)*AV147/100),"") -> 14.731831 | BA147: =IF(B147="S",(IF(AW147>AZ147,AW147-AZ147,0)),"") -> 34.374273 | BB147: =IF(B147="S",((((G147/1000)^2)/4*PI())*E147),"") -> 3.9642599 | BC147: =IF(B147="S",(BY147*1.1-AZ147),"") -> 87.87711 | BE147: =IF(B147="S",(IF(O147=1.5,IF(H147-J147<=1,0,H147-J147-1))),"") -> FALSE | BF147: =IF(B147="S",(IF(O147<=0.8,IF(H147-J147<=1,0,H147-J147))),"") -> FALSE | BG147: =IF(B147="S",(IF(O147<=0.6,IF(H147-J147<=1,H147-J147,0))),"") -> FALSE | BH147: =IF(B147="S",(IF(BD147="","",IF(BD147="FALSO","",1))),"") | BI147: =IF(B147="S",(IF(F147>=15,N147*((G147/1000)+0.3)*0.2,0)*(E147/5+1)),"") -> 0 | BJ147: =IF(B147="S",(BN147+BM147+0.3),"") -> 0.76 | BK147: =IF(B147="S",(VLOOKUP('Cálculo_Diseño (2)'!AY148,'TABLA (2)'!$H$102:'TABLA (2)'!$U$135,3)),"") -> 0.7 | BL147: =IF(B147="S",(VLOOKUP('Cálculo_Diseño (2)'!AY148,'TABLA (2)'!$H$102:'TABLA (2)'!$U$135,10)),"") -> 0.55 | BM147: =IF(B147="S",(VLOOKUP('Cálculo_Diseño (2)'!AY148,'TABLA (2)'!$H$102:'TABLA (2)'!$U$135,11)),"") -> 0.1 | BN147: =IF(B147="S",(VLOOKUP('Cálculo_Diseño (2)'!AY148,'TABLA (2)'!$H$102:'TABLA (2)'!$U$135,12)),"") -> 0.36 | BO147: =V147 -> 0 | BP147: =+IF(B147="S",(IF((1.8-AA147)>=0,AA147+0.2,2)),"") -> 2 | BQ147: =+IF(B147="S",(IF(BP147=2,IF((3.8-AA147)>=0,(AA147+0.2-2),2),0)),"") -> 0.15 | BR147: =+IF(B147="S",(IF(BQ147=2,AA147+0.2-4,0)),"") -> 0 | BS147: =IF(B147="S",((N147*(0.3+BN147/2)-0.392699*BN147*BN147)*AO147),"") -> 0 | BU147: =IF(B147="S",((N147*(0.3+5*BN147/6)-0.699815*BN147*BN147)*AP147),"") -> 23.99141 | BV147: =IF(B147="S",(IF(BP147=0,"",(BP147)*(M147)*N147-(U147*$X$11+V147*$Y$11+W147*$Z$11)*N147)),"") -> 85.741686 | BW147: =IF(B147="S",(IF(BQ147=0,"",(M147)*BQ147*N147)),"") -> 7.5391702 | BX147: =IF(B147="S",(IF(BR147=0,"",(M147)*BR147*N147)),"") | BY147: =IF(B147="S",((AA147+0.2)*N147*(M147)-(U147*$X$11+V147*$Y$11+W147*$Z$11)*N147),"") -> 93.280856 | BZ147: =IF(B147="S",((N147*(0.3+BN147/2)-0.392699*BN147*BN147)*AN147),"") -> 0 | CA147: =IF(B147="S",(IF(O147=1.2,(O147/2),IF(O147=0.8,O147/2,IF(O147=1.5,O147/2,IF(O147=0.6,O147/2,"IDIOT"))))),"") -> 0.6 | CB147: =IF(B147="S",(IF(P147=1.2,(P147/2),IF(P147=0.8,P147/2,IF(P147=1.5,P147/2,IF(P147=0.6,P147/2,"IDIOT"))))),"") -> 0.6 | CC147: =IF(B147="S",((BN147/2+0.1)*N147),"") -> 0.224 | CD147: =IF(B147="S",((BN147/2+BN147/4)*N147),"") -> 0.216 | CE147: =IF(B147="S",(0.392699*BN147*BN147),"") -> 0.05089379 | CF147: =+IF(B147="S",(IF(((H147-J147)-(G147/1000))<=0.9,"E1",IF(((H147-J147)-(G147/1000))<=2.5,"E2","E3"))),"") -> E2 | CG147: =IF(B147="S",(IF(BV147="","",BV147-(BV147*L147/100))),"") -> 84.884269 | CH147: =IF(B147="S",(IF(BW147="","",BW147-(BW147*L147/100))),"") -> 7.4637785 | CI147: =IF(C147="S",(IF(BX147="","",BX147-(BX147*M147/100))),"") | CJ147: ='Cálculo_Diseño (2)'!BD148 -> 1.3105 | CK147: =+IF(B147="S",(IF((CJ147+CU147)>2,2,CJ147+CU147)),"") -> 2 | CL147: =+IF(B147="S",(IF((CJ147+CU147)>4,2,IF(AND((CJ147+CU147)<=4,(CJ147+CU147)>=2),((CJ147+CU147)-CK147),0))),"") -> 0.621 | CM147: =+IF(B147="S",(IF((CJ147+CU147)>4,((CJ147+CU147)-(CK147+CL147)),0)),"") -> 0 | CN147: =IF(B147="S",IF((CJ147+CU147)<1.5,(ROUND(CJ147*PI()/4*(2.2)^2+CU147*(PI()/4*(2.2)^2 -PI()/4*(1.6)^2),2)),IF((CJ147+CU147)<=2,(ROUND(((PI()*2.2^2)/4)*0.95-(((1/3)*PI()*0.95*(0.45^2+0.7^2+0.45*0.7)))+(CJ147*PI()/4*(2.2)^2)+(((((CU147)-0.95)*PI()*2.2^2)/4))-((((CU147)-0.95)*PI()*1.6^2)/4),2)),IF((CJ147+CU147)>2,(ROUND(IF(CU147<2,((PI()*2.2^2)/4)*0.95-(((1/3)*PI()*0.95*(0.45^2+0.7^2+0.45*0.7)))+((CU147-0.95)*(PI()/4*(2.2)^2 -PI()/4*(1.6)^2))+(2-CU147)*PI()/4*(2.2)^2,((PI()*2.2^2)/4)*0.95-(((1/3)*PI()*0.95*(0.45^2+0.7^2+0.45*0.7)))+((2-0.95)*(PI()/4*(2.2)^2 -PI()/4*(1.6)^2))),2))))),"") -> 5.88 | CO147: =IF(B147="S",ROUND(IF(CL147<=0,0,IF(AND(CL147>0,CU147<=0),CL147*PI()/4*2.2^(2),IF(AND(CL147>0,CU147>=4),CL147*(PI()/4*2.2^2-PI()/4*1.6^2),IF(AND(CL147>0,CU147>2,CU147<4,CJ147>0),(CU147-2)*(PI()/4*2.2^(2)-PI()/4*1.6^(2))+IF((CU147+CJ147)>4,(4-CU147)*(PI()/4*2.2^(2)),(CJ147)*PI()/4*(2.2^2)),IF(AND(CL147>0,CU147<=2),(CL147*PI()/4*2.2^2)))))),2),"") -> 2.36 | CP147: =IF(B147="S",(ROUND(IF(CM147<=0,0,IF(AND(CM147>0,CU147<=0),CM147*PI()/4*2.2^(2),IF(AND(CM147>0,CU147>4,CJ147<=0),CM147*(PI()/4*2.2^2-PI()/4*1.6^2),IF(AND(CM147>0,CU147<=4),CM147*PI()/4*2.2^2)))),2)),"") -> 0 | CQ147: =IF(B147="S",IF(CK147>1.5,(2*PI()*(0.9)*(CJ147+CU147)),0),"") -> 14.821406 | CR147: =IF(B147="S",(ROUND(IF(CN147>0,CN147+CO147+CP147-CS147,0),2)),"") -> 2.64 | CS147: =IF(B147="S",(IF(CJ147=0,0,IF(AND((H147-J147)<1.5,CU147>0),ROUND(CU147*(PI()/4*(2.2)^2 -PI()/4*(1.6)^2),2),(ROUND(((PI()*2.2^2)/4)*0.95-(((1/3)*PI()*0.95*(0.45^2+0.7^2+0.45*0.7)))+(((((CJ147+CU147)-0.95)*PI()*2.2^2)/4))-((((CJ147+CU147)-0.95)*PI()*1.6^2)/4),2))))),"") -> 5.6 | CT147: =IF(B147="S",(IF(CN147>=0,IF(CN147+CO147+CP147=(CR147+CS147),"OK","VERIFICAR"),0)),"") -> OK | CU147: ='Cálculo_Diseño (2)'!BD148 -> 1.3105 | CV147: =IF(G147=182,M147-(O147/2)-(P147/2),"") | CW147: =IF(G147=227,M147-(O147/2)-(P147/2),"") | CX147: =IF(G147=284,M147-(O147/2)-(P147/2),"") -> 61.626419 | CY147: =IF(G147=327,M147-(O147/2)-(P147/2),"") | CZ147: =IF(G147=362,M147-(O147/2)-(P147/2),"") | DA147: =IF(G147=407,M147-(O147/2)-(P147/2),"") | DB147: =IF(G147=452,M147-(O147/2)-(P147/2),"") | DC147: =IF(G147=595.12,M147-(O147/2)-(P147/2),"") | DD147: =IF(G147=670,M147-(O147/2)-(P147/2),"") | DE147: =IF(G147=747,M147-(O147/2)-(P147/2),"") | DF147: =IF(G147=823.09,M147-(O147/2)-(P147/2),"") | DG147: =IF(G147=899.03,M147-(O147/2)-(P147/2),"") | DI147: =+IF(B147="S",B147,"N") -> S | DJ147: =+IF(DI147="S",E147,"") -> 62.58 | DK147: 15 | DL147: =IF(DI147="S",((((AA147+1)*6)/2)*0.7*DK147),"") -> 92.925 | DM147: =IF(DI147="S",(ATAN(6/(AA147-1))*180/PI()),"") -> 81.002857 | DN147: =IF(DI147="S",(TAN(DM147*PI()/180)*(AA147-2)),"") -> -0.31578947 | DO147: =IF(DI147="S",(TAN(DM147*PI()/180)*(AA147-4)),"") -> -12.947368 | DP147: =IF(DI147="S",(IF(AA147<=2,((((AA147+1)*6)/2)*0.7*DK147),IF(AND(AA147>2,AA147<=4),((((AA147+1)*6)/2)*0.7*DK147)-(((AA147-2)*DN147)/2*0.7*DK147),IF(AND(AA147>4,AA147<=6),((((AA147+1)*6)/2)*0.7*DK147)-(((AA147-2)*DN147)/2*0.7*DK147),0)))),"") -> 92.925 | DQ147: =IF(DI147="S",(IF(AND(AA147>2,AA147<=4),(((AA147-2)*DN147)/2*0.7*DK147),IF(AND(AA147>4,AA147<=6),(((AA147-2)*DN147)/2*0.7*DK147)-((AA147-4)*DO147/2*0.7*DK147),0))),"") -> 0 | DR147: =IF(DI147="S",(IF(AND(AA147>4,AA147<=6),((AA147-4)*DO147/2*0.7*DK147),IF(AA147<4,0,"REVISAR"))),"") -> 0 | DS147: =IF(DI147="S",(IF(AA147>1.5,(3*AA147*0.7*DK147*2),0)),"") -> 122.85 | DT147: =IF(DI147="S",(IF(AA147>1.5,(3*AA147*0.3*DK147*2),0)),"") -> 52.65 | DU147: =IF(B147="S",(IF(DI147="S",IF(G147=$DU$11,DK147,""),"")),"") | DV147: =IF(B147="S",(IF(DI147="S",IF(G147=$DV$11,DK147,""),"")),"") | DW147: =IF(B147="S",(IF(DI147="S",IF(G147=$DW$11,DK147,""),"")),"") -> 15 | DX147: =IF(B147="S",(IF(DI147="S",IF(G147=$DX$11,DK147,""),"")),"") | DY147: =IF(B147="S",(IF(DI147="S",IF(G147=$DY$11,DK147,""),"")),"") | DZ147: =IF(B147="S",(IF(DI147="S",IF(G147=$DZ$11,DK147,""),"")),"") | EA147: =IF(B147="S",(IF(DI147="S",IF(G147=$EA$11,DK147,""),"")),"") | EB147: =IF(B147="S",(IF(DI147="S",IF(G147=$EB$11,DK147,""),"")),"") | EC147: =IF(B147="S",0.95,"") -> 0.95 | EH147: =+IF(EC147=0.95,2+((ED147+EE147+EF147)-1),"") -> 1
A148: S | B148: =A148 -> S | C148: =IF(A148="S",'Cálculo_Diseño (2)'!C149," ") -> C305 | D148: =IF(A148="S",'Cálculo_Diseño (2)'!D149," ") -> C167 | E148: =IF(B148="S",'Cálculo_Diseño (2)'!AX149," ") -> 40.66 | F148: =IF(B148="S",'Cálculo_Diseño (2)'!BL149," ") -> 4.0359075 | G148: =IF(B148="S",'Cálculo_Diseño (2)'!AZ149," ") -> 284 | H148: =IF(B148="S",'Cálculo_Diseño (2)'!BB149," ") -> 983.593 | I148: =IF(B148="S",'Cálculo_Diseño (2)'!BC149," ") -> 982.352 | J148: =IF(B148="S",'Cálculo_Diseño (2)'!BH149," ") -> 981.423 | K148: =IF(B148="S",'Cálculo_Diseño (2)'!BI149," ") -> 979.782 | L148: =IF(B148="S",+$L$11,"") -> 1 | M148: =IF(B148="S",(E148^2+(J148-K148)^2)^0.5," ") -> 40.693101 | N148: =IF(AJ148="S",BK148+0.1,BK148) -> 0.8 | O148: =IF(B148="S",(IF(G148<=500,1.2,1.5)),"") -> 1.2 | P148: =IF(B148="S",(IF(G148<=500,1.2,1.5)),"") -> 1.2 | Q148: CONCRETO | R148: =+IF(B148="S",(IF(Q148="FLEXIBLE","S","N")),"") -> N | S148: =+IF(B148="S",(IF(Q148="ADOQUIN","S","N")),"") -> N | T148: =+IF(B148="S",(IF(Q148="CONCRETO","S","N")),"") -> S | U148: =IF(B148="S",(IF(R148="S",(((((H148-I148)^2)+(E148^2))^0.5)-CA148-CB148)*$U$11,0)),"") -> 0 | V148: =IF(B148="S",(IF(S148="S",(((((H148-I148)^2)+(E148^2))^0.5)-CA148-CB148)*$V$11,0)),"") -> 0 | W148: =IF(B148="S",(IF(T148="S",(((((H148-I148)^2)+(E148^2))^0.5)-CA148-CB148)*$W$11,0)),"") -> 39.478934 | X148: =IF(B148="S",(U148*(N148+0.2)*$X$11),"") -> 0 | Y148: =IF(B148="S",(V148*(N148+0.2)*$Y$11),"") -> 0 | Z148: =IF(B148="S",(W148*(N148+0.2)*$Z$11+IF(Q148="CONCRETO",PI()/4*0.2*(O148+0.2*2+0.1*2)^2)),"") -> 12.352618 | AA148: =IF(B148="S",(((H148-J148)+(I148-K148))/2+BM148),"") -> 2.47 | AB148: =IF(B148="S",($AB$11),"") -> 10 | AC148: =IF(B148="S",(IF(CG148="","",(CG148*(AB148/100))*$I$527)),"") -> 6.0585445 | AD148: =IF(B148="S",(IF(CH148="","",(CH148*AB148/100)*$I$527)),"") -> 2.3752726 | AE148: =IF(B148="S",(IF(CI148="","",(CI148*AB148/100)*$I$527)),"") | AF148: =IF(B148="S",(IF(CG148="","",(CG148*$I$527)-AC148)),"") -> 54.526901 | AG148: =IF(B148="S",(IF(CH148="","",(CH148*$I$527)-AD148)),"") -> 21.377453 | AH148: =IF(B148="S",(IF(CI148="","",(CI148*$I$527)-AE148)),"") | AI148: =IF(B148="S",((BY148*(L148/100))*1.1),"") -> 0.85190072 | AJ148: =IF(B148="S",(IF(AA148<1,"N","S")),"") -> S | AK148: =IF(B148="S",(IF(AJ148="S",(E148*AA148*0.7*2),0)),"") -> 140.60228 | AL148: =IF(B148="S",(IF(AJ148="S",(E148*AA148*0.3*2),0)),"") -> 60.25812 | AM148: =IF(B148="S",(IF(F148>20,N148*(M148/10)*AA148,0)),"") -> 0 | AN148: =IF(B148="S",((M148-0.4)*$AN$11),"") -> 0 | AO148: =IF(B148="S",((M148-0.4)*$AO$11),"") -> 0 | AP148: =IF(B148="S",((M148-(O148/2)-(P148/2))*$AP$11),"") -> 39.493101 | AQ148: =+SUM(AC148:AI148) -> 85.190072 | AR148: =+AT148+AU148+AZ148+BA148+BB148+BI148 -> 85.190072 | AS148: =IF(B148="S",((N148*(0.4+G148/1000))-((G148/1000)^2*PI()/4)),"") -> 0.48385293 | AT148: =IF(B148="S",(AS148*AP148)-IF(BI148>0,BI148,0),"") -> 19.108853 | AU148: =IF(B148="S",IF(Q148="NATURAL",0,(($AU$11*N148*AP148))),"") -> 12.637792 | AV148: =IF(B148="S",$AV$11,"") -> 30 | AW148: =IF(B148="S",(BY148*1.1-(AT148+BI148)-AU148-BB148-AX148-AY148),"") -> 50.867735 | AZ148: =IF(B148="S",((BY148*1.1-BB148-(AT148+BI148)-AU148-AX148-AY148)*AV148/100),"") -> 15.26032 | BA148: =IF(B148="S",(IF(AW148>AZ148,AW148-AZ148,0)),"") -> 35.607414 | BB148: =IF(B148="S",((((G148/1000)^2)/4*PI())*E148),"") -> 2.575692 | BC148: =IF(B148="S",(BY148*1.1-AZ148),"") -> 69.929751 | BD148: =IF(B148="S",(IF(O148=1.2,IF((H148-J148)<=1.2,H148-J148,H148-J148-0.95))),"") -> 1.22 | BE148: =IF(B148="S",(IF(O148=1.5,IF(H148-J148<=1,0,H148-J148-1))),"") -> FALSE | BF148: =IF(B148="S",(IF(O148<=0.8,IF(H148-J148<=1,0,H148-J148))),"") -> FALSE | BG148: =IF(B148="S",(IF(O148<=0.6,IF(H148-J148<=1,H148-J148,0))),"") -> FALSE | BH148: =IF(B148="S",(IF(BD148="","",IF(BD148="FALSO","",1))),"") -> 1 | BI148: =IF(B148="S",(IF(F148>=15,N148*((G148/1000)+0.3)*0.2,0)*(E148/5+1)),"") -> 0 | BJ148: =IF(B148="S",(BN148+BM148+0.3),"") -> 0.76 | BK148: =IF(B148="S",(VLOOKUP('Cálculo_Diseño (2)'!AY149,'TABLA (2)'!$H$102:'TABLA (2)'!$U$135,3)),"") -> 0.7 | BL148: =IF(B148="S",(VLOOKUP('Cálculo_Diseño (2)'!AY149,'TABLA (2)'!$H$102:'TABLA (2)'!$U$135,10)),"") -> 0.55 | BM148: =IF(B148="S",(VLOOKUP('Cálculo_Diseño (2)'!AY149,'TABLA (2)'!$H$102:'TABLA (2)'!$U$135,11)),"") -> 0.1 | BN148: =IF(B148="S",(VLOOKUP('Cálculo_Diseño (2)'!AY149,'TABLA (2)'!$H$102:'TABLA (2)'!$U$135,12)),"") -> 0.36 | BO148: =V148 -> 0 | BP148: =+IF(B148="S",(IF((1.8-AA148)>=0,AA148+0.2,2)),"") -> 2 | BQ148: =+IF(B148="S",(IF(BP148=2,IF((3.8-AA148)>=0,(AA148+0.2-2),2),0)),"") -> 0.67 | BR148: =+IF(B148="S",(IF(BQ148=2,AA148+0.2-4,0)),"") -> 0 | BS148: =IF(B148="S",((N148*(0.3+BN148/2)-0.392699*BN148*BN148)*AO148),"") -> 0 | BU148: =IF(B148="S",((N148*(0.3+5*BN148/6)-0.699815*BN148*BN148)*AP148),"") -> 15.374821 | BV148: =IF(B148="S",(IF(BP148=0,"",(BP148)*(M148)*N148-(U148*$X$11+V148*$Y$11+W148*$Z$11)*N148)),"") -> 55.634018 | BW148: =IF(B148="S",(IF(BQ148=0,"",(M148)*BQ148*N148)),"") -> 21.811502 | BX148: =IF(B148="S",(IF(BR148=0,"",(M148)*BR148*N148)),"") | BY148: =IF(B148="S",((AA148+0.2)*N148*(M148)-(U148*$X$11+V148*$Y$11+W148*$Z$11)*N148),"") -> 77.44552 | BZ148: =IF(B148="S",((N148*(0.3+BN148/2)-0.392699*BN148*BN148)*AN148),"") -> 0 | CA148: =IF(B148="S",(IF(O148=1.2,(O148/2),IF(O148=0.8,O148/2,IF(O148=1.5,O148/2,IF(O148=0.6,O148/2,"IDIOT"))))),"") -> 0.6 | CB148: =IF(B148="S",(IF(P148=1.2,(P148/2),IF(P148=0.8,P148/2,IF(P148=1.5,P148/2,IF(P148=0.6,P148/2,"IDIOT"))))),"") -> 0.6 | CC148: =IF(B148="S",((BN148/2+0.1)*N148),"") -> 0.224 | CD148: =IF(B148="S",((BN148/2+BN148/4)*N148),"") -> 0.216 | CE148: =IF(B148="S",(0.392699*BN148*BN148),"") -> 0.05089379 | CF148: =+IF(B148="S",(IF(((H148-J148)-(G148/1000))<=0.9,"E1",IF(((H148-J148)-(G148/1000))<=2.5,"E2","E3"))),"") -> E2 | CG148: =IF(B148="S",(IF(BV148="","",BV148-(BV148*L148/100))),"") -> 55.077677 | CH148: =IF(B148="S",(IF(BW148="","",BW148-(BW148*L148/100))),"") -> 21.593387 | CI148: =IF(C148="S",(IF(BX148="","",BX148-(BX148*M148/100))),"") | CJ148: ='Cálculo_Diseño (2)'!BD149 -> 1.8705 | CK148: =+IF(B148="S",(IF((CJ148+CU148)>2,2,CJ148+CU148)),"") -> 2 | CL148: =+IF(B148="S",(IF((CJ148+CU148)>4,2,IF(AND((CJ148+CU148)<=4,(CJ148+CU148)>=2),((CJ148+CU148)-CK148),0))),"") -> 1.741 | CM148: =+IF(B148="S",(IF((CJ148+CU148)>4,((CJ148+CU148)-(CK148+CL148)),0)),"") -> 0 | CN148: =IF(B148="S",IF((CJ148+CU148)<1.5,(ROUND(CJ148*PI()/4*(2.2)^2+CU148*(PI()/4*(2.2)^2 -PI()/4*(1.6)^2),2)),IF((CJ148+CU148)<=2,(ROUND(((PI()*2.2^2)/4)*0.95-(((1/3)*PI()*0.95*(0.45^2+0.7^2+0.45*0.7)))+(CJ148*PI()/4*(2.2)^2)+(((((CU148)-0.95)*PI()*2.2^2)/4))-((((CU148)-0.95)*PI()*1.6^2)/4),2)),IF((CJ148+CU148)>2,(ROUND(IF(CU148<2,((PI()*2.2^2)/4)*0.95-(((1/3)*PI()*0.95*(0.45^2+0.7^2+0.45*0.7)))+((CU148-0.95)*(PI()/4*(2.2)^2 -PI()/4*(1.6)^2))+(2-CU148)*PI()/4*(2.2)^2,((PI()*2.2^2)/4)*0.95-(((1/3)*PI()*0.95*(0.45^2+0.7^2+0.45*0.7)))+((2-0.95)*(PI()/4*(2.2)^2 -PI()/4*(1.6)^2))),2))))),"") -> 4.75 | CO148: =IF(B148="S",ROUND(IF(CL148<=0,0,IF(AND(CL148>0,CU148<=0),CL148*PI()/4*2.2^(2),IF(AND(CL148>0,CU148>=4),CL148*(PI()/4*2.2^2-PI()/4*1.6^2),IF(AND(CL148>0,CU148>2,CU148<4,CJ148>0),(CU148-2)*(PI()/4*2.2^(2)-PI()/4*1.6^(2))+IF((CU148+CJ148)>4,(4-CU148)*(PI()/4*2.2^(2)),(CJ148)*PI()/4*(2.2^2)),IF(AND(CL148>0,CU148<=2),(CL148*PI()/4*2.2^2)))))),2),"") -> 6.62 | CP148: =IF(B148="S",(ROUND(IF(CM148<=0,0,IF(AND(CM148>0,CU148<=0),CM148*PI()/4*2.2^(2),IF(AND(CM148>0,CU148>4,CJ148<=0),CM148*(PI()/4*2.2^2-PI()/4*1.6^2),IF(AND(CM148>0,CU148<=4),CM148*PI()/4*2.2^2)))),2)),"") -> 0 | CQ148: =IF(B148="S",IF(CK148>1.5,(2*PI()*(0.9)*(CJ148+CU148)),0),"") -> 21.154857 | CR148: =IF(B148="S",(ROUND(IF(CN148>0,CN148+CO148+CP148-CS148,0),2)),"") -> 3.76 | CS148: =IF(B148="S",(IF(CJ148=0,0,IF(AND((H148-J148)<1.5,CU148>0),ROUND(CU148*(PI()/4*(2.2)^2 -PI()/4*(1.6)^2),2),(ROUND(((PI()*2.2^2)/4)*0.95-(((1/3)*PI()*0.95*(0.45^2+0.7^2+0.45*0.7)))+(((((CJ148+CU148)-0.95)*PI()*2.2^2)/4))-((((CJ148+CU148)-0.95)*PI()*1.6^2)/4),2))))),"") -> 7.61 | CT148: =IF(B148="S",(IF(CN148>=0,IF(CN148+CO148+CP148=(CR148+CS148),"OK","VERIFICAR"),0)),"") -> OK | CU148: ='Cálculo_Diseño (2)'!BD149 -> 1.8705 | CV148: =IF(G148=182,M148-(O148/2)-(P148/2),"") | CW148: =IF(G148=227,M148-(O148/2)-(P148/2),"") | CX148: =IF(G148=284,M148-(O148/2)-(P148/2),"") -> 39.493101 | CY148: =IF(G148=327,M148-(O148/2)-(P148/2),"") | CZ148: =IF(G148=362,M148-(O148/2)-(P148/2),"") | DA148: =IF(G148=407,M148-(O148/2)-(P148/2),"") | DB148: =IF(G148=452,M148-(O148/2)-(P148/2),"") | DC148: =IF(G148=595.12,M148-(O148/2)-(P148/2),"") | DD148: =IF(G148=670,M148-(O148/2)-(P148/2),"") | DE148: =IF(G148=747,M148-(O148/2)-(P148/2),"") | DF148: =IF(G148=823.09,M148-(O148/2)-(P148/2),"") | DG148: =IF(G148=899.03,M148-(O148/2)-(P148/2),"") | DI148: =+IF(B148="S",B148,"N") -> S | DJ148: =+IF(DI148="S",E148,"") -> 40.66 | DK148: 8 | DL148: =IF(DI148="S",((((AA148+1)*6)/2)*0.7*DK148),"") -> 58.296 | DM148: =IF(DI148="S",(ATAN(6/(AA148-1))*180/PI()),"") -> 76.233699 | DN148: =IF(DI148="S",(TAN(DM148*PI()/180)*(AA148-2)),"") -> 1.9183673 | DO148: =IF(DI148="S",(TAN(DM148*PI()/180)*(AA148-4)),"") -> -6.244898 | DP148: =IF(DI148="S",(IF(AA148<=2,((((AA148+1)*6)/2)*0.7*DK148),IF(AND(AA148>2,AA148<=4),((((AA148+1)*6)/2)*0.7*DK148)-(((AA148-2)*DN148)/2*0.7*DK148),IF(AND(AA148>4,AA148<=6),((((AA148+1)*6)/2)*0.7*DK148)-(((AA148-2)*DN148)/2*0.7*DK148),0)))),"") -> 55.771429 | DQ148: =IF(DI148="S",(IF(AND(AA148>2,AA148<=4),(((AA148-2)*DN148)/2*0.7*DK148),IF(AND(AA148>4,AA148<=6),(((AA148-2)*DN148)/2*0.7*DK148)-((AA148-4)*DO148/2*0.7*DK148),0))),"") -> 2.5245714 | DR148: =IF(DI148="S",(IF(AND(AA148>4,AA148<=6),((AA148-4)*DO148/2*0.7*DK148),IF(AA148<4,0,"REVISAR"))),"") -> 0 | DS148: =IF(DI148="S",(IF(AA148>1.5,(3*AA148*0.7*DK148*2),0)),"") -> 82.992 | DT148: =IF(DI148="S",(IF(AA148>1.5,(3*AA148*0.3*DK148*2),0)),"") -> 35.568 | DU148: =IF(B148="S",(IF(DI148="S",IF(G148=$DU$11,DK148,""),"")),"") | DV148: =IF(B148="S",(IF(DI148="S",IF(G148=$DV$11,DK148,""),"")),"") | DW148: =IF(B148="S",(IF(DI148="S",IF(G148=$DW$11,DK148,""),"")),"") -> 8 | DX148: =IF(B148="S",(IF(DI148="S",IF(G148=$DX$11,DK148,""),"")),"") | DY148: =IF(B148="S",(IF(DI148="S",IF(G148=$DY$11,DK148,""),"")),"") | DZ148: =IF(B148="S",(IF(DI148="S",IF(G148=$DZ$11,DK148,""),"")),"") | EA148: =IF(B148="S",(IF(DI148="S",IF(G148=$EA$11,DK148,""),"")),"") | EB148: =IF(B148="S",(IF(DI148="S",IF(G148=$EB$11,DK148,""),"")),"") | EC148: =IF(B148="S",0.95,"") -> 0.95 | EH148: =+IF(EC148=0.95,2+((ED148+EE148+EF148)-1),"") -> 1
DS149: =IF(DI149="S",(IF(AA149>1.5,(3*AA149*0.7*DK149*2),0)),"") | DT149: =IF(DI149="S",(IF(AA149>1.5,(3*AA149*0.3*DK149*2),0)),"")
DS150: =IF(DI150="S",(IF(AA150>1.5,(3*AA150*0.7*DK150*2),0)),"") | DT150: =IF(DI150="S",(IF(AA150>1.5,(3*AA150*0.3*DK150*2),0)),"")
DS151: =IF(DI151="S",(IF(AA151>1.5,(3*AA151*0.7*DK151*2),0)),"") | DT151: =IF(DI151="S",(IF(AA151>1.5,(3*AA151*0.3*DK151*2),0)),"")
DS152: =IF(DI152="S",(IF(AA152>1.5,(3*AA152*0.7*DK152*2),0)),"") | DT152: =IF(DI152="S",(IF(AA152>1.5,(3*AA152*0.3*DK152*2),0)),"")
DS153: =IF(DI153="S",(IF(AA153>1.5,(3*AA153*0.7*DK153*2),0)),"") | DT153: =IF(DI153="S",(IF(AA153>1.5,(3*AA153*0.3*DK153*2),0)),"")
DS154: =IF(DI154="S",(IF(AA154>1.5,(3*AA154*0.7*DK154*2),0)),"") | DT154: =IF(DI154="S",(IF(AA154>1.5,(3*AA154*0.3*DK154*2),0)),"")
A155: S | B155: =A155 -> S | C155: =IF(A155="S",'Cálculo_Diseño (2)'!C156," ") -> C239 | D155: =IF(A155="S",'Cálculo_Diseño (2)'!D156," ") -> C241 | E155: =IF(B155="S",'Cálculo_Diseño (2)'!AX156," ") -> 44.82 | F155: =IF(B155="S",'Cálculo_Diseño (2)'!BL156," ") -> 2.5948237 | G155: =IF(B155="S",'Cálculo_Diseño (2)'!AZ156," ") -> 284 | H155: =IF(B155="S",'Cálculo_Diseño (2)'!BB156," ") -> 984.481 | I155: =IF(B155="S",'Cálculo_Diseño (2)'!BC156," ") -> 983.258 | J155: =IF(B155="S",'Cálculo_Diseño (2)'!BH156," ") -> 982.731 | K155: =IF(B155="S",'Cálculo_Diseño (2)'!BI156," ") -> 981.568 | L155: =IF(B155="S",+$L$11,"") -> 1 | M155: =IF(B155="S",(E155^2+(J155-K155)^2)^0.5," ") -> 44.835086 | N155: =IF(AJ155="S",BK155+0.1,BK155) -> 0.8 | O155: =IF(B155="S",(IF(G155<=500,1.2,1.5)),"") -> 1.2 | P155: =IF(B155="S",(IF(G155<=500,1.2,1.5)),"") -> 1.2 | Q155: CONCRETO | R155: =+IF(B155="S",(IF(Q155="FLEXIBLE","S","N")),"") -> N | S155: =+IF(B155="S",(IF(Q155="ADOQUIN","S","N")),"") -> N | T155: =+IF(B155="S",(IF(Q155="CONCRETO","S","N")),"") -> S | U155: =IF(B155="S",(IF(R155="S",(((((H155-I155)^2)+(E155^2))^0.5)-CA155-CB155)*$U$11,0)),"") -> 0 | V155: =IF(B155="S",(IF(S155="S",(((((H155-I155)^2)+(E155^2))^0.5)-CA155-CB155)*$V$11,0)),"") -> 0 | W155: =IF(B155="S",(IF(T155="S",(((((H155-I155)^2)+(E155^2))^0.5)-CA155-CB155)*$W$11,0)),"") -> 43.636683 | X155: =IF(B155="S",(U155*(N155+0.2)*$X$11),"") -> 0 | Y155: =IF(B155="S",(V155*(N155+0.2)*$Y$11),"") -> 0 | Z155: =IF(B155="S",(W155*(N155+0.2)*$Z$11+IF(Q155="CONCRETO",PI()/4*0.2*(O155+0.2*2+0.1*2)^2)),"") -> 13.599943 | AA155: =IF(B155="S",(((H155-J155)+(I155-K155))/2+BM155),"") -> 1.82 | AB155: =IF(B155="S",($AB$11),"") -> 10 | AC155: =IF(B155="S",(IF(CG155="","",(CG155*(AB155/100))*$I$527)),"") -> 6.6715771 | AD155: =IF(B155="S",(IF(CH155="","",(CH155*AB155/100)*$I$527)),"") -> 0.078120654 | AE155: =IF(B155="S",(IF(CI155="","",(CI155*AB155/100)*$I$527)),"") | AF155: =IF(B155="S",(IF(CG155="","",(CG155*$I$527)-AC155)),"") -> 60.044194 | AG155: =IF(B155="S",(IF(CH155="","",(CH155*$I$527)-AD155)),"") -> 0.70308589 | AH155: =IF(B155="S",(IF(CI155="","",(CI155*$I$527)-AE155)),"") | AI155: =IF(B155="S",((BY155*(L155/100))*1.1),"") -> 0.68178765 | AJ155: =IF(B155="S",(IF(AA155<1,"N","S")),"") -> S | AK155: =IF(B155="S",(IF(AJ155="S",(E155*AA155*0.7*2),0)),"") -> 114.20136 | AL155: =IF(B155="S",(IF(AJ155="S",(E155*AA155*0.3*2),0)),"") -> 48.94344 | AM155: =IF(B155="S",(IF(F155>20,N155*(M155/10)*AA155,0)),"") -> 0 | AN155: =IF(B155="S",((M155-0.4)*$AN$11),"") -> 0 | AO155: =IF(B155="S",((M155-0.4)*$AO$11),"") -> 0 | AP155: =IF(B155="S",((M155-(O155/2)-(P155/2))*$AP$11),"") -> 43.635086 | AQ155: =+SUM(AC155:AI155) -> 68.178765 | AR155: =+AT155+AU155+AZ155+BA155+BB155+BI155 -> 68.178765 | AS155: =IF(B155="S",((N155*(0.4+G155/1000))-((G155/1000)^2*PI()/4)),"") -> 0.48385293 | AT155: =IF(B155="S",(AS155*AP155)-IF(BI155>0,BI155,0),"") -> 21.112964 | AU155: =IF(B155="S",IF(Q155="NATURAL",0,(($AU$11*N155*AP155))),"") -> 13.963228 | AV155: =IF(B155="S",$AV$11,"") -> 30 | AW155: =IF(B155="S",(BY155*1.1-(AT155+BI155)-AU155-BB155-AX155-AY155),"") -> 30.263358 | AZ155: =IF(B155="S",((BY155*1.1-BB155-(AT155+BI155)-AU155-AX155-AY155)*AV155/100),"") -> 9.0790073 | BA155: =IF(B155="S",(IF(AW155>AZ155,AW155-AZ155,0)),"") -> 21.18435 | BB155: =IF(B155="S",((((G155/1000)^2)/4*PI())*E155),"") -> 2.8392159 | BC155: =IF(B155="S",(BY155*1.1-AZ155),"") -> 59.099758 | BD155: =IF(B155="S",(IF(O155=1.2,IF((H155-J155)<=1.2,H155-J155,H155-J155-0.95))),"") -> 0.8 | BE155: =IF(B155="S",(IF(O155=1.5,IF(H155-J155<=1,0,H155-J155-1))),"") -> FALSE | BF155: =IF(B155="S",(IF(O155<=0.8,IF(H155-J155<=1,0,H155-J155))),"") -> FALSE | BG155: =IF(B155="S",(IF(O155<=0.6,IF(H155-J155<=1,H155-J155,0))),"") -> FALSE | BH155: =IF(B155="S",(IF(BD155="","",IF(BD155="FALSO","",1))),"") -> 1 | BI155: =IF(B155="S",(IF(F155>=15,N155*((G155/1000)+0.3)*0.2,0)*(E155/5+1)),"") -> 0 | BJ155: =IF(B155="S",(BN155+BM155+0.3),"") -> 0.76 | BK155: =IF(B155="S",(VLOOKUP('Cálculo_Diseño (2)'!AY156,'TABLA (2)'!$H$102:'TABLA (2)'!$U$135,3)),"") -> 0.7 | BL155: =IF(B155="S",(VLOOKUP('Cálculo_Diseño (2)'!AY156,'TABLA (2)'!$H$102:'TABLA (2)'!$U$135,10)),"") -> 0.55 | BM155: =IF(B155="S",(VLOOKUP('Cálculo_Diseño (2)'!AY156,'TABLA (2)'!$H$102:'TABLA (2)'!$U$135,11)),"") -> 0.1 | BN155: =IF(B155="S",(VLOOKUP('Cálculo_Diseño (2)'!AY156,'TABLA (2)'!$H$102:'TABLA (2)'!$U$135,12)),"") -> 0.36 | BO155: =V155 -> 0 | BP155: =+IF(B155="S",(IF((1.8-AA155)>=0,AA155+0.2,2)),"") -> 2 | BQ155: =+IF(B155="S",(IF(BP155=2,IF((3.8-AA155)>=0,(AA155+0.2-2),2),0)),"") -> 0.02 | BR155: =+IF(B155="S",(IF(BQ155=2,AA155+0.2-4,0)),"") -> 0 | BS155: =IF(B155="S",((N155*(0.3+BN155/2)-0.392699*BN155*BN155)*AO155),"") -> 0 | BU155: =IF(B155="S",((N155*(0.3+5*BN155/6)-0.699815*BN155*BN155)*AP155),"") -> 16.987313 | BV155: =IF(B155="S",(IF(BP155=0,"",(BP155)*(M155)*N155-(U155*$X$11+V155*$Y$11+W155*$Z$11)*N155)),"") -> 61.263334 | BW155: =IF(B155="S",(IF(BQ155=0,"",(M155)*BQ155*N155)),"") -> 0.71736138 | BX155: =IF(B155="S",(IF(BR155=0,"",(M155)*BR155*N155)),"") | BY155: =IF(B155="S",((AA155+0.2)*N155*(M155)-(U155*$X$11+V155*$Y$11+W155*$Z$11)*N155),"") -> 61.980696 | BZ155: =IF(B155="S",((N155*(0.3+BN155/2)-0.392699*BN155*BN155)*AN155),"") -> 0 | CA155: =IF(B155="S",(IF(O155=1.2,(O155/2),IF(O155=0.8,O155/2,IF(O155=1.5,O155/2,IF(O155=0.6,O155/2,"IDIOT"))))),"") -> 0.6 | CB155: =IF(B155="S",(IF(P155=1.2,(P155/2),IF(P155=0.8,P155/2,IF(P155=1.5,P155/2,IF(P155=0.6,P155/2,"IDIOT"))))),"") -> 0.6 | CC155: =IF(B155="S",((BN155/2+0.1)*N155),"") -> 0.224 | CD155: =IF(B155="S",((BN155/2+BN155/4)*N155),"") -> 0.216 | CE155: =IF(B155="S",(0.392699*BN155*BN155),"") -> 0.05089379 | CF155: =+IF(B155="S",(IF(((H155-J155)-(G155/1000))<=0.9,"E1",IF(((H155-J155)-(G155/1000))<=2.5,"E2","E3"))),"") -> E2 | CG155: =IF(B155="S",(IF(BV155="","",BV155-(BV155*L155/100))),"") -> 60.650701 | CH155: =IF(B155="S",(IF(BW155="","",BW155-(BW155*L155/100))),"") -> 0.71018777 | CI155: =IF(C155="S",(IF(BX155="","",BX155-(BX155*M155/100))),"") | CJ155: ='Cálculo_Diseño (2)'!BD156 -> 1.4505 | CK155: =+IF(B155="S",(IF((CJ155+CU155)>2,2,CJ155+CU155)),"") -> 2 | CL155: =+IF(B155="S",(IF((CJ155+CU155)>4,2,IF(AND((CJ155+CU155)<=4,(CJ155+CU155)>=2),((CJ155+CU155)-CK155),0))),"") -> 0.901 | CM155: =+IF(B155="S",(IF((CJ155+CU155)>4,((CJ155+CU155)-(CK155+CL155)),0)),"") -> 0 | CN155: =IF(B155="S",IF((CJ155+CU155)<1.5,(ROUND(CJ155*PI()/4*(2.2)^2+CU155*(PI()/4*(2.2)^2 -PI()/4*(1.6)^2),2)),IF((CJ155+CU155)<=2,(ROUND(((PI()*2.2^2)/4)*0.95-(((1/3)*PI()*0.95*(0.45^2+0.7^2+0.45*0.7)))+(CJ155*PI()/4*(2.2)^2)+(((((CU155)-0.95)*PI()*2.2^2)/4))-((((CU155)-0.95)*PI()*1.6^2)/4),2)),IF((CJ155+CU155)>2,(ROUND(IF(CU155<2,((PI()*2.2^2)/4)*0.95-(((1/3)*PI()*0.95*(0.45^2+0.7^2+0.45*0.7)))+((CU155-0.95)*(PI()/4*(2.2)^2 -PI()/4*(1.6)^2))+(2-CU155)*PI()/4*(2.2)^2,((PI()*2.2^2)/4)*0.95-(((1/3)*PI()*0.95*(0.45^2+0.7^2+0.45*0.7)))+((2-0.95)*(PI()/4*(2.2)^2 -PI()/4*(1.6)^2))),2))))),"") -> 5.59 | CO155: =IF(B155="S",ROUND(IF(CL155<=0,0,IF(AND(CL155>0,CU155<=0),CL155*PI()/4*2.2^(2),IF(AND(CL155>0,CU155>=4),CL155*(PI()/4*2.2^2-PI()/4*1.6^2),IF(AND(CL155>0,CU155>2,CU155<4,CJ155>0),(CU155-2)*(PI()/4*2.2^(2)-PI()/4*1.6^(2))+IF((CU155+CJ155)>4,(4-CU155)*(PI()/4*2.2^(2)),(CJ155)*PI()/4*(2.2^2)),IF(AND(CL155>0,CU155<=2),(CL155*PI()/4*2.2^2)))))),2),"") -> 3.42 | CP155: =IF(B155="S",(ROUND(IF(CM155<=0,0,IF(AND(CM155>0,CU155<=0),CM155*PI()/4*2.2^(2),IF(AND(CM155>0,CU155>4,CJ155<=0),CM155*(PI()/4*2.2^2-PI()/4*1.6^2),IF(AND(CM155>0,CU155<=4),CM155*PI()/4*2.2^2)))),2)),"") -> 0 | CQ155: =IF(B155="S",IF(CK155>1.5,(2*PI()*(0.9)*(CJ155+CU155)),0),"") -> 16.404769 | CR155: =IF(B155="S",(ROUND(IF(CN155>0,CN155+CO155+CP155-CS155,0),2)),"") -> 2.91 | CS155: =IF(B155="S",(IF(CJ155=0,0,IF(AND((H155-J155)<1.5,CU155>0),ROUND(CU155*(PI()/4*(2.2)^2 -PI()/4*(1.6)^2),2),(ROUND(((PI()*2.2^2)/4)*0.95-(((1/3)*PI()*0.95*(0.45^2+0.7^2+0.45*0.7)))+(((((CJ155+CU155)-0.95)*PI()*2.2^2)/4))-((((CJ155+CU155)-0.95)*PI()*1.6^2)/4),2))))),"") -> 6.1 | CT155: =IF(B155="S",(IF(CN155>=0,IF(CN155+CO155+CP155=(CR155+CS155),"OK","VERIFICAR"),0)),"") -> OK | CU155: ='Cálculo_Diseño (2)'!BD156 -> 1.4505 | CV155: =IF(G155=182,M155-(O155/2)-(P155/2),"") | CW155: =IF(G155=227,M155-(O155/2)-(P155/2),"") | CX155: =IF(G155=284,M155-(O155/2)-(P155/2),"") -> 43.635086 | CY155: =IF(G155=327,M155-(O155/2)-(P155/2),"") | CZ155: =IF(G155=362,M155-(O155/2)-(P155/2),"") | DA155: =IF(G155=407,M155-(O155/2)-(P155/2),"") | DB155: =IF(G155=452,M155-(O155/2)-(P155/2),"") | DC155: =IF(G155=595.12,M155-(O155/2)-(P155/2),"") | DD155: =IF(G155=670,M155-(O155/2)-(P155/2),"") | DE155: =IF(G155=747,M155-(O155/2)-(P155/2),"") | DF155: =IF(G155=823.09,M155-(O155/2)-(P155/2),"") | DG155: =IF(G155=899.03,M155-(O155/2)-(P155/2),"") | DI155: =+IF(B155="S",B155,"N") -> S | DJ155: =+IF(DI155="S",E155,"") -> 44.82 | DK155: 16 | DL155: =IF(DI155="S",((((AA155+1)*6)/2)*0.7*DK155),"") -> 94.752 | DM155: =IF(DI155="S",(ATAN(6/(AA155-1))*180/PI()),"") -> 82.217789 | DN155: =IF(DI155="S",(TAN(DM155*PI()/180)*(AA155-2)),"") -> -1.3170732 | DO155: =IF(DI155="S",(TAN(DM155*PI()/180)*(AA155-4)),"") -> -15.95122 | DP155: =IF(DI155="S",(IF(AA155<=2,((((AA155+1)*6)/2)*0.7*DK155),IF(AND(AA155>2,AA155<=4),((((AA155+1)*6)/2)*0.7*DK155)-(((AA155-2)*DN155)/2*0.7*DK155),IF(AND(AA155>4,AA155<=6),((((AA155+1)*6)/2)*0.7*DK155)-(((AA155-2)*DN155)/2*0.7*DK155),0)))),"") -> 94.752 | DQ155: =IF(DI155="S",(IF(AND(AA155>2,AA155<=4),(((AA155-2)*DN155)/2*0.7*DK155),IF(AND(AA155>4,AA155<=6),(((AA155-2)*DN155)/2*0.7*DK155)-((AA155-4)*DO155/2*0.7*DK155),0))),"") -> 0 | DR155: =IF(DI155="S",(IF(AND(AA155>4,AA155<=6),((AA155-4)*DO155/2*0.7*DK155),IF(AA155<4,0,"REVISAR"))),"") -> 0 | DS155: =IF(DI155="S",(IF(AA155>1.5,(3*AA155*0.7*DK155*2),0)),"") -> 122.304 | DT155: =IF(DI155="S",(IF(AA155>1.5,(3*AA155*0.3*DK155*2),0)),"") -> 52.416 | DU155: =IF(B155="S",(IF(DI155="S",IF(G155=$DU$11,DK155,""),"")),"") | DV155: =IF(B155="S",(IF(DI155="S",IF(G155=$DV$11,DK155,""),"")),"") | DW155: =IF(B155="S",(IF(DI155="S",IF(G155=$DW$11,DK155,""),"")),"") -> 16 | DX155: =IF(B155="S",(IF(DI155="S",IF(G155=$DX$11,DK155,""),"")),"") | DY155: =IF(B155="S",(IF(DI155="S",IF(G155=$DY$11,DK155,""),"")),"") | DZ155: =IF(B155="S",(IF(DI155="S",IF(G155=$DZ$11,DK155,""),"")),"") | EA155: =IF(B155="S",(IF(DI155="S",IF(G155=$EA$11,DK155,""),"")),"") | EB155: =IF(B155="S",(IF(DI155="S",IF(G155=$EB$11,DK155,""),"")),"") | EC155: =IF(B155="S",0.95,"") -> 0.95 | EH155: =+IF(EC155=0.95,2+((ED155+EE155+EF155)-1),"") -> 1
DS156: =IF(DI156="S",(IF(AA156>1.5,(3*AA156*0.7*DK156*2),0)),"") | DT156: =IF(DI156="S",(IF(AA156>1.5,(3*AA156*0.3*DK156*2),0)),"")
DS157: =IF(DI157="S",(IF(AA157>1.5,(3*AA157*0.7*DK157*2),0)),"") | DT157: =IF(DI157="S",(IF(AA157>1.5,(3*AA157*0.3*DK157*2),0)),"")
DS158: =IF(DI158="S",(IF(AA158>1.5,(3*AA158*0.7*DK158*2),0)),"") | DT158: =IF(DI158="S",(IF(AA158>1.5,(3*AA158*0.3*DK158*2),0)),"")
DS159: =IF(DI159="S",(IF(AA159>1.5,(3*AA159*0.7*DK159*2),0)),"") | DT159: =IF(DI159="S",(IF(AA159>1.5,(3*AA159*0.3*DK159*2),0)),"")
DS160: =IF(DI160="S",(IF(AA160>1.5,(3*AA160*0.7*DK160*2),0)),"") | DT160: =IF(DI160="S",(IF(AA160>1.5,(3*AA160*0.3*DK160*2),0)),"")
A161: S | B161: =A161 -> S | C161: =IF(A161="S",'Cálculo_Diseño (2)'!C162," ") -> C227 | D161: =IF(A161="S",'Cálculo_Diseño (2)'!D162," ") -> C243 | E161: =IF(B161="S",'Cálculo_Diseño (2)'!AX162," ") -> 88.19 | F161: =IF(B161="S",'Cálculo_Diseño (2)'!BL162," ") -> 4.9858261 | G161: =IF(B161="S",'Cálculo_Diseño (2)'!AZ162," ") -> 284 | H161: =IF(B161="S",'Cálculo_Diseño (2)'!BB162," ") -> 987.71 | I161: =IF(B161="S",'Cálculo_Diseño (2)'!BC162," ") -> 983.583 | J161: =IF(B161="S",'Cálculo_Diseño (2)'!BH162," ") -> 986.31 | K161: =IF(B161="S",'Cálculo_Diseño (2)'!BI162," ") -> 981.913 | L161: =IF(B161="S",+$L$11,"") -> 1 | M161: =IF(B161="S",(E161^2+(J161-K161)^2)^0.5," ") -> 88.299545 | N161: =IF(AJ161="S",BK161+0.1,BK161) -> 0.8 | O161: =IF(B161="S",(IF(G161<=500,1.2,1.5)),"") -> 1.2 | P161: =IF(B161="S",(IF(G161<=500,1.2,1.5)),"") -> 1.2 | Q161: CONCRETO | R161: =+IF(B161="S",(IF(Q161="FLEXIBLE","S","N")),"") -> N | S161: =+IF(B161="S",(IF(Q161="ADOQUIN","S","N")),"") -> N | T161: =+IF(B161="S",(IF(Q161="CONCRETO","S","N")),"") -> S | U161: =IF(B161="S",(IF(R161="S",(((((H161-I161)^2)+(E161^2))^0.5)-CA161-CB161)*$U$11,0)),"") -> 0 | V161: =IF(B161="S",(IF(S161="S",(((((H161-I161)^2)+(E161^2))^0.5)-CA161-CB161)*$V$11,0)),"") -> 0 | W161: =IF(B161="S",(IF(T161="S",(((((H161-I161)^2)+(E161^2))^0.5)-CA161-CB161)*$W$11,0)),"") -> 87.086512 | X161: =IF(B161="S",(U161*(N161+0.2)*$X$11),"") -> 0 | Y161: =IF(B161="S",(V161*(N161+0.2)*$Y$11),"") -> 0 | Z161: =IF(B161="S",(W161*(N161+0.2)*$Z$11+IF(Q161="CONCRETO",PI()/4*0.2*(O161+0.2*2+0.1*2)^2)),"") -> 26.634892 | AA161: =IF(B161="S",(((H161-J161)+(I161-K161))/2+BM161),"") -> 1.635 | AB161: =IF(B161="S",($AB$11),"") -> 10 | AC161: =IF(B161="S",(IF(CG161="","",(CG161*(AB161/100))*$I$527)),"") -> 11.839931 | AD161: =IF(B161="S",(IF(CH161="","",(CH161*AB161/100)*$I$527)),"") | AE161: =IF(B161="S",(IF(CI161="","",(CI161*AB161/100)*$I$527)),"") | AF161: =IF(B161="S",(IF(CG161="","",(CG161*$I$527)-AC161)),"") -> 106.55938 | AG161: =IF(B161="S",(IF(CH161="","",(CH161*$I$527)-AD161)),"") | AH161: =IF(B161="S",(IF(CI161="","",(CI161*$I$527)-AE161)),"") | AI161: =IF(B161="S",((BY161*(L161/100))*1.1),"") -> 1.1959527 | AJ161: =IF(B161="S",(IF(AA161<1,"N","S")),"") -> S | AK161: =IF(B161="S",(IF(AJ161="S",(E161*AA161*0.7*2),0)),"") -> 201.86691 | AL161: =IF(B161="S",(IF(AJ161="S",(E161*AA161*0.3*2),0)),"") -> 86.51439 | AM161: =IF(B161="S",(IF(F161>20,N161*(M161/10)*AA161,0)),"") -> 0 | AN161: =IF(B161="S",((M161-0.4)*$AN$11),"") -> 0 | AO161: =IF(B161="S",((M161-0.4)*$AO$11),"") -> 0 | AP161: =IF(B161="S",((M161-(O161/2)-(P161/2))*$AP$11),"") -> 87.099545 | AQ161: =+SUM(AC161:AI161) -> 119.59527 | AR161: =+AT161+AU161+AZ161+BA161+BB161+BI161 -> 119.59527 | AS161: =IF(B161="S",((N161*(0.4+G161/1000))-((G161/1000)^2*PI()/4)),"") -> 0.48385293 | AT161: =IF(B161="S",(AS161*AP161)-IF(BI161>0,BI161,0),"") -> 42.14337 | AU161: =IF(B161="S",IF(Q161="NATURAL",0,(($AU$11*N161*AP161))),"") -> 27.871855 | AV161: =IF(B161="S",$AV$11,"") -> 30 | AW161: =IF(B161="S",(BY161*1.1-(AT161+BI161)-AU161-BB161-AX161-AY161),"") -> 43.993464 | AZ161: =IF(B161="S",((BY161*1.1-BB161-(AT161+BI161)-AU161-AX161-AY161)*AV161/100),"") -> 13.198039 | BA161: =IF(B161="S",(IF(AW161>AZ161,AW161-AZ161,0)),"") -> 30.795425 | BB161: =IF(B161="S",((((G161/1000)^2)/4*PI())*E161),"") -> 5.5865785 | BC161: =IF(B161="S",(BY161*1.1-AZ161),"") -> 106.39723 | BE161: =IF(B161="S",(IF(O161=1.5,IF(H161-J161<=1,0,H161-J161-1))),"") -> FALSE | BF161: =IF(B161="S",(IF(O161<=0.8,IF(H161-J161<=1,0,H161-J161))),"") -> FALSE | BG161: =IF(B161="S",(IF(O161<=0.6,IF(H161-J161<=1,H161-J161,0))),"") -> FALSE | BH161: =IF(B161="S",(IF(BD161="","",IF(BD161="FALSO","",1))),"") | BI161: =IF(B161="S",(IF(F161>=15,N161*((G161/1000)+0.3)*0.2,0)*(E161/5+1)),"") -> 0 | BJ161: =IF(B161="S",(BN161+BM161+0.3),"") -> 0.76 | BK161: =IF(B161="S",(VLOOKUP('Cálculo_Diseño (2)'!AY162,'TABLA (2)'!$H$102:'TABLA (2)'!$U$135,3)),"") -> 0.7 | BL161: =IF(B161="S",(VLOOKUP('Cálculo_Diseño (2)'!AY162,'TABLA (2)'!$H$102:'TABLA (2)'!$U$135,10)),"") -> 0.55 | BM161: =IF(B161="S",(VLOOKUP('Cálculo_Diseño (2)'!AY162,'TABLA (2)'!$H$102:'TABLA (2)'!$U$135,11)),"") -> 0.1 | BN161: =IF(B161="S",(VLOOKUP('Cálculo_Diseño (2)'!AY162,'TABLA (2)'!$H$102:'TABLA (2)'!$U$135,12)),"") -> 0.36 | BO161: =V161 -> 0 | BP161: =+IF(B161="S",(IF((1.8-AA161)>=0,AA161+0.2,2)),"") -> 1.835 | BQ161: =+IF(B161="S",(IF(BP161=2,IF((3.8-AA161)>=0,(AA161+0.2-2),2),0)),"") -> 0 | BR161: =+IF(B161="S",(IF(BQ161=2,AA161+0.2-4,0)),"") -> 0 | BS161: =IF(B161="S",((N161*(0.3+BN161/2)-0.392699*BN161*BN161)*AO161),"") -> 0 | BU161: =IF(B161="S",((N161*(0.3+5*BN161/6)-0.699815*BN161*BN161)*AP161),"") -> 33.908199 | BV161: =IF(B161="S",(IF(BP161=0,"",(BP161)*(M161)*N161-(U161*$X$11+V161*$Y$11+W161*$Z$11)*N161)),"") -> 108.72297 | BW161: =IF(B161="S",(IF(BQ161=0,"",(M161)*BQ161*N161)),"") | BX161: =IF(B161="S",(IF(BR161=0,"",(M161)*BR161*N161)),"") | BY161: =IF(B161="S",((AA161+0.2)*N161*(M161)-(U161*$X$11+V161*$Y$11+W161*$Z$11)*N161),"") -> 108.72297 | BZ161: =IF(B161="S",((N161*(0.3+BN161/2)-0.392699*BN161*BN161)*AN161),"") -> 0 | CA161: =IF(B161="S",(IF(O161=1.2,(O161/2),IF(O161=0.8,O161/2,IF(O161=1.5,O161/2,IF(O161=0.6,O161/2,"IDIOT"))))),"") -> 0.6 | CB161: =IF(B161="S",(IF(P161=1.2,(P161/2),IF(P161=0.8,P161/2,IF(P161=1.5,P161/2,IF(P161=0.6,P161/2,"IDIOT"))))),"") -> 0.6 | CC161: =IF(B161="S",((BN161/2+0.1)*N161),"") -> 0.224 | CD161: =IF(B161="S",((BN161/2+BN161/4)*N161),"") -> 0.216 | CE161: =IF(B161="S",(0.392699*BN161*BN161),"") -> 0.05089379 | CF161: =+IF(B161="S",(IF(((H161-J161)-(G161/1000))<=0.9,"E1",IF(((H161-J161)-(G161/1000))<=2.5,"E2","E3"))),"") -> E2 | CG161: =IF(B161="S",(IF(BV161="","",BV161-(BV161*L161/100))),"") -> 107.63574 | CH161: =IF(B161="S",(IF(BW161="","",BW161-(BW161*L161/100))),"") | CI161: =IF(C161="S",(IF(BX161="","",BX161-(BX161*M161/100))),"") | CJ161: ='Cálculo_Diseño (2)'!BD162 -> 1.1005 | CK161: =+IF(B161="S",(IF((CJ161+CU161)>2,2,CJ161+CU161)),"") -> 2 | CL161: =+IF(B161="S",(IF((CJ161+CU161)>4,2,IF(AND((CJ161+CU161)<=4,(CJ161+CU161)>=2),((CJ161+CU161)-CK161),0))),"") -> 0.201 | CM161: =+IF(B161="S",(IF((CJ161+CU161)>4,((CJ161+CU161)-(CK161+CL161)),0)),"") -> 0 | CN161: =IF(B161="S",IF((CJ161+CU161)<1.5,(ROUND(CJ161*PI()/4*(2.2)^2+CU161*(PI()/4*(2.2)^2 -PI()/4*(1.6)^2),2)),IF((CJ161+CU161)<=2,(ROUND(((PI()*2.2^2)/4)*0.95-(((1/3)*PI()*0.95*(0.45^2+0.7^2+0.45*0.7)))+(CJ161*PI()/4*(2.2)^2)+(((((CU161)-0.95)*PI()*2.2^2)/4))-((((CU161)-0.95)*PI()*1.6^2)/4),2)),IF((CJ161+CU161)>2,(ROUND(IF(CU161<2,((PI()*2.2^2)/4)*0.95-(((1/3)*PI()*0.95*(0.45^2+0.7^2+0.45*0.7)))+((CU161-0.95)*(PI()/4*(2.2)^2 -PI()/4*(1.6)^2))+(2-CU161)*PI()/4*(2.2)^2,((PI()*2.2^2)/4)*0.95-(((1/3)*PI()*0.95*(0.45^2+0.7^2+0.45*0.7)))+((2-0.95)*(PI()/4*(2.2)^2 -PI()/4*(1.6)^2))),2))))),"") -> 6.3 | CO161: =IF(B161="S",ROUND(IF(CL161<=0,0,IF(AND(CL161>0,CU161<=0),CL161*PI()/4*2.2^(2),IF(AND(CL161>0,CU161>=4),CL161*(PI()/4*2.2^2-PI()/4*1.6^2),IF(AND(CL161>0,CU161>2,CU161<4,CJ161>0),(CU161-2)*(PI()/4*2.2^(2)-PI()/4*1.6^(2))+IF((CU161+CJ161)>4,(4-CU161)*(PI()/4*2.2^(2)),(CJ161)*PI()/4*(2.2^2)),IF(AND(CL161>0,CU161<=2),(CL161*PI()/4*2.2^2)))))),2),"") -> 0.76 | CP161: =IF(B161="S",(ROUND(IF(CM161<=0,0,IF(AND(CM161>0,CU161<=0),CM161*PI()/4*2.2^(2),IF(AND(CM161>0,CU161>4,CJ161<=0),CM161*(PI()/4*2.2^2-PI()/4*1.6^2),IF(AND(CM161>0,CU161<=4),CM161*PI()/4*2.2^2)))),2)),"") -> 0 | CQ161: =IF(B161="S",IF(CK161>1.5,(2*PI()*(0.9)*(CJ161+CU161)),0),"") -> 12.446362 | CR161: =IF(B161="S",(ROUND(IF(CN161>0,CN161+CO161+CP161-CS161,0),2)),"") -> 5.09 | CS161: =IF(B161="S",(IF(CJ161=0,0,IF(AND((H161-J161)<1.5,CU161>0),ROUND(CU161*(PI()/4*(2.2)^2 -PI()/4*(1.6)^2),2),(ROUND(((PI()*2.2^2)/4)*0.95-(((1/3)*PI()*0.95*(0.45^2+0.7^2+0.45*0.7)))+(((((CJ161+CU161)-0.95)*PI()*2.2^2)/4))-((((CJ161+CU161)-0.95)*PI()*1.6^2)/4),2))))),"") -> 1.97 | CT161: =IF(B161="S",(IF(CN161>=0,IF(CN161+CO161+CP161=(CR161+CS161),"OK","VERIFICAR"),0)),"") -> OK | CU161: ='Cálculo_Diseño (2)'!BD162 -> 1.1005 | CV161: =IF(G161=182,M161-(O161/2)-(P161/2),"") | CW161: =IF(G161=227,M161-(O161/2)-(P161/2),"") | CX161: =IF(G161=284,M161-(O161/2)-(P161/2),"") -> 87.099545 | CY161: =IF(G161=327,M161-(O161/2)-(P161/2),"") | CZ161: =IF(G161=362,M161-(O161/2)-(P161/2),"") | DA161: =IF(G161=407,M161-(O161/2)-(P161/2),"") | DB161: =IF(G161=452,M161-(O161/2)-(P161/2),"") | DC161: =IF(G161=595.12,M161-(O161/2)-(P161/2),"") | DD161: =IF(G161=670,M161-(O161/2)-(P161/2),"") | DE161: =IF(G161=747,M161-(O161/2)-(P161/2),"") | DF161: =IF(G161=823.09,M161-(O161/2)-(P161/2),"") | DG161: =IF(G161=899.03,M161-(O161/2)-(P161/2),"") | DI161: =+IF(B161="S",B161,"N") -> S | DJ161: =+IF(DI161="S",E161,"") -> 88.19 | DK161: 21 | DL161: =IF(DI161="S",((((AA161+1)*6)/2)*0.7*DK161),"") -> 116.2035 | DM161: =IF(DI161="S",(ATAN(6/(AA161-1))*180/PI()),"") -> 83.958685 | DN161: =IF(DI161="S",(TAN(DM161*PI()/180)*(AA161-2)),"") -> -3.4488189 | DO161: =IF(DI161="S",(TAN(DM161*PI()/180)*(AA161-4)),"") -> -22.346457 | DP161: =IF(DI161="S",(IF(AA161<=2,((((AA161+1)*6)/2)*0.7*DK161),IF(AND(AA161>2,AA161<=4),((((AA161+1)*6)/2)*0.7*DK161)-(((AA161-2)*DN161)/2*0.7*DK161),IF(AND(AA161>4,AA161<=6),((((AA161+1)*6)/2)*0.7*DK161)-(((AA161-2)*DN161)/2*0.7*DK161),0)))),"") -> 116.2035 | DQ161: =IF(DI161="S",(IF(AND(AA161>2,AA161<=4),(((AA161-2)*DN161)/2*0.7*DK161),IF(AND(AA161>4,AA161<=6),(((AA161-2)*DN161)/2*0.7*DK161)-((AA161-4)*DO161/2*0.7*DK161),0))),"") -> 0 | DR161: =IF(DI161="S",(IF(AND(AA161>4,AA161<=6),((AA161-4)*DO161/2*0.7*DK161),IF(AA161<4,0,"REVISAR"))),"") -> 0 | DS161: =IF(DI161="S",(IF(AA161>1.5,(3*AA161*0.7*DK161*2),0)),"") -> 144.207 | DT161: =IF(DI161="S",(IF(AA161>1.5,(3*AA161*0.3*DK161*2),0)),"") -> 61.803 | DU161: =IF(B161="S",(IF(DI161="S",IF(G161=$DU$11,DK161,""),"")),"") | DV161: =IF(B161="S",(IF(DI161="S",IF(G161=$DV$11,DK161,""),"")),"") | DW161: =IF(B161="S",(IF(DI161="S",IF(G161=$DW$11,DK161,""),"")),"") -> 21 | DX161: =IF(B161="S",(IF(DI161="S",IF(G161=$DX$11,DK161,""),"")),"") | DY161: =IF(B161="S",(IF(DI161="S",IF(G161=$DY$11,DK161,""),"")),"") | DZ161: =IF(B161="S",(IF(DI161="S",IF(G161=$DZ$11,DK161,""),"")),"") | EA161: =IF(B161="S",(IF(DI161="S",IF(G161=$EA$11,DK161,""),"")),"") | EB161: =IF(B161="S",(IF(DI161="S",IF(G161=$EB$11,DK161,""),"")),"") | EC161: =IF(B161="S",0.95,"") -> 0.95 | EH161: =+IF(EC161=0.95,2+((ED161+EE161+EF161)-1),"") -> 1
A162: S | B162: =A162 -> S | C162: =IF(A162="S",'Cálculo_Diseño (2)'!C163," ") -> C243 | D162: =IF(A162="S",'Cálculo_Diseño (2)'!D163," ") -> C241 | E162: =IF(B162="S",'Cálculo_Diseño (2)'!AX163," ") -> 29.53 | F162: =IF(B162="S",'Cálculo_Diseño (2)'!BL163," ") -> 1.2021673 | G162: =IF(B162="S",'Cálculo_Diseño (2)'!AZ163," ") -> 284 | H162: =IF(B162="S",'Cálculo_Diseño (2)'!BB163," ") -> 983.583 | I162: =IF(B162="S",'Cálculo_Diseño (2)'!BC163," ") -> 983.258 | J162: =IF(B162="S",'Cálculo_Diseño (2)'!BH163," ") -> 981.883 | K162: =IF(B162="S",'Cálculo_Diseño (2)'!BI163," ") -> 981.528 | L162: =IF(B162="S",+$L$11,"") -> 1 | M162: =IF(B162="S",(E162^2+(J162-K162)^2)^0.5," ") -> 29.532134 | N162: =IF(AJ162="S",BK162+0.1,BK162) -> 0.8 | O162: =IF(B162="S",(IF(G162<=500,1.2,1.5)),"") -> 1.2 | P162: =IF(B162="S",(IF(G162<=500,1.2,1.5)),"") -> 1.2 | Q162: CONCRETO | R162: =+IF(B162="S",(IF(Q162="FLEXIBLE","S","N")),"") -> N | S162: =+IF(B162="S",(IF(Q162="ADOQUIN","S","N")),"") -> N | T162: =+IF(B162="S",(IF(Q162="CONCRETO","S","N")),"") -> S | U162: =IF(B162="S",(IF(R162="S",(((((H162-I162)^2)+(E162^2))^0.5)-CA162-CB162)*$U$11,0)),"") -> 0 | V162: =IF(B162="S",(IF(S162="S",(((((H162-I162)^2)+(E162^2))^0.5)-CA162-CB162)*$V$11,0)),"") -> 0 | W162: =IF(B162="S",(IF(T162="S",(((((H162-I162)^2)+(E162^2))^0.5)-CA162-CB162)*$W$11,0)),"") -> 28.331788 | X162: =IF(B162="S",(U162*(N162+0.2)*$X$11),"") -> 0 | Y162: =IF(B162="S",(V162*(N162+0.2)*$Y$11),"") -> 0 | Z162: =IF(B162="S",(W162*(N162+0.2)*$Z$11+IF(Q162="CONCRETO",PI()/4*0.2*(O162+0.2*2+0.1*2)^2)),"") -> 9.0084745 | AA162: =IF(B162="S",(((H162-J162)+(I162-K162))/2+BM162),"") -> 1.815 | AB162: =IF(B162="S",($AB$11),"") -> 10 | AC162: =IF(B162="S",(IF(CG162="","",(CG162*(AB162/100))*$I$527)),"") -> 4.4051994 | AD162: =IF(B162="S",(IF(CH162="","",(CH162*AB162/100)*$I$527)),"") -> 0.038592592 | AE162: =IF(B162="S",(IF(CI162="","",(CI162*AB162/100)*$I$527)),"") | AF162: =IF(B162="S",(IF(CG162="","",(CG162*$I$527)-AC162)),"") -> 39.646794 | AG162: =IF(B162="S",(IF(CH162="","",(CH162*$I$527)-AD162)),"") -> 0.34733333 | AH162: =IF(B162="S",(IF(CI162="","",(CI162*$I$527)-AE162)),"") | AI162: =IF(B162="S",((BY162*(L162/100))*1.1),"") -> 0.44886787 | AJ162: =IF(B162="S",(IF(AA162<1,"N","S")),"") -> S | AK162: =IF(B162="S",(IF(AJ162="S",(E162*AA162*0.7*2),0)),"") -> 75.03573 | AL162: =IF(B162="S",(IF(AJ162="S",(E162*AA162*0.3*2),0)),"") -> 32.15817 | AM162: =IF(B162="S",(IF(F162>20,N162*(M162/10)*AA162,0)),"") -> 0 | AN162: =IF(B162="S",((M162-0.4)*$AN$11),"") -> 0 | AO162: =IF(B162="S",((M162-0.4)*$AO$11),"") -> 0 | AP162: =IF(B162="S",((M162-(O162/2)-(P162/2))*$AP$11),"") -> 28.332134 | AQ162: =+SUM(AC162:AI162) -> 44.886787 | AR162: =+AT162+AU162+AZ162+BA162+BB162+BI162 -> 44.886787 | AS162: =IF(B162="S",((N162*(0.4+G162/1000))-((G162/1000)^2*PI()/4)),"") -> 0.48385293 | AT162: =IF(B162="S",(AS162*AP162)-IF(BI162>0,BI162,0),"") -> 13.708586 | AU162: =IF(B162="S",IF(Q162="NATURAL",0,(($AU$11*N162*AP162))),"") -> 9.0662828 | AV162: =IF(B162="S",$AV$11,"") -> 30 | AW162: =IF(B162="S",(BY162*1.1-(AT162+BI162)-AU162-BB162-AX162-AY162),"") -> 20.24128 | AZ162: =IF(B162="S",((BY162*1.1-BB162-(AT162+BI162)-AU162-AX162-AY162)*AV162/100),"") -> 6.0723839 | BA162: =IF(B162="S",(IF(AW162>AZ162,AW162-AZ162,0)),"") -> 14.168896 | BB162: =IF(B162="S",((((G162/1000)^2)/4*PI())*E162),"") -> 1.8706391 | BC162: =IF(B162="S",(BY162*1.1-AZ162),"") -> 38.814404 | BD162: =IF(B162="S",(IF(O162=1.2,IF((H162-J162)<=1.2,H162-J162,H162-J162-0.95))),"") -> 0.75 | BE162: =IF(B162="S",(IF(O162=1.5,IF(H162-J162<=1,0,H162-J162-1))),"") -> FALSE | BF162: =IF(B162="S",(IF(O162<=0.8,IF(H162-J162<=1,0,H162-J162))),"") -> FALSE | BG162: =IF(B162="S",(IF(O162<=0.6,IF(H162-J162<=1,H162-J162,0))),"") -> FALSE | BH162: =IF(B162="S",(IF(BD162="","",IF(BD162="FALSO","",1))),"") -> 1 | BI162: =IF(B162="S",(IF(F162>=15,N162*((G162/1000)+0.3)*0.2,0)*(E162/5+1)),"") -> 0 | BJ162: =IF(B162="S",(BN162+BM162+0.3),"") -> 0.76 | BK162: =IF(B162="S",(VLOOKUP('Cálculo_Diseño (2)'!AY163,'TABLA (2)'!$H$102:'TABLA (2)'!$U$135,3)),"") -> 0.7 | BL162: =IF(B162="S",(VLOOKUP('Cálculo_Diseño (2)'!AY163,'TABLA (2)'!$H$102:'TABLA (2)'!$U$135,10)),"") -> 0.55 | BM162: =IF(B162="S",(VLOOKUP('Cálculo_Diseño (2)'!AY163,'TABLA (2)'!$H$102:'TABLA (2)'!$U$135,11)),"") -> 0.1 | BN162: =IF(B162="S",(VLOOKUP('Cálculo_Diseño (2)'!AY163,'TABLA (2)'!$H$102:'TABLA (2)'!$U$135,12)),"") -> 0.36 | BO162: =V162 -> 0 | BP162: =+IF(B162="S",(IF((1.8-AA162)>=0,AA162+0.2,2)),"") -> 2 | BQ162: =+IF(B162="S",(IF(BP162=2,IF((3.8-AA162)>=0,(AA162+0.2-2),2),0)),"") -> 0.015 | BR162: =+IF(B162="S",(IF(BQ162=2,AA162+0.2-4,0)),"") -> 0 | BS162: =IF(B162="S",((N162*(0.3+BN162/2)-0.392699*BN162*BN162)*AO162),"") -> 0 | BU162: =IF(B162="S",((N162*(0.3+5*BN162/6)-0.699815*BN162*BN162)*AP162),"") -> 11.029812 | BV162: =IF(B162="S",(IF(BP162=0,"",(BP162)*(M162)*N162-(U162*$X$11+V162*$Y$11+W162*$Z$11)*N162)),"") -> 40.451785 | BW162: =IF(B162="S",(IF(BQ162=0,"",(M162)*BQ162*N162)),"") -> 0.35438561 | BX162: =IF(B162="S",(IF(BR162=0,"",(M162)*BR162*N162)),"") | BY162: =IF(B162="S",((AA162+0.2)*N162*(M162)-(U162*$X$11+V162*$Y$11+W162*$Z$11)*N162),"") -> 40.80617 | BZ162: =IF(B162="S",((N162*(0.3+BN162/2)-0.392699*BN162*BN162)*AN162),"") -> 0 | CA162: =IF(B162="S",(IF(O162=1.2,(O162/2),IF(O162=0.8,O162/2,IF(O162=1.5,O162/2,IF(O162=0.6,O162/2,"IDIOT"))))),"") -> 0.6 | CB162: =IF(B162="S",(IF(P162=1.2,(P162/2),IF(P162=0.8,P162/2,IF(P162=1.5,P162/2,IF(P162=0.6,P162/2,"IDIOT"))))),"") -> 0.6 | CC162: =IF(B162="S",((BN162/2+0.1)*N162),"") -> 0.224 | CD162: =IF(B162="S",((BN162/2+BN162/4)*N162),"") -> 0.216 | CE162: =IF(B162="S",(0.392699*BN162*BN162),"") -> 0.05089379 | CF162: =+IF(B162="S",(IF(((H162-J162)-(G162/1000))<=0.9,"E1",IF(((H162-J162)-(G162/1000))<=2.5,"E2","E3"))),"") -> E2 | CG162: =IF(B162="S",(IF(BV162="","",BV162-(BV162*L162/100))),"") -> 40.047267 | CH162: =IF(B162="S",(IF(BW162="","",BW162-(BW162*L162/100))),"") -> 0.35084175 | CI162: =IF(C162="S",(IF(BX162="","",BX162-(BX162*M162/100))),"") | CJ162: ='Cálculo_Diseño (2)'!BD163 -> 1.4005 | CK162: =+IF(B162="S",(IF((CJ162+CU162)>2,2,CJ162+CU162)),"") -> 2 | CL162: =+IF(B162="S",(IF((CJ162+CU162)>4,2,IF(AND((CJ162+CU162)<=4,(CJ162+CU162)>=2),((CJ162+CU162)-CK162),0))),"") -> 0.801 | CM162: =+IF(B162="S",(IF((CJ162+CU162)>4,((CJ162+CU162)-(CK162+CL162)),0)),"") -> 0 | CN162: =IF(B162="S",IF((CJ162+CU162)<1.5,(ROUND(CJ162*PI()/4*(2.2)^2+CU162*(PI()/4*(2.2)^2 -PI()/4*(1.6)^2),2)),IF((CJ162+CU162)<=2,(ROUND(((PI()*2.2^2)/4)*0.95-(((1/3)*PI()*0.95*(0.45^2+0.7^2+0.45*0.7)))+(CJ162*PI()/4*(2.2)^2)+(((((CU162)-0.95)*PI()*2.2^2)/4))-((((CU162)-0.95)*PI()*1.6^2)/4),2)),IF((CJ162+CU162)>2,(ROUND(IF(CU162<2,((PI()*2.2^2)/4)*0.95-(((1/3)*PI()*0.95*(0.45^2+0.7^2+0.45*0.7)))+((CU162-0.95)*(PI()/4*(2.2)^2 -PI()/4*(1.6)^2))+(2-CU162)*PI()/4*(2.2)^2,((PI()*2.2^2)/4)*0.95-(((1/3)*PI()*0.95*(0.45^2+0.7^2+0.45*0.7)))+((2-0.95)*(PI()/4*(2.2)^2 -PI()/4*(1.6)^2))),2))))),"") -> 5.69 | CO162: =IF(B162="S",ROUND(IF(CL162<=0,0,IF(AND(CL162>0,CU162<=0),CL162*PI()/4*2.2^(2),IF(AND(CL162>0,CU162>=4),CL162*(PI()/4*2.2^2-PI()/4*1.6^2),IF(AND(CL162>0,CU162>2,CU162<4,CJ162>0),(CU162-2)*(PI()/4*2.2^(2)-PI()/4*1.6^(2))+IF((CU162+CJ162)>4,(4-CU162)*(PI()/4*2.2^(2)),(CJ162)*PI()/4*(2.2^2)),IF(AND(CL162>0,CU162<=2),(CL162*PI()/4*2.2^2)))))),2),"") -> 3.04 | CP162: =IF(B162="S",(ROUND(IF(CM162<=0,0,IF(AND(CM162>0,CU162<=0),CM162*PI()/4*2.2^(2),IF(AND(CM162>0,CU162>4,CJ162<=0),CM162*(PI()/4*2.2^2-PI()/4*1.6^2),IF(AND(CM162>0,CU162<=4),CM162*PI()/4*2.2^2)))),2)),"") -> 0 | CQ162: =IF(B162="S",IF(CK162>1.5,(2*PI()*(0.9)*(CJ162+CU162)),0),"") -> 15.839282 | CR162: =IF(B162="S",(ROUND(IF(CN162>0,CN162+CO162+CP162-CS162,0),2)),"") -> 2.81 | CS162: =IF(B162="S",(IF(CJ162=0,0,IF(AND((H162-J162)<1.5,CU162>0),ROUND(CU162*(PI()/4*(2.2)^2 -PI()/4*(1.6)^2),2),(ROUND(((PI()*2.2^2)/4)*0.95-(((1/3)*PI()*0.95*(0.45^2+0.7^2+0.45*0.7)))+(((((CJ162+CU162)-0.95)*PI()*2.2^2)/4))-((((CJ162+CU162)-0.95)*PI()*1.6^2)/4),2))))),"") -> 5.92 | CT162: =IF(B162="S",(IF(CN162>=0,IF(CN162+CO162+CP162=(CR162+CS162),"OK","VERIFICAR"),0)),"") -> OK | CU162: ='Cálculo_Diseño (2)'!BD163 -> 1.4005 | CV162: =IF(G162=182,M162-(O162/2)-(P162/2),"") | CW162: =IF(G162=227,M162-(O162/2)-(P162/2),"") | CX162: =IF(G162=284,M162-(O162/2)-(P162/2),"") -> 28.332134 | CY162: =IF(G162=327,M162-(O162/2)-(P162/2),"") | CZ162: =IF(G162=362,M162-(O162/2)-(P162/2),"") | DA162: =IF(G162=407,M162-(O162/2)-(P162/2),"") | DB162: =IF(G162=452,M162-(O162/2)-(P162/2),"") | DC162: =IF(G162=595.12,M162-(O162/2)-(P162/2),"") | DD162: =IF(G162=670,M162-(O162/2)-(P162/2),"") | DE162: =IF(G162=747,M162-(O162/2)-(P162/2),"") | DF162: =IF(G162=823.09,M162-(O162/2)-(P162/2),"") | DG162: =IF(G162=899.03,M162-(O162/2)-(P162/2),"") | DI162: =+IF(B162="S",B162,"N") -> S | DJ162: =+IF(DI162="S",E162,"") -> 29.53 | DK162: 5 | DL162: =IF(DI162="S",((((AA162+1)*6)/2)*0.7*DK162),"") -> 29.5575 | DM162: =IF(DI162="S",(ATAN(6/(AA162-1))*180/PI()),"") -> 82.264666 | DN162: =IF(DI162="S",(TAN(DM162*PI()/180)*(AA162-2)),"") -> -1.3619632 | DO162: =IF(DI162="S",(TAN(DM162*PI()/180)*(AA162-4)),"") -> -16.08589 | DP162: =IF(DI162="S",(IF(AA162<=2,((((AA162+1)*6)/2)*0.7*DK162),IF(AND(AA162>2,AA162<=4),((((AA162+1)*6)/2)*0.7*DK162)-(((AA162-2)*DN162)/2*0.7*DK162),IF(AND(AA162>4,AA162<=6),((((AA162+1)*6)/2)*0.7*DK162)-(((AA162-2)*DN162)/2*0.7*DK162),0)))),"") -> 29.5575 | DQ162: =IF(DI162="S",(IF(AND(AA162>2,AA162<=4),(((AA162-2)*DN162)/2*0.7*DK162),IF(AND(AA162>4,AA162<=6),(((AA162-2)*DN162)/2*0.7*DK162)-((AA162-4)*DO162/2*0.7*DK162),0))),"") -> 0 | DR162: =IF(DI162="S",(IF(AND(AA162>4,AA162<=6),((AA162-4)*DO162/2*0.7*DK162),IF(AA162<4,0,"REVISAR"))),"") -> 0 | DS162: =IF(DI162="S",(IF(AA162>1.5,(3*AA162*0.7*DK162*2),0)),"") -> 38.115 | DT162: =IF(DI162="S",(IF(AA162>1.5,(3*AA162*0.3*DK162*2),0)),"") -> 16.335 | DU162: =IF(B162="S",(IF(DI162="S",IF(G162=$DU$11,DK162,""),"")),"") | DV162: =IF(B162="S",(IF(DI162="S",IF(G162=$DV$11,DK162,""),"")),"") | DW162: =IF(B162="S",(IF(DI162="S",IF(G162=$DW$11,DK162,""),"")),"") -> 5 | DX162: =IF(B162="S",(IF(DI162="S",IF(G162=$DX$11,DK162,""),"")),"") | DY162: =IF(B162="S",(IF(DI162="S",IF(G162=$DY$11,DK162,""),"")),"") | DZ162: =IF(B162="S",(IF(DI162="S",IF(G162=$DZ$11,DK162,""),"")),"") | EA162: =IF(B162="S",(IF(DI162="S",IF(G162=$EA$11,DK162,""),"")),"") | EB162: =IF(B162="S",(IF(DI162="S",IF(G162=$EB$11,DK162,""),"")),"") | EC162: =IF(B162="S",0.95,"") -> 0.95 | EH162: =+IF(EC162=0.95,2+((ED162+EE162+EF162)-1),"") -> 1
A163: S | B163: =A163 -> S | C163: =IF(A163="S",'Cálculo_Diseño (2)'!C164," ") -> C241 | D163: =IF(A163="S",'Cálculo_Diseño (2)'!D164," ") -> C167 | E163: =IF(B163="S",'Cálculo_Diseño (2)'!AX164," ") -> 99.69 | F163: =IF(B163="S",'Cálculo_Diseño (2)'!BL164," ") -> 1.2548902 | G163: =IF(B163="S",'Cálculo_Diseño (2)'!AZ164," ") -> 452 | H163: =IF(B163="S",'Cálculo_Diseño (2)'!BB164," ") -> 983.258 | I163: =IF(B163="S",'Cálculo_Diseño (2)'!BC164," ") -> 982.352 | J163: =IF(B163="S",'Cálculo_Diseño (2)'!BH164," ") -> 981.498 | K163: =IF(B163="S",'Cálculo_Diseño (2)'!BI164," ") -> 980.247 | L163: =IF(B163="S",+$L$11,"") -> 1 | M163: =IF(B163="S",(E163^2+(J163-K163)^2)^0.5," ") -> 99.697849 | N163: =IF(AJ163="S",BK163+0.1,BK163) -> 1.1 | O163: =IF(B163="S",(IF(G163<=500,1.2,1.5)),"") -> 1.2 | P163: =IF(B163="S",(IF(G163<=500,1.2,1.5)),"") -> 1.2 | Q163: CONCRETO | R163: =+IF(B163="S",(IF(Q163="FLEXIBLE","S","N")),"") -> N | S163: =+IF(B163="S",(IF(Q163="ADOQUIN","S","N")),"") -> N | T163: =+IF(B163="S",(IF(Q163="CONCRETO","S","N")),"") -> S | U163: =IF(B163="S",(IF(R163="S",(((((H163-I163)^2)+(E163^2))^0.5)-CA163-CB163)*$U$11,0)),"") -> 0 | V163: =IF(B163="S",(IF(S163="S",(((((H163-I163)^2)+(E163^2))^0.5)-CA163-CB163)*$V$11,0)),"") -> 0 | W163: =IF(B163="S",(IF(T163="S",(((((H163-I163)^2)+(E163^2))^0.5)-CA163-CB163)*$W$11,0)),"") -> 98.494117 | X163: =IF(B163="S",(U163*(N163+0.2)*$X$11),"") -> 0 | Y163: =IF(B163="S",(V163*(N163+0.2)*$Y$11),"") -> 0 | Z163: =IF(B163="S",(W163*(N163+0.2)*$Z$11+IF(Q163="CONCRETO",PI()/4*0.2*(O163+0.2*2+0.1*2)^2)),"") -> 38.921644 | AA163: =IF(B163="S",(((H163-J163)+(I163-K163))/2+BM163),"") -> 2.0325 | AB163: =IF(B163="S",($AB$11),"") -> 10 | AC163: =IF(B163="S",(IF(CG163="","",(CG163*(AB163/100))*$I$527)),"") -> 20.346028 | AD163: =IF(B163="S",(IF(CH163="","",(CH163*AB163/100)*$I$527)),"") -> 2.7767022 | AE163: =IF(B163="S",(IF(CI163="","",(CI163*AB163/100)*$I$527)),"") | AF163: =IF(B163="S",(IF(CG163="","",(CG163*$I$527)-AC163)),"") -> 183.11425 | AG163: =IF(B163="S",(IF(CH163="","",(CH163*$I$527)-AD163)),"") -> 24.99032 | AH163: =IF(B163="S",(IF(CI163="","",(CI163*$I$527)-AE163)),"") | AI163: =IF(B163="S",((BY163*(L163/100))*1.1),"") -> 2.3356293 | AJ163: =IF(B163="S",(IF(AA163<1,"N","S")),"") -> S | AK163: =IF(B163="S",(IF(AJ163="S",(E163*AA163*0.7*2),0)),"") -> 283.6679 | AL163: =IF(B163="S",(IF(AJ163="S",(E163*AA163*0.3*2),0)),"") -> 121.57196 | AM163: =IF(B163="S",(IF(F163>20,N163*(M163/10)*AA163,0)),"") -> 0 | AN163: =IF(B163="S",((M163-0.4)*$AN$11),"") -> 0 | AO163: =IF(B163="S",((M163-0.4)*$AO$11),"") -> 0 | AP163: =IF(B163="S",((M163-(O163/2)-(P163/2))*$AP$11),"") -> 98.497849 | AQ163: =+SUM(AC163:AI163) -> 233.56293 | AR163: =+AT163+AU163+AZ163+BA163+BB163+BI163 -> 233.56293 | AS163: =IF(B163="S",((N163*(0.4+G163/1000))-((G163/1000)^2*PI()/4)),"") -> 0.77674001 | AT163: =IF(B163="S",(AS163*AP163)-IF(BI163>0,BI163,0),"") -> 76.507221 | AU163: =IF(B163="S",IF(Q163="NATURAL",0,(($AU$11*N163*AP163))),"") -> 43.339054 | AV163: =IF(B163="S",$AV$11,"") -> 30 | AW163: =IF(B163="S",(BY163*1.1-(AT163+BI163)-AU163-BB163-AX163-AY163),"") -> 97.720397 | AZ163: =IF(B163="S",((BY163*1.1-BB163-(AT163+BI163)-AU163-AX163-AY163)*AV163/100),"") -> 29.316119 | BA163: =IF(B163="S",(IF(AW163>AZ163,AW163-AZ163,0)),"") -> 68.404278 | BB163: =IF(B163="S",((((G163/1000)^2)/4*PI())*E163),"") -> 15.996256 | BC163: =IF(B163="S",(BY163*1.1-AZ163),"") -> 204.24681 | BD163: =IF(B163="S",(IF(O163=1.2,IF((H163-J163)<=1.2,H163-J163,H163-J163-0.95))),"") -> 0.81 | BE163: =IF(B163="S",(IF(O163=1.5,IF(H163-J163<=1,0,H163-J163-1))),"") -> FALSE | BF163: =IF(B163="S",(IF(O163<=0.8,IF(H163-J163<=1,0,H163-J163))),"") -> FALSE | BG163: =IF(B163="S",(IF(O163<=0.6,IF(H163-J163<=1,H163-J163,0))),"") -> FALSE | BH163: =IF(B163="S",(IF(BD163="","",IF(BD163="FALSO","",1))),"") -> 1 | BI163: =IF(B163="S",(IF(F163>=15,N163*((G163/1000)+0.3)*0.2,0)*(E163/5+1)),"") -> 0 | BJ163: =IF(B163="S",(BN163+BM163+0.3),"") -> 1.03 | BK163: =IF(B163="S",(VLOOKUP('Cálculo_Diseño (2)'!AY164,'TABLA (2)'!$H$102:'TABLA (2)'!$U$135,3)),"") -> 1 | BL163: =IF(B163="S",(VLOOKUP('Cálculo_Diseño (2)'!AY164,'TABLA (2)'!$H$102:'TABLA (2)'!$U$135,10)),"") -> 0.9 | BM163: =IF(B163="S",(VLOOKUP('Cálculo_Diseño (2)'!AY164,'TABLA (2)'!$H$102:'TABLA (2)'!$U$135,11)),"") -> 0.1 | BN163: =IF(B163="S",(VLOOKUP('Cálculo_Diseño (2)'!AY164,'TABLA (2)'!$H$102:'TABLA (2)'!$U$135,12)),"") -> 0.63 | BO163: =V163 -> 0 | BP163: =+IF(B163="S",(IF((1.8-AA163)>=0,AA163+0.2,2)),"") -> 2 | BQ163: =+IF(B163="S",(IF(BP163=2,IF((3.8-AA163)>=0,(AA163+0.2-2),2),0)),"") -> 0.2325 | BR163: =+IF(B163="S",(IF(BQ163=2,AA163+0.2-4,0)),"") -> 0 | BS163: =IF(B163="S",((N163*(0.3+BN163/2)-0.392699*BN163*BN163)*AO163),"") -> 0 | BU163: =IF(B163="S",((N163*(0.3+5*BN163/6)-0.699815*BN163*BN163)*AP163),"") -> 62.028373 | BV163: =IF(B163="S",(IF(BP163=0,"",(BP163)*(M163)*N163-(U163*$X$11+V163*$Y$11+W163*$Z$11)*N163)),"") -> 186.83221 | BW163: =IF(B163="S",(IF(BQ163=0,"",(M163)*BQ163*N163)),"") -> 25.497725 | BX163: =IF(B163="S",(IF(BR163=0,"",(M163)*BR163*N163)),"") | BY163: =IF(B163="S",((AA163+0.2)*N163*(M163)-(U163*$X$11+V163*$Y$11+W163*$Z$11)*N163),"") -> 212.32993 | BZ163: =IF(B163="S",((N163*(0.3+BN163/2)-0.392699*BN163*BN163)*AN163),"") -> 0 | CA163: =IF(B163="S",(IF(O163=1.2,(O163/2),IF(O163=0.8,O163/2,IF(O163=1.5,O163/2,IF(O163=0.6,O163/2,"IDIOT"))))),"") -> 0.6 | CB163: =IF(B163="S",(IF(P163=1.2,(P163/2),IF(P163=0.8,P163/2,IF(P163=1.5,P163/2,IF(P163=0.6,P163/2,"IDIOT"))))),"") -> 0.6 | CC163: =IF(B163="S",((BN163/2+0.1)*N163),"") -> 0.4565 | CD163: =IF(B163="S",((BN163/2+BN163/4)*N163),"") -> 0.51975 | CE163: =IF(B163="S",(0.392699*BN163*BN163),"") -> 0.15586223 | CF163: =+IF(B163="S",(IF(((H163-J163)-(G163/1000))<=0.9,"E1",IF(((H163-J163)-(G163/1000))<=2.5,"E2","E3"))),"") -> E2 | CG163: =IF(B163="S",(IF(BV163="","",BV163-(BV163*L163/100))),"") -> 184.96389 | CH163: =IF(B163="S",(IF(BW163="","",BW163-(BW163*L163/100))),"") -> 25.242748 | CI163: =IF(C163="S",(IF(BX163="","",BX163-(BX163*M163/100))),"") | CJ163: ='Cálculo_Diseño (2)'!BD164 -> 1.284 | CK163: =+IF(B163="S",(IF((CJ163+CU163)>2,2,CJ163+CU163)),"") -> 2 | CL163: =+IF(B163="S",(IF((CJ163+CU163)>4,2,IF(AND((CJ163+CU163)<=4,(CJ163+CU163)>=2),((CJ163+CU163)-CK163),0))),"") -> 0.568 | CM163: =+IF(B163="S",(IF((CJ163+CU163)>4,((CJ163+CU163)-(CK163+CL163)),0)),"") -> 0 | CN163: =IF(B163="S",IF((CJ163+CU163)<1.5,(ROUND(CJ163*PI()/4*(2.2)^2+CU163*(PI()/4*(2.2)^2 -PI()/4*(1.6)^2),2)),IF((CJ163+CU163)<=2,(ROUND(((PI()*2.2^2)/4)*0.95-(((1/3)*PI()*0.95*(0.45^2+0.7^2+0.45*0.7)))+(CJ163*PI()/4*(2.2)^2)+(((((CU163)-0.95)*PI()*2.2^2)/4))-((((CU163)-0.95)*PI()*1.6^2)/4),2)),IF((CJ163+CU163)>2,(ROUND(IF(CU163<2,((PI()*2.2^2)/4)*0.95-(((1/3)*PI()*0.95*(0.45^2+0.7^2+0.45*0.7)))+((CU163-0.95)*(PI()/4*(2.2)^2 -PI()/4*(1.6)^2))+(2-CU163)*PI()/4*(2.2)^2,((PI()*2.2^2)/4)*0.95-(((1/3)*PI()*0.95*(0.45^2+0.7^2+0.45*0.7)))+((2-0.95)*(PI()/4*(2.2)^2 -PI()/4*(1.6)^2))),2))))),"") -> 5.93 | CO163: =IF(B163="S",ROUND(IF(CL163<=0,0,IF(AND(CL163>0,CU163<=0),CL163*PI()/4*2.2^(2),IF(AND(CL163>0,CU163>=4),CL163*(PI()/4*2.2^2-PI()/4*1.6^2),IF(AND(CL163>0,CU163>2,CU163<4,CJ163>0),(CU163-2)*(PI()/4*2.2^(2)-PI()/4*1.6^(2))+IF((CU163+CJ163)>4,(4-CU163)*(PI()/4*2.2^(2)),(CJ163)*PI()/4*(2.2^2)),IF(AND(CL163>0,CU163<=2),(CL163*PI()/4*2.2^2)))))),2),"") -> 2.16 | CP163: =IF(B163="S",(ROUND(IF(CM163<=0,0,IF(AND(CM163>0,CU163<=0),CM163*PI()/4*2.2^(2),IF(AND(CM163>0,CU163>4,CJ163<=0),CM163*(PI()/4*2.2^2-PI()/4*1.6^2),IF(AND(CM163>0,CU163<=4),CM163*PI()/4*2.2^2)))),2)),"") -> 0 | CQ163: =IF(B163="S",IF(CK163>1.5,(2*PI()*(0.9)*(CJ163+CU163)),0),"") -> 14.521698 | CR163: =IF(B163="S",(ROUND(IF(CN163>0,CN163+CO163+CP163-CS163,0),2)),"") -> 2.58 | CS163: =IF(B163="S",(IF(CJ163=0,0,IF(AND((H163-J163)<1.5,CU163>0),ROUND(CU163*(PI()/4*(2.2)^2 -PI()/4*(1.6)^2),2),(ROUND(((PI()*2.2^2)/4)*0.95-(((1/3)*PI()*0.95*(0.45^2+0.7^2+0.45*0.7)))+(((((CJ163+CU163)-0.95)*PI()*2.2^2)/4))-((((CJ163+CU163)-0.95)*PI()*1.6^2)/4),2))))),"") -> 5.51 | CT163: =IF(B163="S",(IF(CN163>=0,IF(CN163+CO163+CP163=(CR163+CS163),"OK","VERIFICAR"),0)),"") -> OK | CU163: ='Cálculo_Diseño (2)'!BD164 -> 1.284 | CV163: =IF(G163=182,M163-(O163/2)-(P163/2),"") | CW163: =IF(G163=227,M163-(O163/2)-(P163/2),"") | CX163: =IF(G163=284,M163-(O163/2)-(P163/2),"") | CY163: =IF(G163=327,M163-(O163/2)-(P163/2),"") | CZ163: =IF(G163=362,M163-(O163/2)-(P163/2),"") | DA163: =IF(G163=407,M163-(O163/2)-(P163/2),"") | DB163: =IF(G163=452,M163-(O163/2)-(P163/2),"") -> 98.497849 | DC163: =IF(G163=595.12,M163-(O163/2)-(P163/2),"") | DD163: =IF(G163=670,M163-(O163/2)-(P163/2),"") | DE163: =IF(G163=747,M163-(O163/2)-(P163/2),"") | DF163: =IF(G163=823.09,M163-(O163/2)-(P163/2),"") | DG163: =IF(G163=899.03,M163-(O163/2)-(P163/2),"") | DI163: =+IF(B163="S",B163,"N") -> S | DJ163: =+IF(DI163="S",E163,"") -> 99.69 | DK163: 19 | DL163: =IF(DI163="S",((((AA163+1)*6)/2)*0.7*DK163),"") -> 120.99675 | DM163: =IF(DI163="S",(ATAN(6/(AA163-1))*180/PI()),"") -> 80.235981 | DN163: =IF(DI163="S",(TAN(DM163*PI()/180)*(AA163-2)),"") -> 0.18886199 | DO163: =IF(DI163="S",(TAN(DM163*PI()/180)*(AA163-4)),"") -> -11.433414 | DP163: =IF(DI163="S",(IF(AA163<=2,((((AA163+1)*6)/2)*0.7*DK163),IF(AND(AA163>2,AA163<=4),((((AA163+1)*6)/2)*0.7*DK163)-(((AA163-2)*DN163)/2*0.7*DK163),IF(AND(AA163>4,AA163<=6),((((AA163+1)*6)/2)*0.7*DK163)-(((AA163-2)*DN163)/2*0.7*DK163),0)))),"") -> 120.95593 | DQ163: =IF(DI163="S",(IF(AND(AA163>2,AA163<=4),(((AA163-2)*DN163)/2*0.7*DK163),IF(AND(AA163>4,AA163<=6),(((AA163-2)*DN163)/2*0.7*DK163)-((AA163-4)*DO163/2*0.7*DK163),0))),"") -> 0.040817797 | DR163: =IF(DI163="S",(IF(AND(AA163>4,AA163<=6),((AA163-4)*DO163/2*0.7*DK163),IF(AA163<4,0,"REVISAR"))),"") -> 0 | DS163: =IF(DI163="S",(IF(AA163>1.5,(3*AA163*0.7*DK163*2),0)),"") -> 162.1935 | DT163: =IF(DI163="S",(IF(AA163>1.5,(3*AA163*0.3*DK163*2),0)),"") -> 69.5115 | DU163: =IF(B163="S",(IF(DI163="S",IF(G163=$DU$11,DK163,""),"")),"") | DV163: =IF(B163="S",(IF(DI163="S",IF(G163=$DV$11,DK163,""),"")),"") | DW163: =IF(B163="S",(IF(DI163="S",IF(G163=$DW$11,DK163,""),"")),"") | DX163: =IF(B163="S",(IF(DI163="S",IF(G163=$DX$11,DK163,""),"")),"") | DY163: =IF(B163="S",(IF(DI163="S",IF(G163=$DY$11,DK163,""),"")),"") | DZ163: =IF(B163="S",(IF(DI163="S",IF(G163=$DZ$11,DK163,""),"")),"") | EA163: =IF(B163="S",(IF(DI163="S",IF(G163=$EA$11,DK163,""),"")),"") -> 19 | EB163: =IF(B163="S",(IF(DI163="S",IF(G163=$EB$11,DK163,""),"")),"") | EC163: =IF(B163="S",0.95,"") -> 0.95 | EH163: =+IF(EC163=0.95,2+((ED163+EE163+EF163)-1),"") -> 1
DS164: =IF(DI164="S",(IF(AA164>1.5,(3*AA164*0.7*DK164*2),0)),"") | DT164: =IF(DI164="S",(IF(AA164>1.5,(3*AA164*0.3*DK164*2),0)),"")
DS165: =IF(DI165="S",(IF(AA165>1.5,(3*AA165*0.7*DK165*2),0)),"") | DT165: =IF(DI165="S",(IF(AA165>1.5,(3*AA165*0.3*DK165*2),0)),"")
DS166: =IF(DI166="S",(IF(AA166>1.5,(3*AA166*0.7*DK166*2),0)),"") | DT166: =IF(DI166="S",(IF(AA166>1.5,(3*AA166*0.3*DK166*2),0)),"")
DS167: =IF(DI167="S",(IF(AA167>1.5,(3*AA167*0.7*DK167*2),0)),"") | DT167: =IF(DI167="S",(IF(AA167>1.5,(3*AA167*0.3*DK167*2),0)),"")
DS168: =IF(DI168="S",(IF(AA168>1.5,(3*AA168*0.7*DK168*2),0)),"") | DT168: =IF(DI168="S",(IF(AA168>1.5,(3*AA168*0.3*DK168*2),0)),"")
DS169: =IF(DI169="S",(IF(AA169>1.5,(3*AA169*0.7*DK169*2),0)),"") | DT169: =IF(DI169="S",(IF(AA169>1.5,(3*AA169*0.3*DK169*2),0)),"")
DS170: =IF(DI170="S",(IF(AA170>1.5,(3*AA170*0.7*DK170*2),0)),"") | DT170: =IF(DI170="S",(IF(AA170>1.5,(3*AA170*0.3*DK170*2),0)),"")
DS171: =IF(DI171="S",(IF(AA171>1.5,(3*AA171*0.7*DK171*2),0)),"") | DT171: =IF(DI171="S",(IF(AA171>1.5,(3*AA171*0.3*DK171*2),0)),"")
DS172: =IF(DI172="S",(IF(AA172>1.5,(3*AA172*0.7*DK172*2),0)),"") | DT172: =IF(DI172="S",(IF(AA172>1.5,(3*AA172*0.3*DK172*2),0)),"")
DS173: =IF(DI173="S",(IF(AA173>1.5,(3*AA173*0.7*DK173*2),0)),"") | DT173: =IF(DI173="S",(IF(AA173>1.5,(3*AA173*0.3*DK173*2),0)),"")
DS174: =IF(DI174="S",(IF(AA174>1.5,(3*AA174*0.7*DK174*2),0)),"") | DT174: =IF(DI174="S",(IF(AA174>1.5,(3*AA174*0.3*DK174*2),0)),"")
DS175: =IF(DI175="S",(IF(AA175>1.5,(3*AA175*0.7*DK175*2),0)),"") | DT175: =IF(DI175="S",(IF(AA175>1.5,(3*AA175*0.3*DK175*2),0)),"")
... DS227: =IF(DI227="S",(IF(AA227>1.5,(3*AA227*0.7*DK227*2),0)),"") | DT227: =IF(DI227="S",(IF(AA227>1.5,(3*AA227*0.3*DK227*2),0)),"")
